 Dungeon Crawl Stone Soup version 0.24.1-11-gbbbb2193e6 (webtiles) character file.

Game seed: 3798931065826263533, levelgen mode: deterministic

979549 lepoulpe303 the Intangible (level 27, -3/272 HPs)
             Began as a Deep Dwarf Fighter on May 6, 2020.
             Was the Champion of the Shining One.
             Killed from afar by a Hell Sentinel (28 damage)
             ... with damnation
             ... on level 7 of the Iron City of Dis on May 10, 2020.
             The game lasted 10:12:35 (76908 turns).

lepoulpe303 the Intangible (Deep Dwarf Fighter)    Turns: 76908, Time: 10:12:36

Health: -3/272     AC: 44    Str: 27      XL:     27
Magic:  0/24       EV: 23    Int: 13      God:    the Shining One [******]
Gold:   11221      SH: 36    Dex: 19 (21) Spells: 35/37 levels left

rFire    + + .     SeeInvis .   a - +7 broad axe (holy)
rCold    + + +     Gourm    .   u - +10 large shield of Ignorance {rN+ Int-4}
rNeg     + + +     Faith    .   T - +9 scales of the Dragon King {rPois rF+ rC+ MR+}
rPois    +         Spirit   +   x - +0 helmet "Hoosauti" {Regen+}
rElec    .         Reflect  .   K - scarf {Spirit}
rCorr    .         Harm     .   L - +2 pair of gloves {archery} {Ranged Slay+4}
MR       +++++     Clarity  +   O - +1 pair of boots {Stlth+} {Stlth+}
Stlth    +.........             Y - amulet "Suuq" {+Rage Int+2}
HPRegen  0.00/turn              v - ring of Grace {*Contam rPois rC+ Dex+6}
MPRegen  0.19/turn              J - ring of Foism {rPois rC+ Str+3 Slay+5}

@: non-regenerating, glowing, studying Staves
A: damage resistance, heal wounds, blurry vision 1, clarity, clever 1,
deterioration 2, fire resistance 1, low mp 1, negative energy resistance 1,
sense surroundings 3, poison resistance, shaggy fur 1, weak 1, MP-powered wands,
no regeneration
}: 8/15 runes: decaying, serpentine, slimy, silver, obsidian, icy, bone, abyssal
a: Heal Wounds, Divine Shield, Cleansing Flame, Summon Divine Warrior, Renounce
Religion, Evoke Berserk Rage


You were on level 7 of the Iron City of Dis.
You worshipped the Shining One.
The Shining One was exalted by your worship.
You were not hungry.

You visited 16 branches of the dungeon, and saw 82 of its levels.
You visited the Abyss 2 times.
You also visited: Ossuary, Bailey and Desolation.

You collected 13346 gold pieces.
You spent 2125 gold pieces at shops.

Inventory:

Hand Weapons
 a - a +7 broad axe of holy wrath (weapon)
 b - the +5 hand crossbow of Zagoidot {venom, +Fly Str+4 Int+4 Stlth-}
   (You took it off a vault warden on level 4 of the Vaults)

   It poisons the ammo it fires.
   It affects your strength (+4).
   It affects your intelligence (+4).
   It lets you fly.
   It makes you less stealthy.
Missiles
 P - 55 boomerangs (quivered)
 Q - 1677 bolts
Armour
 j - a +4 crystal plate armour
 u - the +10 large shield of Ignorance (worn) {rN+ Int-4}
   (You took it off a deep elf knight on level 3 of the Elven Halls)

   It affects your intelligence (-4).
   It protects you from negative energy.
 x - the +0 helmet "Hoosauti" (worn) {Regen+}
   (You found it on level 5 of the Vaults)

   It increases your rate of regeneration.
 K - a scarf of spirit shield (worn)
 L - a +2 pair of gloves of archery (worn) {Ranged Slay+4}
 O - a +1 pair of boots of stealth (worn) {Stlth+}
 T - the +9 scales of the Dragon King (worn) {rPois rF+ rC+ MR+}
   (You found it on level 5 of the Vaults)

   It protects you from fire.
   It protects you from cold.
   It protects you from poison.
   It affects your resistance to hostile enchantments.
Jewellery
 v - the ring of Grace (left hand) {*Contam rPois rC+ Dex+6}
   (You bought it in a shop on level 1 of the Vaults)

   [ring of protection from cold]

   It affects your dexterity (+6).
   It protects you from cold.
   It protects you from poison.
   It causes magical contamination when unequipped.
 C - an uncursed ring of resist corrosion
 E - a +3 ring of evasion
 F - an uncursed ring of protection from fire
 H - the ring of Aqusm {*Contam rPois Int+6 Dex+2 Stlth+}
   (You found it on level 5 of the Pits of Slime)

   [ring of poison resistance]

   It affects your intelligence (+6).
   It affects your dexterity (+2).
   It protects you from poison.
   It causes magical contamination when unequipped.
   It makes you more stealthy.
 J - the ring of Foism (right hand) {rPois rC+ Str+3 Slay+5}
   (You found it on level 2 of the Elven Halls)

   [ring of poison resistance]

   It affects your strength (+3).
   It affects your accuracy and damage with ranged weapons and melee attacks
   (+5).
   It protects you from cold.
   It protects you from poison.
 N - the amulet of the Middle {RegenMP +Inv, unknown}
   (You found it on level 7 of Tartarus)

   [amulet of magic regeneration]

   It increases your magic regeneration.
   It lets you turn invisible.
 S - an uncursed ring of see invisible
 V - an uncursed amulet of regeneration {unknown}
 W - the ring of Robustness {AC+8}
   (You took it off a yaktaur captain on level 5 of the Vaults)

   [ring of protection]

   It affects your AC (+8).
 Y - the amulet "Suuq" (around neck) {+Rage Int+2}
   (You found it in the Desolation of Salt)

   [amulet of rage]

   It affects your intelligence (+2).
   It lets you go berserk.
Wands
 o - a wand of clouds (12)
 D - a wand of iceblast (5)
 R - a wand of acid (48)
 X - a wand of scattershot (15)
 Z - a wand of paralysis (27)
Scrolls
 f - 7 scrolls of fog
 g - 7 scrolls of fear
 i - a scroll of identify
 p - 9 scrolls of immolation {!r}
 r - 5 scrolls of noise {!r}
 t - 19 scrolls of teleportation
 w - 16 scrolls of remove curse
 B - 12 scrolls of blinking {!r}
 I - a scroll of silence
 M - 7 scrolls of magic mapping {!r}
 U - a scroll of holy word {!r}
Potions
 d - 18 potions of might
 h - 17 potions of haste
 k - 10 potions of lignification {!q}
 l - 3 potions of heal wounds
 m - 6 potions of ambrosia
 n - 2 potions of resistance
 q - 12 potions of curing
 s - 8 potions of agility
 z - 9 potions of flight
 A - 4 potions of invisibility
 G - 3 potions of cancellation
Books
 c - a manual of Staves {!d}
Miscellaneous
 y - a fan of gales
Comestibles
 e - 62 rations


   Skills:
 + Level 20.8 Fighting
 - Level 16.0 Axes
 - Level 8.3 Crossbows
 + Level 23.9 Armour
 O Level 27 Dodging
 * Level 20.3 Stealth
 + Level 23.4 Shields
 - Level 5.7 Spellcasting
 - Level 5.0 Translocations
 O Level 27 Invocations
 - Level 24.1 Evocations


You had 35 spell levels left.
You knew the following spells:

 Your Spells              Type           Power        Failure   Level  Hunger
b - Blink                 Tloc           N/A          34%         2    ##.....

Your spell library contained the following spells:

 Spells                   Type           Power        Failure   Level  Hunger
 Apportation              Tloc           ###...       22%         1    None
 Gell's Gravitas          Tloc           ###.......   56%         3    ###....
 Lesser Beckoning         Tloc           ###.......   56%         3    ###....
 Teleport Other           Tloc           ###.....     56%         3    ###....
 Shroud of Golubria       Chrm/Tloc      ##....       67%         2    ##.....
 Animate Skeleton         Necr           N/A          87%         1    None
 Confusing Touch          Hex            #.....       87%         1    None
 Corona                   Hex            #......      87%         1    None
 Flame Tongue             Conj/Fire      #....        87%         1    None
 Freeze                   Ice            #...         87%         1    None
 Infusion                 Chrm           #...         87%         1    None
 Magic Dart               Conj           #...         87%         1    None
 Pain                     Necr           #...         87%         1    None
 Sandblast                Erth           #.....       87%         1    None
 Shock                    Conj/Air       #...         87%         1    None
 Sting                    Conj/Pois      #...         87%         1    None
 Summon Butterflies       Summ           #.......     87%         1    None
 Summon Small Mammal      Summ           #...         87%         1    None
 Portal Projectile        Hex/Tloc       ##....       88%         3    ###....
 Recall                   Summ/Tloc      N/A          88%         3    ###....
 Passage of Golubria      Tloc           N/A          92%         4    ####...
 Call Imp                 Summ           #.......     95%         2    ##.....
 Corpse Rot               Necr           N/A          95%         2    ##.....
 Ensorcelled Hibernation  Hex/Ice        #.....       95%         2    ##.....
 Passwall                 Tmut/Erth      #.......     95%         2    ##.....
 Poisonous Vapours        Pois/Air       #.....       95%         2    ##.....
 Slow                     Hex            #.......     95%         2    ##.....
 Song of Slaying          Chrm           #.......     95%         2    ##.....
 Sublimation of Blood     Necr           #.........   95%         2    ##.....
 Swiftness                Chrm/Air       #.......     95%         2    ##.....
 Throw Flame              Conj/Fire      #.....       95%         2    ##.....
 Throw Frost              Conj/Ice       #.....       95%         2    ##.....
 Call Canine Familiar     Summ           #.......     99%         3    ###....
 Confuse                  Hex            #.......     99%         3    ###....
 Conjure Flame            Conj/Fire      #.......     99%         3    ###....
 Dazzling Spray           Conj/Hex       #.....       99%         3    ###....
 Ignite Poison            Fire/Tmut/Pois #.......     99%         3    ###....
 Inner Flame              Hex/Fire       #.......     99%         3    ###....
 Mephitic Cloud           Conj/Pois/Air  #.......     99%         3    ###....
 Ozocubu's Armour         Chrm/Ice       #.......     99%         3    ###....
 Spectral Weapon          Hex/Chrm       #.......     99%         3    ###....
 Static Discharge         Conj/Air       #.......     99%         3    ###....
 Stone Arrow              Conj/Erth      #.....       99%         3    ###....
 Summon Guardian Golem    Hex/Summ       #.......     99%         3    ###....
 Tukima's Dance           Hex            #.......     99%         3    ###....
 Vampiric Draining        Necr           #.........   99%         3    ###....
 Force Lance              Conj/Tloc      ##......     99%         4    ####...
 Airstrike                Air            #.........   100%        4    ####...
 Animate Dead             Necr           N/A          100%        4    ####...
 Cause Fear               Hex            #.........   100%        4    ####...
 Fulminant Prism          Conj/Hex       #.........   100%        4    ####...
 Ice Form                 Ice/Tmut       #.......     100%        4    ####...
 Iskenderun's Mystic Bla  Conj           #.......     100%        4    ####...
 Leda's Liquefaction      Hex/Erth       #.........   100%        4    ####...
 Olgreb's Toxic Radiance  Pois           #.......     100%        4    ####...
 Petrify                  Tmut/Erth      #.......     100%        4    ####...
 Sticky Flame             Conj/Fire      #.......     100%        4    ####...
 Summon Ice Beast         Ice/Summ       #.......     100%        4    ####...
 Summon Lightning Spire   Summ/Air       #.......     100%        4    ####...
 Throw Icicle             Conj/Ice       #.......     100%        4    ####...
 Agony                    Necr           #.......     100%        5    ######.
 Alistair's Intoxication  Tmut/Pois      #.......     100%        5    ######.
 Bolt of Draining         Conj/Necr      #.........   100%        5    ######.
 Dispel Undead            Necr           #.......     100%        5    ######.
 Excruciating Wounds      Chrm/Necr      #.........   100%        5    ######.
 Fireball                 Conj/Fire      #.........   100%        5    ######.
 Irradiate                Conj/Tmut      #.........   100%        5    ######.
 Lee's Rapid Deconstruct  Erth           #.........   100%        5    ######.
 Lightning Bolt           Conj/Air       #.........   100%        5    ######.
 Metabolic Englaciation   Hex/Ice        #.........   100%        5    ######.
 Silence                  Hex/Air        #.........   100%        5    ######.
 Summon Demon             Summ           #.........   100%        5    ######.
 Summon Forest            Summ/Tloc      ##........   100%        5    ######.
 Summon Mana Viper        Hex/Summ       #.......     100%        5    ######.
 Venom Bolt               Conj/Pois      #.........   100%        5    ######.
 Yara's Violent Unravell  Hex/Tmut       #.........   100%        5    ######.
 Bolt of Cold             Conj/Ice       #.........   100%        6    #######
 Bolt of Fire             Conj/Fire      #.........   100%        6    #######
 Darkness                 Hex            #.........   100%        6    #######
 Dispersal                Tloc           ###.......   100%        6    #######
 Freezing Cloud           Conj/Ice/Air   #.........   100%        6    #######
 Hydra Form               Tmut           #.........   100%        6    #######
 Invisibility             Hex            #.......     100%        6    #######
 Ozocubu's Refrigeration  Ice            #.........   100%        6    #######
 Poison Arrow             Conj/Pois      #.........   100%        6    #######
 Simulacrum               Ice/Necr       #.........   100%        6    #######
 Orb of Destruction       Conj           #.........   100%        7    #######
 Summon Hydra             Summ           #.........   100%        7    #######
 Chain Lightning          Conj/Air       #.........   100%        8    #######
 Controlled Blink         Tloc           N/A          100%        8    #######
 Discord                  Hex            #.........   100%        8    #######
 Disjunction              Tloc           ###.......   100%        8    #######
 Ignition                 Fire           #.........   100%        8    #######
 Lehudib's Crystal Spear  Conj/Erth      #.........   100%        8    #######
 Fire Storm               Conj/Fire      #.........   100%        9    #######
 Glaciate                 Conj/Ice       #.........   100%        9    #######
 Shatter                  Erth           #.........   100%        9    #######
 Tornado                  Air            #.........   100%        9    #######
 Regeneration             Chrm/Necr      Unusable     N/A         3    N/A

Dungeon Overview and Level Annotations

Branches:
Dungeon (15/15)            Temple (1/1) D:7            Lair (6/6) D:9
  Swamp (4/4) Lair:3        Snake (4/4) Lair:4        Slime (5/5) Lair:6
    Orc (2/2) D:12            Elf (3/3) Orc:2        Vaults (5/5) D:13
  Crypt (3/3) Vaults:2       Tomb (0/3) Crypt:3      Depths (5/5) D:15
   Hell (visited)             Dis (7/7) Hell            Geh (7/7) Hell
    Coc (7/7) Hell            Tar (7/7) Hell            Zot (0/5) Depths:5
Ossuary (visited)          Bailey (visited)         Desolation (visited)

Altars:
Ashenzari
Cheibriados
Elyvilon
Hepliaklqana
Kikubaaqudgha
Makhleb
Nemelex Xobeh
Qazlal
Ru
Trog
Uskayaw
Xom
Yredelemnul
Zin
The Shining One
Jiyva

Shops:
D:5 (   Orc:2 ([*:   Elf:1 !   Elf:2 (   Snake:3 *?=(?   Vaults:1 *
Vaults:2 ?   Vaults:3 %   Vaults:5 }   Depths:5 *

Portals:
Hell: Lair:6 Depths:1 Depths:2 Depths:3 Depths:4 Depths:5
Abyss: Depths:4
Pandemonium: Depths:2 Depths:3
Ziggurat: Depths:3

Annotations:
D:11 2 transporters, Kendiley23's ghost, novice MiBe
D:15 3 runed translucent doors, Giaff's ghost, journeyman DsGl
Lair:1 exclusion: oklob plant
Vaults:4 8 runed translucent doors, corvin's ghost, veteran TrBe


Innate Abilities, Weirdness & Mutations

You are resistant to damage.
You can heal yourself by infusing magical energy.
You resist negative energy. (rN+)
You passively map a large area around you.
You do not regenerate.
Scrolls take you a little longer to read.
You possess an exceptional clarity of mind.
Your mind is acute. (Int +2)
Your body often deteriorates upon taking damage.
Your flesh is heat resistant. (rF+)
Your magical capacity is low. (-10% MP)
Your system is resistant to poisons. (rPois)
You are covered in fur. (AC +1)
You are weak. (Str -2)
You expend magic power (3 MP) to strengthen your wands.


Message History

You slash the Hell Sentinel!
The Hell Sentinel convulses.
The Hell Sentinel convulses!
You hit the Hell Sentinel.
The Hell Sentinel convulses.
You hit the Hell Sentinel but do no damage.
The Hell Sentinel gestures at you.
The sphere of damnation explodes!
The damnation engulfs you!
* * * LOW MAGIC WARNING * * *;
* * * LOW HITPOINT WARNING * * *
The damnation engulfs the Hell Sentinel.
The Hell Sentinel completely resists.
The damnation engulfs your daeva!!!
The damnation engulfs the Hell Sentinel.
The Hell Sentinel completely resists.
The Hell Sentinel gestures at your daeva.
The sphere of damnation explodes!
The damnation engulfs your daeva!!!
Your daeva dies!
The damnation engulfs the Hell Sentinel.
The Hell Sentinel completely resists.
The Hell Sentinel roars!
The damnation engulfs you!!
* * * LOW MAGIC WARNING * * *
You die...

..#...# , , , , ..#.#.# ,
, , * ..#...#* ,, * ,* .,
..#.#.#* , , '. ..#...#
,, , , '' ..#...# *, .#*
..#...# * * * * '#
..#...############''###.,
..#.............@1......
88#.....8.....8..1......
########################*


You could see 2 Hell Sentinels.

Levels and vault maps discovered:
D:1:      zelgadis_glass_arrival_small, layout_loops_ring
D:2:      layout_loops_ring, amethyst_overflow_temple_binary, minmay_rat_hole,
          uniq_robin
D:3:      layout_loops_ring, kennysheep_generic_room_7
D:4:      layout_loops_ring
D:5:      layout_basic, gammafunk_ghost_hive, serial_shops, shop_statue,
          first_ration, minmay_bent
D:6:      layout_basic, chequers_ossuary_entry_cave,
          hangedman_decor_clover_reticule, st_stairs_5, minmay_three_doors
D:7:      layout_loops_ring, temple_pool_b, basic_altar
D:8:      layout_loops_ring, uniq_prince_ribbit1
D:9:      layout_basic, erik_lair_dragon, grunt_ogre_cave,
          small_statue_intersection, nemelex_lonely_heart_becter
D:10:     hangedman_cross_stitches, layout_cave_pools, elyvilon_altar_3,
          uniq_erica, uniq_psyche
D:11:     layout_roguey, gammafunk_ghost_stat_death, lemuel_another_geyser
D:12:     layout_basic, david_orc_1_choice, minmay_circle_x, uniq_erolcha
D:13:     layout_stronghold, david_vaults_2, enter_bailey_3, uniq_azrael
D:14:     layout_cave_pools, minmay_misc_feat_nine_boxes
D:15:     gammafunk_enter_depths_forms, layout_irregular_city, zin_angel,
          serial_column_ruins, column_ruins_open_tiny,
          column_ruins_corridor_water, column_ruins_corridor_dead_end,
          column_ruins_columns_corner, column_ruins_open_small,
          gammafunk_ghost_hydra_chop
Temple:   regret_index_temple_chain_breaker
Lair:1:   layout_long_grid, grunt_megastairs_5, serial_bayou_shore_a,
          minmay_lair_oklob_chamber, lemuel_fruit_fields
Lair:2:   layout_hall_layers, lemuel_fruit_fields, uniq_fannar
Lair:3:   beast_lair_carwin_large_1, layout_regular_city,
          palyth_hydra_swamp_entry, minmay_stone_trees_medium,
          serial_bayou_shore_b
Lair:4:   layout_regular_city, dummy_snake_entry, serial_bayou,
          serial_bayou_lake_a, serial_bayou_pond_d, serial_bayou_pond_e,
          serial_bayou_ford_a, basic_altar
Lair:5:   layout_long_grid, minmay_lair_oklob_items, grunt_megastairs_4
Lair:6:   evil_forest, layout_regular_city, minmay_slime_entry_oklob_enclosed,
          lemuel_fruit_fields
Swamp:1:  layout_basic_swamp, serial_swamp_ruin, evilmike_swamp_ruin_house_3,
          evilmike_swamp_ruin_house_2, hangedman_swamp_ruin_wall, swamp_pool1,
          infiniplex_staircase_pool, uniq_nikola, uniq_donald
Swamp:2:  layout_falls_marsh, hangedman_swamp_pad, nicolae_swamp_necromancer_hut
Swamp:3:  layout_basic_swamp, evilmike_swamp_ruin_rubble_2
Swamp:4:  swamp, layout_basic_swamp
Snake:1:  layout_rooms, grunt_ministairs_7, hangedman_snake_thin_pillar_pass,
          lemuel_fruit_tree, serial_bayou_shore_b, grunt_megastairs_3
Snake:2:  layout_gridlike
Snake:3:  layout_rooms, serial_shops, shop_statue, shop, shop, shop,
          nicolae_shop_behind_doors, nicolae_snake_horde_hoard,
          serial_bayou_shore_b
Snake:4:  johnstein_snake_rune_scales, layout_onion_interference, basic_altar,
          uniq_vashnia, uniq_kirke
Slime:1:  layout_caves, cheibrodos_slime_lost_civilization_4
Slime:2:  layout_caves
Slime:3:  layout_caves
Slime:4:  layout_caves, cheibrodos_slime_lost_civilization_7
Slime:5
Orc:1:    layout_diamond_mine, nicolae_orc_sculptors_studio
Orc:2:    st_orc_congregation, layout_caves, nooodl_orcs_dogs
Elf:1:    layout_loops_cross, serial_shops, nicolae_shop_behind_doors,
          minmay_elf_necromancy, feat_on_display
Elf:2:    layout_loops_ring, gammafunk_ghost_cemetery,
          portal_desolation_entry_salt, serial_shops, shop, minivault_8
Elf:3:    minmay_elf_hall_x, layout_onion_city
Vaults:1: hangedman_vaults_variations, v_misc_19, nicolae_vaults_big_ls,
          nicolae_vaults_network_periphery, nicolae_vaults_network_s,
          hangedman_vaults_slice, vaults_dpeg_spiral,
          ontoclasm_vaults_loading_screen, v_rooms_1, vaults_dpeg_cross,
          nicolae_vaults_little_squares_6, layout_vaults_big_room, serial_shops,
          shop, uniq_saint_roka
Vaults:2: minmay_crypt_entry_simple_sparse, vaults_mumra_chevron,
          v_alt_pattern_4, vaults_room_stairs_pillars, hangedman_vaults_trim,
          v_rooms_3, vaults_mumra_minichess_inversion,
          hangedman_vaults_capsules, vaults_dpeg_encased_lava,
          layout_vaults_omnicross, serial_shops, shop
Vaults:3: vaults_dpeg_hooks, nicolae_vaults_alarming, hangedman_vaults_stagger,
          v_pattern_4, v_misc_30, nicolae_vaults_border_crossing,
          vaults_room_fours, layout_vaults_omnigrid, serial_shops,
          nicolae_shop_waterfront
Vaults:4: advil_vaults_ghost_lines, hangedman_vaults_unwind,
          nicolae_vaults_little_squares_2, v_misc_8, vaults_room_door_ring,
          nicolae_vaults_little_ls, vaults_standard_mumra_enter_the_diamond,
          vaults_room_door_ring, nicolae_vaults_little_squares_4,
          nicolae_vaults_minivaults, vaults_standard_mumra_x,
          nicolae_vaults_specimen_jars, hangedman_vaults_restitches,
          hangedman_vaults_impose, nicolae_vaults_ring_of_whatevers,
          layout_vaults_ring
Vaults:5: uniq_boris
Crypt:1:  layout_basic, uniq_khufu
Crypt:2:  layout_rooms
Crypt:3:  david_glass_crypt, layout_misc_corridors,
          nicolae_tomb_entry_grand_gallery, grunt_ministairs_14, uniq_mennas
Depths:1: layout_gridlike, fountainhead, pf_hell_entry_tar_river, st_stairs_1,
          kennysheep_generic_room_5
Depths:2: grunt_bruiser_brothers, layout_basic, hell_entry,
          minmay_misc_feat_diagonals, rand_demon_pan_entry_1,
          infiniplex_staircase_pool_2
Depths:3: little_maze_vault, layout_cave_shapes, enter_ziggurat_b,
          infiniplex_staircase_9_rooms, hellmouth_1, grunt_pan_entry_spiral,
          nicolae_ashenzari_panopticon
Depths:4: minmay_tri_box, layout_cave_shapes, abyss_entry_small_statue_room,
          infiniplex_staircase_hallway_doors, grunt_metal_band,
          reverse_door_vault
Depths:5: evilmike_zot_entry_castle, layout_gridlike, lemuel_crystal_altar,
          hell_entry, nicolae_elemental_shop
Hell
Dis:1:    layout_regular_city
Dis:2:    layout_regular_city
Dis:3:    layout_jigsaw
Dis:4:    layout_subdivisions, hangedman_player_shredder
Dis:5:    layout_chaotic_city
Dis:6:    layout_jigsaw
Dis:7:    dis_hangedman
Geh:1:    layout_gehenna_lava_caves
Geh:2:    layout_gehenna_lava_caves
Geh:3:    layout_gehenna_pools_basic, hangedman_elemental_corridor
Geh:4:    layout_gehenna_pools_triple
Geh:5:    layout_gehenna_pools_triple
Geh:6:    layout_gehenna_pools_triple
Geh:7:    evilmike_geh
Coc:1:    grunt_deathspiral_small, layout_ice_bergs
Coc:2:    layout_cocytus_water_paths
Coc:3:    layout_cocytus_water_paths
Coc:4:    layout_ice_bergs
Coc:5:    layout_ice_bergs
Coc:6:    layout_cocytus_delve
Coc:7:    coc_old
Tar:1:    layout_cathedral_of_symmetry
Tar:2:    layout_grid_maze
Tar:3:    layout_grid_maze, nicolae_tar_cuneiform_city
Tar:4:    layout_catacombs, nicolae_tar_fractal_crypt
Tar:5:    layout_cathedral_of_symmetry, nicolae_tar_cuneiform_bird,
          grunt_megastairs_1
Tar:6:    layout_catacombs
Tar:7:    tar_minmay_river

Notes
Turn   | Place    | Note
-------+----------+-------------------------------------------
     0 | D:1      | lepoulpe303 the Deep Dwarf Fighter began the quest for the
                  | Orb.
     0 | D:1      | Reached XP level 1. HP: 20/20 MP: 1/1
    84 | D:1      | Reached XP level 2. HP: 22/27 MP: 2/2
    90 | D:1      | Identified a +0 short sword
   335 | D:1      | Identified a +0 club
   571 | D:1      | Identified a +0 club
   645 | D:1      | Identified a +0 club
   722 | D:2      | Reached XP level 3. HP: 23/33 MP: 3/3
   726 | D:2      | Identified a +0 club
   773 | D:2      | Reached skill level 3 in Fighting
   773 | D:2      | Reached skill level 3 in Axes
   785 | D:2      | Found a white marble altar of Elyvilon.
   792 | D:2      | Found a hide-covered altar of Uskayaw.
   929 | D:2      | Identified a +0 dagger
  1137 | D:2      | HP: 3/34 [worm (7)]
  1376 | D:2      | Identified a +0 mace
  1376 | D:2      | Identified a +0 animal skin
  1376 | D:2      | Identified a +0 helmet
  1376 | D:2      | Noticed Robin
  1376 | D:2      | Identified a +0 dagger
  1376 | D:2      | Identified a +0 club
  1376 | D:2      | Identified a +0 dagger
  1379 | D:2      | Identified a +0 club
  1381 | D:2      | Identified a +0 club
  1383 | D:2      | Identified a +0 club
  1390 | D:2      | Killed Robin
  1390 | D:2      | Reached XP level 4. HP: 33/42 MP: 4/4
  1437 | D:2      | Identified a +0 club
  1690 | D:3      | Identified a cursed -3 club
  1727 | D:3      | Identified a +0 short sword
  1823 | D:3      | Identified a +0 dagger
  1868 | D:3      | Identified 4 scrolls of identify
  1868 | D:3      | Identified a ring of protection from cold (You found it on
                  | level 3 of the Dungeon)
  1869 | D:3      | Identified a ring of protection (You found it on level 2 of
                  | the Dungeon)
  1962 | D:3      | Identified an uncursed ring of wizardry
  2341 | D:3      | Reached skill level 4 in Shields
  2415 | D:4      | Reached skill level 4 in Armour
  2451 | D:4      | Identified a +0 flail
  2576 | D:4      | HP: 10/42 [water moccasin skeleton (3)]
  2578 | D:4      | Reached skill level 4 in Axes
  2578 | D:4      | Reached XP level 5. HP: 11/49 MP: 5/5
  2867 | D:4      | Noticed a phantom
  2903 | D:5      | Entered Level 5 of the Dungeon
  2932 | D:5      | Found Fekkup's Weapon Shop.
  2963 | D:5      | Bought a +1 hand crossbow of freezing for 172 gold pieces
  3041 | D:3      | Identified a +0 war axe
  3203 | D:5      | Noticed a hornet
  3209 | D:5      | Identified a +0 flail
  3209 | D:5      | Identified a cursed -3 club
  3212 | D:5      | Identified a +0 dagger
  3212 | D:5      | Identified a +0 robe
  3212 | D:5      | Noticed yogakurto's ghost (novice HuTm)
  3223 | D:5      | Identified a +0 club
  3224 | D:5      | Reached XP level 6. HP: 20/57 MP: 6/6
  3242 | D:5      | Identified a +0 dagger
  3255 | D:5      | Identified a +0 giant club
  3259 | D:5      | Found a transporter.
  3262 | D:5      | Reached skill level 5 in Axes
  3262 | D:5      | Reached skill level 1 in Crossbows
  3309 | D:5      | Found a transporter.
  3327 | D:5      | Noticed a sky beast
  3338 | D:5      | Reached skill level 4 in Fighting
  3354 | D:5      | Killed a sky beast
  3354 | D:5      | Reached XP level 7. HP: 27/64 MP: 7/7
  3639 | D:5      | Identified an amulet of rage (You found it on level 5 of
                  | the Dungeon)
  3641 | D:5      | Identified 3 scrolls of random uselessness
  3642 | D:5      | Identified 3 scrolls of enchant weapon
  3643 | D:5      | Identified 3 scrolls of teleportation
  3937 | D:5      | Reached skill level 2 in Crossbows
  3950 | D:5      | Identified a +0 hand axe
  3950 | D:5      | Identified a +0 chain mail
  3950 | D:5      | Identified a +0 dagger
  3950 | D:5      | Identified a +0 robe
  3950 | D:5      | Identified a +0 dagger
  3950 | D:5      | Identified a +0 robe
  3960 | D:5      | HP: 20/96 [orc warrior/+0 hand axe (9)]
  3965 | D:5      | Reached skill level 6 in Axes
  3965 | D:5      | Reached skill level 5 in Armour
  3965 | D:5      | Reached skill level 5 in Shields
  4153 | D:5      | Identified a +0 shortbow
  4315 | D:6      | Reached XP level 8. HP: 34/73 MP: 8/8
  4347 | D:6      | Found a sand-covered staircase.
  4354 | Ossuary  | Entered an ossuary
  4597 | Ossuary  | Reached skill level 3 in Crossbows
  4742 | Ossuary  | Reached skill level 7 in Axes
  4815 | D:6      | Identified a +0 dagger
  4815 | D:6      | Identified a +0 robe
  4817 | D:6      | Identified a +0 leather armour
  4824 | D:6      | Reached skill level 5 in Fighting
  4824 | D:6      | HP: 10/74 [orc wizard/magic dart (10)]
  4830 | D:6      | Identified 7 potions of curing
  4830 | D:6      | HP: 12/74 [orc wizard/magic dart (4)]
  4835 | D:6      | HP: 10/74 [orc wizard/+0 dagger (1)]
  4857 | D:6      | Identified a +0 ring mail
  4900 | D:6      | Reached skill level 6 in Armour
  4900 | D:6      | Reached skill level 1 in Evocations
  4906 | D:6      | HP: 14/74 [yak (11)]
  4909 | D:6      | HP: 5/74 [yak (9)]
  4914 | D:6      | Reached skill level 4 in Crossbows
  4914 | D:6      | Reached skill level 6 in Shields
  4916 | D:6      | HP: 17/74 [yak (6)]
  4922 | D:6      | Gained mutation: You passively map the area around you.
                  | [Deep Dwarf growth]
  4922 | D:6      | Reached XP level 9. HP: 15/81 MP: 10/10
  4923 | D:6      | HP: 6/81 [yak (9)]
  4936 | D:6      | HP: 20/81 [yak (5)]
  4941 | D:6      | HP: 5/81 [yak (8)]
  4945 | D:6      | Reached skill level 8 in Axes
  4945 | D:6      | Reached skill level 2 in Evocations
  4946 | D:6      | HP: 19/81 [yak (5)]
  4949 | D:6      | Identified a +0 dagger
  4949 | D:6      | Identified a +0 robe
  4958 | D:6      | Identified a +0 falchion
  4958 | D:6      | Identified a +0 leather armour
  5021 | D:6      | Identified a +0 club
  5026 | D:6      | HP: 14/81 [water moccasin (3)]
  5061 | D:6      | Identified a +0 dagger
  5061 | D:6      | Identified a +0 robe
  5061 | D:6      | Noticed a kobold demonologist
  5072 | D:6      | HP: 20/81 [crimson imp (1)]
  5073 | D:6      | Killed a kobold demonologist
  5073 | D:6      | Reached skill level 3 in Evocations
  5137 | D:6      | HP: 19/81 [leopard gecko skeleton (1)]
  5305 | D:6      | Identified 3 scrolls of remove curse
  5307 | D:6      | Identified a ring of see invisible (You found it on level 6
                  | of the Dungeon)
  5309 | D:6      | Identified a ring of fire (You found it on level 4 of the
                  | Dungeon)
  5474 | D:7      | Found a staircase to the Ecumenical Temple.
  5507 | Temple   | Entered the Ecumenical Temple
  5522 | Temple   | Became a worshipper of Makhleb the Destroyer
  5590 | D:7      | Found a burning altar of Makhleb.
  5629 | D:7      | Identified a +0 giant club
  5945 | D:7      | Reached skill level 1 in Invocations
  5994 | D:8      | Reached skill level 5 in Crossbows
  6019 | D:8      | HP: 15/82 [sky beast (4)]
  6024 | D:8      | HP: 13/82 [sky beast (2)]
  6026 | D:8      | HP: 5/82 [sky beast (4)]
  6048 | D:8      | Reached skill level 2 in Invocations
  6143 | D:8      | Reached skill level 9 in Axes
  6143 | D:8      | Reached skill level 3 in Invocations
  6143 | D:8      | Reached skill level 4 in Evocations
  6162 | D:8      | Identified a +0 dagger
  6170 | D:8      | HP: 20/82 [killer bee (4)]
  6182 | D:8      | Reached skill level 7 in Shields
  6182 | D:8      | HP: 18/82 [killer bee (5)]
  6185 | D:8      | HP: 8/82 [killer bee (3)]
  6196 | D:8      | HP: 9/82 [bullfrog (2)]
  6201 | D:8      | Reached XP level 10. HP: 38/91 MP: 11/11
  6203 | D:8      | Identified a +0 dagger
  6206 | D:8      | Identified a +0 mace
  6208 | D:8      | Identified a +0 short sword
  6208 | D:8      | Identified a +0 leather armour
  6324 | D:8      | You fall into a shaft and drop 2 floors!
  6324 | D:10     | Entered Level 10 of the Dungeon
  6355 | D:10     | Reached skill level 7 in Armour
  6366 | D:10     | Identified a +0 club
  6373 | D:10     | Identified a +0 flail
  6373 | D:10     | Identified a +0 leather armour
  6377 | D:10     | Identified a +0 club
  6378 | D:10     | Identified a +0 dagger
  6378 | D:10     | Identified a cursed +0 robe
  6379 | D:10     | Reached * piety under Makhleb
  6379 | D:10     | Identified a +0 dagger
  6379 | D:10     | Identified a +0 leather armour
  6381 | D:10     | Identified a +0 hand axe
  6382 | D:10     | Identified a +0 spear
  6385 | D:10     | Identified a +0 club
  6386 | D:10     | Identified a +0 flail
  6387 | D:10     | Identified a +0 club
  6415 | D:10     | Identified a +0 cloak of invisibility (You found it on
                  | level 10 of the Dungeon)
  6454 | D:10     | Identified a +0 flail
  6454 | D:10     | Identified a +0 plate armour
  6459 | D:10     | Identified a +0 club
  6460 | D:10     | Identified a +0 dagger
  6460 | D:10     | Identified a +0 robe
  6461 | D:10     | Identified a +0 mace
  6462 | D:10     | Identified a +0 war axe
  6462 | D:10     | Identified a +0 robe
  6470 | D:9      | Reached skill level 6 in Fighting
  6561 | D:9      | Reached skill level 4 in Invocations
  6565 | D:9      | HP: 15/91 [acid (9)]
  6587 | D:9      | HP: 3/91 [basilisk (12)]
  6758 | D:9      | Identified 7 potions of heal wounds
  6759 | D:9      | Identified 5 potions of haste
  6924 | D:8      | Identified a +0 giant club
  6973 | D:8      | Noticed Prince Ribbit
  6979 | D:8      | Killed Prince Ribbit
  6979 | D:8      | Reached skill level 5 in Invocations
  7034 | D:8      | HP: 20/91 [water moccasin (4)]
  7348 | D:9      | Identified a +0 war axe
  7348 | D:9      | Identified a +0 ring mail
  7348 | D:9      | Identified a +0 chain mail
  7348 | D:9      | Identified a +0 hand axe
  7472 | D:9      | Identified a +0 whip
  7472 | D:9      | Identified a +0 leather armour
  7472 | D:9      | Identified a cursed +0 club
  7472 | D:9      | Identified a +0 whip
  7476 | D:9      | Identified a +0 spear
  7599 | D:9      | Reached skill level 5 in Evocations
  7608 | D:9      | Identified a +0 flail
  7608 | D:9      | Identified a +0 dagger
  7608 | D:9      | Identified a +0 ring mail
  7610 | D:9      | Identified a +0 shortbow
  7610 | D:9      | Identified a +0 dagger
  7610 | D:9      | Identified a +0 robe
  7612 | D:9      | Identified a +0 hand axe
  7630 | D:9      | Reached ** piety under Makhleb
  7659 | D:9      | Identified a cursed +0 giant club
  7690 | D:9      | Found a sparkling altar of Nemelex Xobeh.
  7900 | D:9      | Found a staircase to the Lair.
  8018 | D:9      | Identified a +1 flail of crushing (You found it on level 9
                  | of the Dungeon)
  8168 | D:9      | Identified 4 potions of agility
  8169 | D:9      | Identified 3 potions of mutation
  8170 | D:9      | Gained mutation: You are agile. (Dex +2) [potion of
                  | mutation]
  8170 | D:9      | Gained mutation: You expend magic power (3 MP) to
                  | strengthen your wands. [potion of mutation]
  8170 | D:9      | Gained mutation: Your muscles are strong. (Str +2) [potion
                  | of mutation]
  8170 | D:9      | Gained mutation: You are partially covered in large bone
                  | plates. (SH +4) [potion of mutation]
  8174 | D:9      | Identified 4 scrolls of magic mapping
  8178 | D:9      | Identified a ring of teleportation (You found it on level 8
                  | of the Dungeon)
  8185 | Lair:1   | Entered Level 1 of the Lair of Beasts
  8275 | Lair:1   | Reached skill level 6 in Crossbows
  8300 | Lair:1   | HP: 22/92 [crocodile (1)]
  8305 | Lair:1   | HP: 16/92 [crocodile (3)]
  8347 | Lair:1   | Noticed a spiny frog
  8357 | Lair:1   | Killed a spiny frog
  8357 | Lair:1   | Reached skill level 10 in Axes
  8357 | Lair:1   | Reached skill level 6 in Invocations
  8572 | D:10     | Identified a +3 dagger of chaos
  8572 | D:10     | Identified a +2 robe of magic resistance
  8572 | D:10     | Noticed Psyche
  8608 | D:10     | Killed Psyche
  8641 | D:10     | Reached XP level 11. HP: 65/99 MP: 13/13
  8644 | D:10     | Noticed an unseen horror
  8660 | D:10     | Killed an unseen horror
  8702 | D:10     | Identified a +0 dire flail
  8702 | D:10     | Identified a cursed +0 plate armour
  8794 | D:10     | Reached skill level 7 in Invocations
  8956 | D:10     | Found a white marble altar of Elyvilon.
  9021 | D:10     | Reached skill level 8 in Shields
  9149 | D:10     | Identified 4 scrolls of immolation
  9150 | D:10     | Identified 3 scrolls of amnesia
  9151 | D:10     | Identified 3 scrolls of fear
  9152 | D:10     | Identified 3 scrolls of noise
  9153 | D:10     | Identified 3 scrolls of blinking
  9154 | D:10     | Identified 3 scrolls of enchant armour
  9221 | D:9      | Identified 5 potions of flight
  9234 | Lair:1   | Reached skill level 6 in Evocations
  9306 | Lair:1   | Identified a +0 war axe of flaming (You found it on level 1
                  | of the Lair of Beasts)
  9544 | Lair:1   | Reached skill level 8 in Armour
  9731 | Lair:1   | Noticed an oklob plant
  9874 | Lair:2   | Noticed a five-headed hydra
  9880 | Lair:2   | Killed a five-headed hydra
  9880 | Lair:2   | Reached *** piety under Makhleb
  9923 | Lair:2   | HP: 19/98 [blink frog (12)]
  9926 | Lair:2   | Reached skill level 8 in Invocations
  9927 | Lair:2   | HP: 5/98 [blink frog (12)]
  9941 | Lair:2   | HP: 23/99 [blink frog (8)]
  9948 | Lair:2   | Reached skill level 7 in Fighting
 10000 | Lair:2   | Identified a +0 quarterstaff of freezing
 10000 | Lair:2   | Identified a +2 robe of cold resistance
 10000 | Lair:2   | Identified an uncursed ring of ice
 10000 | Lair:2   | Noticed Fannar
 10110 | Lair:2   | Got a polished morningstar
 10115 | Lair:2   | Identified the cursed +3 morningstar "Beastslayer" {flame,
                  | rElec} (You found it on level 2 of the Lair of Beasts)
 10134 | Lair:2   | Reached skill level 11 in Axes
 10134 | Lair:2   | Reached skill level 7 in Crossbows
 10313 | Lair:2   | Reached skill level 7 in Evocations
 10319 | Lair:2   | HP: 24/100 [blink frog (7)]
 10324 | Lair:2   | HP: 20/100 [blink frog (7)]
 10326 | Lair:2   | Reached skill level 9 in Invocations
 10409 | Lair:2   | Killed Fannar
 10409 | Lair:2   | Reached XP level 12. HP: 79/109 MP: 15/15
 11046 | Lair:3   | Noticed a six-headed hydra
 11051 | Lair:3   | Killed a six-headed hydra
 11051 | Lair:3   | Reached **** piety under Makhleb
 11096 | Lair:3   | HP: 15/109 [swamp worm (16)]
 11130 | Lair:3   | Found a staircase to the Swamp.
 11130 | Lair:3   | HP: 22/109 [some deep water collision (12)]
 11131 | Lair:3   | Noticed a four-headed hydra
 11135 | Lair:3   | HP: 27/109 [four-headed hydra (8)]
 11140 | Lair:3   | Killed a one-headed hydra
 11140 | Lair:3   | Reached skill level 9 in Shields
 11275 | Lair:3   | Reached skill level 10 in Invocations
 11338 | Lair:3   | Reached skill level 9 in Armour
 11422 | Lair:3   | Noticed a five-headed hydra
 11431 | Lair:3   | Killed a three-headed hydra
 11837 | Lair:4   | Found a staircase to the Snake Pit.
 11913 | Lair:4   | Reached skill level 12 in Axes
 11921 | Lair:4   | Reached skill level 8 in Evocations
 12146 | Lair:4   | Reached skill level 8 in Crossbows
 12201 | Lair:4   | Found a sparkling altar of Nemelex Xobeh.
 12865 | Lair:5   | Identified a ring of evasion (You found it on level 5 of
                  | the Lair of Beasts)
 12866 | Lair:5   | Identified 2 potions of invisibility
 12867 | Lair:5   | Identified 3 scrolls of fog
 12872 | Lair:5   | Identified a ring of resist corrosion (You found it on
                  | level 5 of the Lair of Beasts)
 13056 | Lair:5   | Reached ***** piety under Makhleb
 13484 | Lair:5   | Reached skill level 8 in Fighting
 13484 | Lair:5   | Reached skill level 11 in Invocations
 13487 | Lair:5   | Identified a +6 vampiric war axe (You found it on level 5
                  | of the Lair of Beasts)
 13510 | Lair:6   | Entered Level 6 of the Lair of Beasts
 13520 | Lair:6   | Reached XP level 13. HP: 117/117 MP: 18/18
 13632 | D:9      | Identified 2 potions of lignification
 14093 | Lair:6   | Reached skill level 9 in Evocations
 14245 | Lair:6   | Found a staircase to the Slime Pits.
 14312 | Lair:6   | Noticed a dire elephant
 14333 | Lair:6   | Killed a dire elephant
 14380 | Lair:6   | Reached skill level 13 in Axes
 14380 | Lair:6   | Reached skill level 10 in Shields
 14462 | Lair:6   | Reached skill level 12 in Invocations
 14516 | Lair:6   | Identified a +0 dagger
 14516 | Lair:6   | Identified a +0 robe
 14530 | Lair:6   | Found a burning altar of Makhleb.
 14538 | Lair:6   | Identified a +4 trident
 14568 | Lair:6   | Identified a +2 trident of piercing
 14568 | Lair:6   | Identified a +0 trident
 14575 | Lair:6   | Reached skill level 10 in Armour
 14986 | Lair:6   | HP: 26/118 [smoke demon/divine providence (8)]
 15046 | Lair:6   | Found a gateway to Hell.
 15053 | Lair:6   | Identified Caph's Advanced Steps in Sorcery
 15208 | Lair:6   | Identified a +2 scale mail of poison resistance (You found
                  | it on level 6 of the Lair of Beasts)
 15418 | D:11     | Identified a +0 giant club
 15418 | D:11     | Identified a +0 giant spiked club
 15537 | D:11     | Found a transporter.
 15538 | D:11     | Noticed Kendiley23's ghost (novice MiBe)
 15592 | D:11     | Found a transporter.
 15630 | D:11     | Identified a +3 war axe of freezing
 15630 | D:11     | Identified a +0 robe
 15630 | D:11     | Identified a +0 trident
 15630 | D:11     | Identified a +0 robe
 15633 | D:11     | Identified a +3 scimitar of freezing
 15633 | D:11     | Identified a +0 robe
 15634 | D:11     | Identified a +0 morningstar
 15634 | D:11     | Identified a +0 robe
 15818 | D:11     | Identified an amulet of harm (You found it on level 11 of
                  | the Dungeon)
 15931 | D:11     | Identified a ring of protection from fire (You found it on
                  | level 6 of the Lair of Beasts)
 16026 | D:9      | Identified 2 potions of berserk rage
 16320 | D:12     | Identified a +0 mace
 16320 | D:12     | Identified a +0 plate armour
 16351 | D:12     | Found a staircase to the Orcish Mines.
 16365 | D:12     | Identified a +0 flail
 16365 | D:12     | Identified a +0 plate armour
 16365 | D:12     | Identified a +0 trident
 16365 | D:12     | Identified a +0 chain mail
 16366 | D:12     | Identified a +0 leather armour
 16405 | D:12     | Identified a cursed -3 whip
 16406 | D:12     | Identified a +0 long sword of protection
 16406 | D:12     | Identified a +0 plate armour
 16407 | D:12     | Identified a +0 mace
 16407 | D:12     | Identified a cursed +0 plate armour
 16407 | D:12     | Identified a +0 mace
 16407 | D:12     | Identified a +0 scale mail
 16408 | D:12     | Identified a +0 dagger
 16410 | D:12     | Identified a +0 trident
 16410 | D:12     | Identified a +0 chain mail
 16487 | D:12     | Identified a +6 giant spiked club
 16487 | D:12     | Identified a +0 robe
 16487 | D:12     | Noticed Erolcha
 16497 | D:12     | Killed Erolcha
 16507 | D:12     | Identified a +0 short sword
 16507 | D:12     | Identified a +0 ring mail
 16507 | D:12     | Identified a +0 mace
 16909 | D:12     | Identified a +0 short sword
 16909 | D:12     | Identified a +0 chain mail
 16916 | D:12     | Gained mutation: You resist negative energy. (rN+) [Deep
                  | Dwarf growth]
 16916 | D:12     | Reached XP level 14. HP: 127/127 MP: 20/20
 16919 | D:12     | Identified a +0 hand axe
 16936 | D:12     | Identified 3 potions of ambrosia
 16937 | D:12     | Identified 2 potions of magic
 17066 | Orc:1    | Entered Level 1 of the Orcish Mines
 17071 | Orc:1    | Identified a +0 war axe
 17071 | Orc:1    | Identified a +0 dagger
 17071 | Orc:1    | Identified a +0 robe
 17072 | Orc:1    | Identified a +0 flail
 17072 | Orc:1    | Identified a +0 ring mail
 17074 | Orc:1    | Identified a +0 mace
 17074 | Orc:1    | Identified a +0 scale mail of magic resistance
 17075 | Orc:1    | Identified a cursed -1 leather armour
 17076 | Orc:1    | Identified a +0 mace
 17076 | Orc:1    | Identified a +0 chain mail
 17076 | Orc:1    | Identified a +0 flail
 17076 | Orc:1    | Identified a +0 plate armour
 17076 | Orc:1    | Identified a +0 morningstar of pain
 17076 | Orc:1    | Identified a +4 chain mail
 17077 | Orc:1    | Identified a +0 mace
 17077 | Orc:1    | Identified a +0 dagger
 17077 | Orc:1    | Identified a +0 robe
 17078 | Orc:1    | Identified a +0 mace
 17096 | Orc:1    | Identified a +0 halberd
 17096 | Orc:1    | Identified a +0 chain mail
 17099 | Orc:1    | Identified a +0 club
 17100 | Orc:1    | Identified a +0 mace
 17100 | Orc:1    | Identified a +0 leather armour
 17227 | D:9      | Identified a potion of degeneration
 17229 | D:9      | Identified a potion of cancellation
 17293 | D:10     | Identified a +0 trident
 17297 | D:10     | Identified a +3 scimitar of flaming
 17297 | D:10     | Identified a +0 robe
 17297 | D:10     | Noticed Erica
 17308 | D:10     | Killed Erica
 17376 | Orc:1    | Identified a +0 giant club
 17500 | Orc:1    | Identified a +0 dagger
 17500 | Orc:1    | Identified a cursed +0 robe
 17500 | Orc:1    | Identified a +0 dagger
 17500 | Orc:1    | Identified a +0 whip
 17503 | Orc:1    | Identified a cursed -1 morningstar
 17598 | Orc:1    | Identified a +0 dagger
 17598 | Orc:1    | Identified a +2 robe of resistance
 17608 | Orc:1    | Reached skill level 13 in Invocations
 17612 | Orc:1    | Identified a +0 whip
 17612 | Orc:1    | Identified a +0 leather armour
 17625 | Orc:1    | Identified a +0 halberd
 17625 | Orc:1    | Identified a +0 chain mail
 17625 | Orc:1    | Identified a +0 club
 17625 | Orc:1    | Identified a +0 leather armour
 17625 | Orc:1    | Identified a +3 flail
 17729 | Orc:2    | Entered Level 2 of the Orcish Mines
 17729 | Orc:2    | Identified a +0 short sword
 17729 | Orc:2    | Identified a +0 plate armour
 17729 | Orc:2    | Identified a +0 short sword
 17729 | Orc:2    | Identified a cursed -2 ring mail
 17729 | Orc:2    | Identified a +0 trident
 17729 | Orc:2    | Identified a +0 scale mail
 17733 | Orc:2    | Identified a +0 short sword
 17733 | Orc:2    | Identified a +0 scale mail
 17733 | Orc:2    | Identified a +0 short sword
 17734 | Orc:2    | Reached ****** piety under Makhleb
 17734 | Orc:2    | Identified a +0 dagger
 17739 | Orc:2    | Identified a +0 trident
 17739 | Orc:2    | Identified a +0 chain mail
 17739 | Orc:2    | Identified a +3 leather armour
 17739 | Orc:2    | Identified a +0 short sword
 17739 | Orc:2    | Identified a cursed +0 short sword
 17739 | Orc:2    | Identified a +0 plate armour
 17742 | Orc:2    | Identified a +0 mace
 17742 | Orc:2    | Identified a +0 leather armour
 17744 | Orc:2    | Identified a +0 great sword
 17744 | Orc:2    | Identified a cursed +0 chain mail
 17745 | Orc:2    | Identified a +0 falchion
 17751 | Orc:2    | Identified a +0 club
 17751 | Orc:2    | Identified a +0 leather armour
 17762 | Orc:2    | Reached skill level 10 in Evocations
 17767 | Orc:2    | Reached skill level 1 in Dodging
 17830 | Orc:2    | Identified a cursed -3 dagger
 17830 | Orc:2    | Identified a +0 robe
 17831 | Orc:2    | Identified a +0 dagger
 17831 | Orc:2    | Identified a +0 robe
 17832 | Orc:2    | Identified a +0 battleaxe
 17832 | Orc:2    | Identified a +0 chain mail
 17832 | Orc:2    | Identified a +0 whip
 17855 | Orc:2    | Identified a +0 war axe of chopping
 17855 | Orc:2    | Identified a +0 chain mail
 17858 | Orc:2    | Identified a +0 ring mail
 17858 | Orc:2    | Identified a +0 club
 17862 | Orc:2    | Identified a +0 dagger
 17862 | Orc:2    | Identified a +1 robe of resistance
 17881 | Orc:2    | Identified a +0 troll leather armour
 17881 | Orc:2    | Identified a +0 giant club
 17884 | Orc:2    | Identified a +0 morningstar of crushing
 17884 | Orc:2    | Identified a +0 ring mail
 17885 | Orc:2    | Identified a +0 short sword
 17885 | Orc:2    | Identified a +0 scale mail
 17888 | Orc:2    | Identified a +0 club
 17888 | Orc:2    | Identified a +0 giant club
 17888 | Orc:2    | Identified a +0 giant club
 17893 | Orc:2    | Identified a +0 mace
 17893 | Orc:2    | Identified a +0 plate armour
 17896 | Orc:2    | Identified a +0 trident
 17896 | Orc:2    | Identified a +0 plate armour
 17898 | Orc:2    | Identified a +0 trident
 17898 | Orc:2    | Identified a +0 chain mail
 17898 | Orc:2    | Identified a +0 club
 17898 | Orc:2    | Identified a +0 chain mail
 17899 | Orc:2    | Identified a +0 falchion
 17903 | Orc:2    | Identified a +0 broad axe
 17903 | Orc:2    | Identified a +0 dire flail
 17903 | Orc:2    | Identified a +0 plate armour
 17903 | Orc:2    | Identified a +0 trident
 17903 | Orc:2    | Identified a +0 plate armour
 17904 | Orc:2    | Identified a +0 short sword
 17904 | Orc:2    | Identified a +0 plate armour
 17911 | Orc:2    | Identified a +2 mace of protection
 17919 | Orc:2    | Identified a +0 trident
 17919 | Orc:2    | Identified a +0 chain mail
 17925 | Orc:2    | Identified a +0 war axe
 17925 | Orc:2    | Identified a +0 chain mail
 17928 | Orc:2    | Identified a +0 dagger
 17928 | Orc:2    | Identified a +0 robe
 17930 | Orc:2    | Identified a +0 club
 17939 | Orc:2    | Identified a +0 halberd
 17939 | Orc:2    | Identified a +0 chain mail
 17939 | Orc:2    | Identified a +1 dagger of holy wrath
 17939 | Orc:2    | Identified a +0 robe
 17940 | Orc:2    | Identified a +0 dagger
 17940 | Orc:2    | Identified a +0 robe
 17942 | Orc:2    | Reached skill level 2 in Dodging
 17942 | Orc:2    | Identified a +0 dagger
 17942 | Orc:2    | Identified a +0 robe
 17942 | Orc:2    | Identified a +6 dagger
 17942 | Orc:2    | Identified a cursed +0 robe
 17942 | Orc:2    | Identified a +0 trident
 17942 | Orc:2    | Identified a cursed +0 chain mail
 17944 | Orc:2    | Identified a +0 great sword
 17944 | Orc:2    | Identified a +0 plate armour
 17944 | Orc:2    | Identified a +0 dagger
 17944 | Orc:2    | Identified a +0 robe
 17945 | Orc:2    | Identified a +0 flail
 17945 | Orc:2    | Identified a +0 chain mail
 17945 | Orc:2    | Identified a +0 dagger
 17945 | Orc:2    | Identified a +0 leather armour
 17945 | Orc:2    | Identified a +0 halberd
 17945 | Orc:2    | Identified a +0 leather armour
 17946 | Orc:2    | Identified a +1 great sword of holy wrath
 17946 | Orc:2    | Identified a cursed +0 chain mail
 17946 | Orc:2    | Noticed an orc warlord
 17949 | Orc:2    | Identified a +0 long sword
 17949 | Orc:2    | Identified a +0 chain mail
 17950 | Orc:2    | Identified a +0 dagger
 17950 | Orc:2    | Identified a +0 robe
 17951 | Orc:2    | Identified a +0 flail
 17951 | Orc:2    | Identified a +0 ring mail
 17960 | Orc:2    | Identified a +0 great sword
 17960 | Orc:2    | Identified a +0 chain mail
 17961 | Orc:2    | Identified a +0 hand axe
 17961 | Orc:2    | Identified a +0 ring mail
 17961 | Orc:2    | Identified a +0 short sword
 17961 | Orc:2    | Identified a +0 plate armour
 17961 | Orc:2    | Identified a +0 short sword
 17963 | Orc:2    | Identified a +0 hand axe
 17965 | Orc:2    | Identified a +0 dagger
 17965 | Orc:2    | Identified a +0 robe
 17965 | Orc:2    | Identified a +0 hand axe
 17965 | Orc:2    | Identified a +0 ring mail
 17965 | Orc:2    | Identified a +0 long sword
 17965 | Orc:2    | Identified a +0 chain mail
 17966 | Orc:2    | Identified a +0 mace
 17966 | Orc:2    | Identified a +0 long sword
 17966 | Orc:2    | Identified a +0 plate armour
 17968 | Orc:2    | Identified a cursed +0 battleaxe
 17968 | Orc:2    | Identified a +0 chain mail
 17968 | Orc:2    | Identified a +0 dagger
 17968 | Orc:2    | Identified a +0 robe
 17968 | Orc:2    | Identified a +0 club
 17971 | Orc:1    | Reached skill level 9 in Fighting
 18139 | Orc:2    | Identified a +0 dagger
 18139 | Orc:2    | Identified a +0 robe
 18139 | Orc:2    | Identified a +1 trident of piercing
 18139 | Orc:2    | Identified a +0 chain mail
 18139 | Orc:2    | Identified a +0 dagger
 18139 | Orc:2    | Identified a +0 robe
 18139 | Orc:2    | Identified a +0 falchion
 18139 | Orc:2    | Identified a +0 ring mail
 18140 | Orc:2    | Identified a +0 glaive
 18140 | Orc:2    | Identified a +0 chain mail
 18140 | Orc:2    | Identified a +0 falchion
 18141 | Orc:2    | Identified a +0 war axe
 18142 | Orc:2    | Identified a +0 dagger
 18143 | Orc:2    | Identified a +0 dagger
 18143 | Orc:2    | Identified a +0 robe
 18143 | Orc:2    | Identified a +0 dire flail
 18143 | Orc:2    | Identified a +0 chain mail
 18144 | Orc:2    | Identified a +0 hand axe
 18144 | Orc:2    | Identified a +0 ring mail
 18184 | Orc:2    | Identified a +0 club
 18184 | Orc:2    | Identified a +0 leather armour
 18184 | Orc:2    | Identified a +0 scimitar
 18184 | Orc:2    | Identified a +0 chain mail
 18186 | Orc:2    | Identified a +0 morningstar
 18186 | Orc:2    | Identified a +0 plate armour
 18188 | Orc:2    | Identified a +1 dagger of venom
 18188 | Orc:2    | Identified a +0 robe
 18188 | Orc:2    | Identified a +0 dagger
 18188 | Orc:2    | Identified a +0 scale mail
 18222 | Orc:2    | Identified a +0 whip
 18222 | Orc:2    | Identified a cursed +0 scale mail
 18225 | Orc:2    | Identified a +0 mace
 18225 | Orc:2    | Identified a +0 leather armour
 18259 | Orc:2    | Identified a +0 hand axe
 18259 | Orc:2    | Identified a +0 ring mail
 18259 | Orc:2    | Identified a +0 leather armour
 18259 | Orc:2    | Identified a +0 dagger
 18259 | Orc:2    | Identified a +0 robe
 18259 | Orc:2    | Identified a +0 dagger
 18259 | Orc:2    | Identified a +0 robe
 18260 | Orc:2    | Identified a +0 dagger
 18260 | Orc:2    | Identified a cursed +0 robe
 18308 | Orc:2    | Identified a +0 war axe
 18308 | Orc:2    | Identified a +0 leather armour
 18318 | Orc:1    | Killed an orc warlord
 18318 | Orc:1    | Reached skill level 14 in Axes
 18318 | Orc:1    | Reached skill level 3 in Dodging
 18354 | Orc:2    | Identified a +0 club
 18354 | Orc:2    | Identified a +0 leather armour
 18354 | Orc:2    | Identified a +0 mace
 18355 | Orc:2    | Identified a +0 trident
 18355 | Orc:2    | Identified a +0 trident
 18355 | Orc:2    | Identified a +0 dagger
 18425 | Orc:2    | Identified a +0 mace
 18425 | Orc:2    | Identified a +0 plate armour
 18427 | Orc:2    | Identified a +0 dagger
 18427 | Orc:2    | Identified a +0 robe
 18427 | Orc:2    | Identified a +0 dagger
 18427 | Orc:2    | Identified a +0 robe
 18428 | Orc:2    | Identified a +0 scale mail
 18428 | Orc:2    | Identified a +0 club
 18542 | Orc:2    | Identified a +0 ring mail
 18544 | Orc:2    | Identified a +0 dagger
 18544 | Orc:2    | Identified a +0 robe
 18673 | Orc:2    | Found a staircase to the Elven Halls.
 18676 | Orc:2    | Identified a +0 dagger
 18685 | Orc:2    | Identified a +0 trident
 18685 | Orc:2    | Identified a +0 leather armour
 18702 | Orc:2    | Identified a cursed -2 club
 18702 | Orc:2    | Identified a +0 chain mail
 18732 | Orc:2    | Identified a +0 dagger
 18732 | Orc:2    | Identified a +0 robe
 18737 | Orc:2    | Identified a +0 dagger
 18737 | Orc:2    | Identified a +0 robe
 18742 | Orc:2    | Identified a +0 dagger
 18742 | Orc:2    | Identified a +0 robe
 18781 | Orc:2    | Identified a +0 trident
 18781 | Orc:2    | Identified a +0 plate armour
 18797 | Orc:2    | Identified a +0 war axe
 18797 | Orc:2    | Identified a +0 plate armour
 19005 | Orc:2    | Identified a cursed +0 dagger
 19005 | Orc:2    | Identified a +0 robe
 19102 | Orc:2    | Found Heippig's Antique Armour Shop.
 19103 | Orc:2    | Found Kaleofet's Antique Weapon Boutique.
 19104 | Orc:2    | Found Oreiluwu's General Store.
 19104 | Orc:2    | Found Gyrey's Book Shop.
 19119 | Orc:2    | Bought a glowing broad axe for 224 gold pieces
 19119 | Orc:2    | Identified a +0 broad axe of freezing (You bought it in a
                  | shop on level 2 of the Orcish Mines)
 19188 | Orc:1    | Identified a +0 mace
 19190 | Orc:1    | Identified a +2 halberd of venom
 19190 | Orc:1    | Identified a +0 chain mail
 19194 | Orc:1    | Identified a +0 dagger of draining
 19194 | Orc:1    | Identified a +0 robe
 19196 | Orc:1    | Identified a +0 dagger
 19196 | Orc:1    | Identified a +0 robe
 19197 | Orc:1    | Identified a +0 dagger
 19197 | Orc:1    | Identified a +0 robe
 19358 | D:13     | Identified a +0 hand axe
 19369 | D:13     | Identified a +0 dagger
 19369 | D:13     | Identified a +0 robe
 19370 | D:13     | Identified a +0 hand axe
 19370 | D:13     | Identified a cursed -3 hand axe
 19370 | D:13     | Identified a +0 hand axe
 19371 | D:13     | Identified a +0 trident
 19371 | D:13     | Identified a +0 leather armour
 19371 | D:13     | Found a flagged portal.
 19371 | D:13     | Identified a +0 hand axe
 19371 | D:13     | Identified a +0 leather armour
 19389 | Bailey   | Entered a bailey
 19408 | Bailey   | Identified a +0 war axe
 19408 | Bailey   | Identified a cursed +0 ring mail
 19408 | Bailey   | Identified a +0 hand axe
 19408 | Bailey   | Identified a +0 leather armour
 19412 | Bailey   | Identified a +0 war axe
 19412 | Bailey   | Identified a +0 plate armour
 19414 | Bailey   | Identified a +0 hand axe
 19414 | Bailey   | Identified a +0 leather armour
 19432 | Bailey   | Identified a cursed +0 hand axe
 19432 | Bailey   | Identified a +0 leather armour
 19435 | Bailey   | Identified a +0 war axe
 19435 | Bailey   | Identified a +0 leather armour
 19442 | Bailey   | Identified a +0 hand axe
 19442 | Bailey   | Identified a +0 leather armour
 19444 | Bailey   | Identified a +0 hand axe
 19444 | Bailey   | Identified a +0 leather armour
 19448 | Bailey   | Reached skill level 4 in Dodging
 19448 | Bailey   | Identified a cursed +0 war axe
 19448 | Bailey   | Identified a +0 leather armour
 19462 | Bailey   | Identified a +0 hand axe
 19462 | Bailey   | Identified a +0 leather armour
 19469 | Bailey   | Identified a +0 war axe
 19469 | Bailey   | Identified a +0 ring mail
 19470 | Bailey   | Identified a +0 war axe
 19470 | Bailey   | Identified a +0 leather armour
 19474 | Bailey   | Identified a +0 hand axe
 19474 | Bailey   | Identified a +1 plate armour of cold resistance
 19478 | Bailey   | Identified a cursed -2 war axe
 19478 | Bailey   | Identified a +0 scale mail
 19485 | Bailey   | Identified a +0 hand axe
 19485 | Bailey   | Identified a +0 leather armour
 19529 | Bailey   | Identified a +0 hand axe
 19529 | Bailey   | Identified a +0 leather armour
 19551 | Bailey   | Identified the cursed +0 cloak "Rikhoed" {rN+ MP+9 Str-4
                  | SInv} (You found it in a bailey)
 19682 | D:13     | Identified a +0 halberd
 19682 | D:13     | Identified a +0 chain mail
 19729 | D:13     | Identified a +0 glaive
 19797 | D:13     | Identified a +0 arbalest
 19797 | D:13     | Identified a cursed -1 arbalest
 19830 | D:13     | Identified a +2 arbalest of flaming
 19847 | D:13     | Found a gate to the Vaults.
 20082 | D:13     | Reached skill level 11 in Shields
 20131 | D:13     | Identified a +0 dagger
 20132 | D:13     | Identified a +0 whip
 20132 | D:13     | Identified a +0 scale mail
 20132 | D:13     | Identified a +0 falchion
 20132 | D:13     | Identified a +0 chain mail
 20146 | D:13     | Identified a +1 scimitar of flaming
 20146 | D:13     | Noticed Azrael
 20146 | D:13     | Identified a +0 hand axe
 20185 | D:13     | Killed Azrael
 20220 | D:13     | Identified a +0 club
 20277 | D:13     | Identified a +0 shortbow
 20288 | D:13     | Identified a +0 rapier
 20295 | D:13     | Identified a +0 trident
 20295 | D:13     | Identified a +0 plate armour
 20305 | D:13     | Identified a cursed -3 hand axe
 20356 | D:13     | Identified a +0 war axe
 20357 | D:13     | Identified a +0 hand axe
 20357 | D:13     | Identified a +0 chain mail
 20357 | D:13     | Identified a +0 dagger
 20357 | D:13     | Identified a +0 robe
 20358 | D:13     | Identified a +0 whip
 20358 | D:13     | Identified a +0 scale mail
 20426 | D:13     | Reached skill level 5 in Dodging
 20555 | D:13     | Reached skill level 11 in Armour
 20891 | D:13     | Identified a +0 shortbow
 20976 | D:14     | Identified a +0 flail
 21046 | D:14     | Reached XP level 15. HP: 136/136 MP: 22/22
 21173 | D:14     | Identified a +0 spear
 21197 | D:14     | Identified a cursed -3 shortbow
 21222 | D:14     | Identified a +0 mace
 21367 | D:14     | Identified a +0 troll leather armour
 21466 | D:14     | Got a transparent ring mail
 21524 | D:14     | Identified the +3 ring mail of the Distant Future {+Inv
                  | rN+++ Int+4 Stlth-} (You found it on level 14 of the
                  | Dungeon)
 21557 | D:15     | Entered Level 15 of the Dungeon
 21562 | D:15     | Identified a potion of brilliance
 21563 | D:15     | Identified a scroll of acquirement
 21576 | D:15     | Identified a +0 hand axe
 21594 | D:15     | Identified a +0 trident
 21595 | D:15     | Identified a +0 flail
 21597 | D:15     | Reached skill level 11 in Evocations
 21658 | D:15     | Identified a +0 shortbow
 21658 | D:15     | Identified a +0 shortbow
 21658 | D:15     | Identified a +0 shortbow
 21658 | D:15     | Identified a +0 shortbow
 21658 | D:15     | Identified a +0 shortbow
 21661 | D:15     | Identified a +0 shortbow
 21690 | D:15     | Reached skill level 6 in Dodging
 21774 | D:15     | Identified a ring of attention (You found it on level 15 of
                  | the Dungeon)
 21946 | D:15     | Identified a +0 shortbow
 21977 | D:15     | Identified a +2 shortbow of velocity
 21977 | D:15     | Identified a +0 shortbow
 22066 | D:15     | Identified a +0 pair of gloves of archery (You found it on
                  | level 15 of the Dungeon)
 22118 | D:15     | Found a runed translucent gate.
 22119 | D:15     | Found a runed translucent gate.
 22120 | D:15     | Found a runed translucent gate.
 22122 | D:15     | Noticed Giaff's ghost (journeyman DsGl)
 22138 | D:15     | Identified a +2 short sword of holy wrath
 22223 | D:15     | Identified a cursed +0 halberd
 22223 | D:15     | Identified a +0 robe
 22223 | D:15     | Identified a +3 mace
 22223 | D:15     | Identified a +0 robe
 22223 | D:15     | Identified a cursed +4 hand axe
 22223 | D:15     | Identified a +0 robe
 22223 | D:15     | Identified a +4 long sword of freezing
 22223 | D:15     | Identified a +0 robe
 22223 | D:15     | Identified a +0 scimitar of flaming
 22223 | D:15     | Identified a +3 shortbow
 22263 | D:15     | Found a staircase to the Depths.
 22382 | D:15     | Found a glowing silver altar of Zin.
 22382 | D:15     | Identified a +2 rapier of holy wrath
 22712 | D:5      | Killed yogakurto's ghost
 23077 | Swamp:1  | Entered Level 1 of the Swamp
 23091 | Swamp:1  | Reached skill level 14 in Invocations
 23110 | Swamp:1  | Reached skill level 15 in Axes
 23174 | Swamp:1  | Reached skill level 7 in Dodging
 23249 | Swamp:1  | Identified +0 swamp dragon scales
 23556 | Swamp:1  | Identified a +0 broad axe
 23556 | Swamp:1  | Identified a +0 plate armour
 23556 | Swamp:1  | Identified a +2 shield
 23556 | Swamp:1  | Noticed Donald
 23571 | Swamp:1  | Killed Donald
 23637 | Swamp:1  | Noticed a thorn hunter
 23661 | Swamp:1  | Killed a thorn hunter
 23695 | Swamp:1  | Identified a +1 rapier of electrocution
 23695 | Swamp:1  | Identified a +0 cloak
 23695 | Swamp:1  | Identified a +0 pair of gloves
 23695 | Swamp:1  | Noticed Nikola
 23718 | Swamp:1  | Killed Nikola
 24017 | Swamp:2  | You fall into a shaft and drop 1 floor!
 24033 | Swamp:3  | Reached skill level 8 in Dodging
 24058 | Swamp:2  | HP: 27/138 [brown very ugly thing (19)]
 24109 | Swamp:2  | Identified a +0 quarterstaff
 24109 | Swamp:2  | Identified a +0 robe
 24122 | Swamp:2  | Reached skill level 10 in Fighting
 24181 | Swamp:2  | Identified a scroll of holy word
 24274 | Swamp:2  | Identified a +0 spear
 24274 | Swamp:2  | Identified a +0 spear
 24754 | Swamp:2  | Identified a +0 dagger
 24754 | Swamp:2  | Identified a +0 robe
 24777 | Swamp:2  | Reached XP level 16. HP: 110/146 MP: 22/22
 25075 | Swamp:3  | Reached skill level 12 in Evocations
 25108 | Swamp:3  | Noticed a thorn hunter
 25120 | Swamp:3  | Killed a thorn hunter
 25197 | Swamp:3  | Identified a +0 quarterstaff
 25197 | Swamp:3  | Identified a cursed +0 robe
 25330 | Swamp:3  | Reached skill level 12 in Shields
 25375 | Swamp:3  | Identified a +0 spear
 25805 | Swamp:4  | Entered Level 4 of the Swamp
 25822 | Swamp:4  | Reached skill level 12 in Armour
 25822 | Swamp:4  | Reached skill level 9 in Dodging
 26017 | Swamp:4  | Identified a +0 quarterstaff
 26017 | Swamp:4  | Identified a +0 robe
 26019 | Swamp:4  | Identified a +0 rapier
 26019 | Swamp:4  | Identified a +0 robe of positive energy
 26021 | Swamp:4  | Identified a +0 spear
 26041 | Swamp:4  | Paralysed by a hornet for 1 turns
 26176 | Swamp:4  | Identified +0 swamp dragon scales
 26184 | Swamp:4  | HP: 35/147 [poisoned by a swamp dragon (poison gas)]
 26413 | Swamp:4  | Identified +0 swamp dragon scales
 26417 | Swamp:4  | Reached skill level 16 in Axes
 26425 | Swamp:4  | Identified +0 swamp dragon scales
 26430 | Swamp:4  | HP: 34/147 [poisoned by a swamp dragon (poison gas)]
 26431 | Swamp:4  | HP: 13/147 [poisoned by a swamp dragon (poison gas)]
 26432 | Swamp:4  | HP: 6/147 [poisoned by a swamp dragon (poison gas)]
 26437 | Swamp:4  | Got a decaying rune of Zot
 26620 | D:9      | Identified a potion of resistance
 26697 | Snake:1  | Entered Level 1 of the Snake Pit
 26697 | Snake:1  | Identified a +0 hand axe
 26697 | Snake:1  | Identified a +0 naga barding
 26697 | Snake:1  | Identified a +0 dire flail
 26697 | Snake:1  | Identified a +0 battleaxe
 26728 | Snake:1  | Identified a cursed +0 dire flail
 26817 | Snake:1  | HP: 28/147 [shock serpent/bolt of electricity (20)]
 26823 | Snake:1  | HP: 23/147 [shock serpent/bolt of electricity (1)]
 26831 | Snake:1  | Identified a cursed +0 spear
 26852 | Snake:1  | Identified a +0 flail
 26888 | Snake:1  | Identified a +0 hand axe
 26888 | Snake:1  | Identified a +0 flail
 26888 | Snake:1  | Identified a +0 robe
 26893 | Snake:1  | Identified a +0 dire flail
 26918 | Snake:1  | Identified a +0 mace
 26918 | Snake:1  | Identified a +0 arbalest
 26930 | Snake:1  | Identified a +0 short sword
 26930 | Snake:1  | Identified a +1 trident of piercing
 26930 | Snake:1  | Identified a +1 longbow of flaming
 26931 | Snake:1  | Identified a +0 battleaxe
 26989 | Snake:1  | Identified a +0 halberd
 27025 | Snake:1  | Identified a +0 dire flail
 27033 | Snake:1  | Reached skill level 10 in Dodging
 27117 | Snake:1  | Identified a +0 short sword
 27117 | Snake:1  | Identified a +0 robe
 27118 | Snake:1  | Identified a +0 battleaxe
 27119 | Snake:1  | Identified a +0 trident
 27151 | Snake:1  | Identified a +0 dire flail
 27151 | Snake:1  | Identified a +0 arbalest
 27156 | Snake:1  | Identified a +0 flail
 27208 | Snake:1  | Identified a +0 trident
 27280 | Snake:1  | Identified a +2 trident of flaming
 27289 | Snake:1  | Reached skill level 15 in Invocations
 27402 | Snake:1  | Identified a +0 dire flail
 27402 | Snake:1  | Identified a +0 robe
 27484 | Snake:1  | Identified a +1 helmet (You found it on level 1 of the
                  | Snake Pit)
 27630 | Snake:2  | Identified a +0 glaive
 27655 | Snake:2  | Identified a +0 trident
 27686 | Snake:2  | Identified a +0 trident
 27706 | Snake:2  | Identified a +0 halberd
 27707 | Snake:2  | Identified a +0 halberd
 27707 | Snake:2  | Identified a +0 spear
 27707 | Snake:2  | Identified a +0 robe
 27708 | Snake:2  | Identified a +0 long sword
 27708 | Snake:2  | Identified a +0 robe
 27734 | Snake:2  | Identified a +0 quarterstaff
 27734 | Snake:2  | Identified a +0 robe
 27734 | Snake:2  | Identified a +0 halberd of chopping
 27737 | Snake:2  | Identified a +0 trident
 27814 | Snake:2  | Identified a +0 mace
 27917 | Snake:2  | Identified a +0 mace
 27917 | Snake:2  | Identified a +0 robe
 27987 | Snake:2  | Identified a +0 dagger of venom
 27987 | Snake:2  | Identified a +0 robe
 28041 | Snake:2  | Identified a +0 whip
 28059 | Snake:2  | Identified a +0 war axe
 28103 | Snake:2  | Reached skill level 13 in Evocations
 28191 | Snake:2  | Identified a +0 glaive
 28191 | Snake:2  | Identified a +0 robe
 28192 | Snake:2  | Identified a +2 dagger of venom
 28192 | Snake:2  | Identified a +0 robe
 28208 | Snake:2  | Reached XP level 17. HP: 142/154 MP: 9/22
 28268 | Snake:2  | Identified a +0 shortbow of flaming
 28316 | Snake:2  | Identified a +4 trident
 28317 | Snake:2  | Identified a +0 robe
 28317 | Snake:2  | Identified a +0 halberd
 28318 | Snake:2  | Identified a +0 long sword
 28318 | Snake:2  | Identified a +0 robe
 28318 | Snake:2  | Identified a +0 short sword
 28318 | Snake:2  | Identified a +0 robe
 28576 | Snake:3  | Identified a +0 mace
 28590 | Snake:3  | Identified a +0 long sword
 28590 | Snake:3  | Identified a +0 robe
 28591 | Snake:3  | Identified a +0 dire flail
 28591 | Snake:3  | Identified a +0 battleaxe
 28591 | Snake:3  | Identified a +0 longbow
 28591 | Snake:3  | Identified a +2 naga barding
 28592 | Snake:3  | Identified a +0 broad axe
 28593 | Snake:3  | Identified a -2 glaive
 28593 | Snake:3  | Identified a +0 arbalest
 28596 | Snake:3  | Identified a +0 mace
 28596 | Snake:3  | Identified a +0 shortbow
 28596 | Snake:3  | Identified a +0 flail
 28600 | Snake:3  | Identified a +0 trident
 28600 | Snake:3  | Identified a +0 arbalest
 28638 | Snake:3  | Reached skill level 11 in Dodging
 28714 | Snake:3  | Identified a +0 scimitar of venom
 28714 | Snake:3  | Identified a +0 robe
 28724 | Snake:3  | Identified a +1 vampiric hand axe
 28730 | Snake:3  | Identified a +0 glaive of freezing
 28730 | Snake:3  | Identified a +0 robe
 28743 | Snake:3  | Identified a +0 quarterstaff
 28743 | Snake:3  | Identified a +0 robe
 28772 | Snake:3  | Identified a +0 broad axe
 28832 | Snake:3  | Found Kuta's Magic Scroll Boutique.
 28840 | Snake:3  | Bought a scroll of teleportation for 48 gold pieces
 28840 | Snake:3  | Bought a scroll of enchant weapon for 120 gold pieces
 28840 | Snake:3  | Bought a scroll of enchant weapon for 120 gold pieces
 28842 | Snake:3  | Bought a scroll of identify for 32 gold pieces
 28842 | Snake:3  | Identified a scroll of vulnerability
 28889 | Snake:3  | Identified a +0 long sword
 28889 | Snake:3  | Identified a +0 robe
 28914 | Snake:3  | Identified a +0 mace of protection
 28916 | Snake:3  | Identified a +0 halberd
 28916 | Snake:3  | Identified a +0 shortbow
 28920 | Snake:3  | Identified a +0 dire flail
 28920 | Snake:3  | Identified a +0 arbalest
 28923 | Snake:3  | Identified a +0 halberd
 29014 | Snake:3  | Identified a cursed -3 scimitar
 29015 | Snake:3  | Identified a +0 whip
 29047 | Snake:3  | Found Ujas's Weapon Boutique.
 29048 | Snake:3  | Identified a +0 spear
 29048 | Snake:3  | Identified a +0 robe
 29073 | Snake:3  | Identified a +0 dire flail
 29073 | Snake:3  | Identified a +0 robe
 29132 | Snake:3  | Found a runed translucent gate.
 29132 | Snake:3  | Found a runed translucent gate.
 29132 | Snake:3  | Found a runed translucent gate.
 29164 | Snake:3  | Identified a +0 flail
 29164 | Snake:3  | Identified a +0 long sword
 29165 | Snake:3  | Identified a +0 short sword
 29166 | Snake:3  | Identified a +0 short sword
 29166 | Snake:3  | Identified a +0 spear
 29166 | Snake:3  | Identified a +0 robe
 29205 | Snake:3  | Found Emomuqysch's Assorted Antiques.
 29206 | Snake:3  | Found Takhuate's Magic Scroll Boutique.
 29217 | Snake:3  | Bought a scroll of enchant weapon for 105 gold pieces
 29217 | Snake:3  | Bought a scroll of teleportation for 42 gold pieces
 29219 | Snake:3  | Found Codweripn's Jewellery Boutique.
 29301 | Snake:3  | Reached skill level 11 in Fighting
 29351 | Snake:3  | Reached skill level 13 in Shields
 29467 | Snake:4  | Entered Level 4 of the Snake Pit
 29467 | Snake:4  | Identified a +0 club
 29467 | Snake:4  | Identified a +0 mace
 29467 | Snake:4  | Identified a +0 longbow
 29467 | Snake:4  | Identified a +0 war axe
 29477 | Snake:4  | Identified a +0 long sword
 29477 | Snake:4  | Identified a +0 arbalest
 29481 | Snake:4  | Identified a +0 long sword
 29481 | Snake:4  | Identified a +0 shortbow
 29481 | Snake:4  | Identified a +0 robe
 29490 | Snake:4  | Identified a +0 war axe
 29550 | Snake:4  | Noticed Kirke
 29566 | Snake:4  | Reached skill level 13 in Armour
 29590 | Snake:4  | Killed Kirke
 29620 | Snake:4  | Found a stormy altar of Qazlal.
 29632 | Snake:4  | Identified a +0 dire flail
 29632 | Snake:4  | Identified a +0 robe
 29632 | Snake:4  | Identified a +0 short sword
 29632 | Snake:4  | Identified a +0 robe
 29632 | Snake:4  | Identified a +0 dire flail
 29632 | Snake:4  | Identified a +0 robe
 29632 | Snake:4  | Identified a +0 trident
 29632 | Snake:4  | Identified a +0 robe
 29632 | Snake:4  | Identified a +0 glaive
 29632 | Snake:4  | Identified a +0 robe
 29632 | Snake:4  | Identified a +0 hand axe
 29632 | Snake:4  | Identified a +0 glaive
 29632 | Snake:4  | Identified a cursed +0 robe
 29648 | Snake:4  | Identified a +0 mace
 29661 | Snake:4  | Identified a +0 scimitar of venom
 29661 | Snake:4  | Identified a +0 robe
 29675 | Snake:4  | Identified a +0 whip
 29675 | Snake:4  | Identified a +0 robe
 29696 | Snake:4  | Identified a +0 trident of piercing
 29698 | Snake:4  | Identified a +0 dagger of venom
 29698 | Snake:4  | Identified a +0 robe
 29705 | Snake:4  | Identified a cursed -1 dire flail
 29734 | Snake:4  | Identified a +0 whip
 29734 | Snake:4  | Identified a cursed -1 robe
 29756 | Snake:4  | Reached skill level 12 in Dodging
 29760 | Snake:4  | Identified a +0 halberd
 29760 | Snake:4  | Identified a +0 robe
 29760 | Snake:4  | Identified a +0 war axe
 29776 | Snake:4  | Identified a +0 mace
 29791 | Snake:4  | Identified a +0 scimitar
 29801 | Snake:4  | Identified a +1 dagger of venom
 29801 | Snake:4  | Identified a +0 robe
 29801 | Snake:4  | Identified a +0 long sword
 29801 | Snake:4  | Identified a +0 arbalest
 29801 | Snake:4  | Identified a +1 dagger of venom
 29801 | Snake:4  | Identified a +0 robe
 29801 | Snake:4  | Identified a +0 flail
 29801 | Snake:4  | Identified a +0 flail
 29801 | Snake:4  | Identified a +0 flail
 29801 | Snake:4  | Identified a +0 robe
 29844 | Snake:4  | Identified a +0 flail
 29844 | Snake:4  | Identified a +0 robe
 29844 | Snake:4  | Identified a +0 flail
 29844 | Snake:4  | Identified a +0 war axe
 29844 | Snake:4  | Identified a +0 robe
 29845 | Snake:4  | Identified a +0 flail
 29845 | Snake:4  | Identified a +0 club
 29882 | Snake:4  | Identified a +0 war axe
 29899 | Snake:4  | Identified a +0 robe
 29900 | Snake:4  | Identified a +0 quarterstaff
 29900 | Snake:4  | Identified a +0 robe
 29904 | Snake:4  | Identified a cursed +0 spear
 29904 | Snake:4  | Identified a +0 robe
 29911 | Snake:4  | Identified a +0 quarterstaff
 29911 | Snake:4  | Identified a +0 robe
 29920 | Snake:4  | Reached skill level 14 in Evocations
 29941 | Snake:4  | Identified a +4 flail
 29941 | Snake:4  | Identified a +0 robe
 29947 | Snake:4  | Identified a +0 hand axe
 29947 | Snake:4  | Identified a +0 shortbow
 29947 | Snake:4  | Identified a +0 robe
 29949 | Snake:4  | Identified a +0 scimitar
 29949 | Snake:4  | Identified a +0 robe
 29962 | Snake:4  | Reached skill level 16 in Invocations
 29964 | Snake:4  | Identified a +0 dire flail
 29964 | Snake:4  | Identified a +0 robe
 29995 | Snake:4  | Gained mutation: You passively map a large area around you.
                  | [Deep Dwarf growth]
 29995 | Snake:4  | Reached XP level 18. HP: 135/165 MP: 21/24
 30016 | Snake:4  | Identified a +0 spear
 30030 | Snake:4  | Identified a +0 short sword
 30040 | Snake:4  | Identified a +0 spear
 30040 | Snake:4  | Identified a +0 robe
 30044 | Snake:4  | Identified a +0 flail
 30047 | Snake:4  | Identified a +0 halberd
 30047 | Snake:4  | Identified a +0 robe
 30071 | Snake:4  | Identified a +0 war axe
 30076 | Snake:4  | Identified a +1 dagger of venom
 30076 | Snake:4  | Identified a +0 robe
 30078 | Snake:4  | Identified a +0 short sword
 30078 | Snake:4  | Identified a +0 long sword
 30078 | Snake:4  | Identified a +0 robe
 30078 | Snake:4  | Identified a +0 shield
 30096 | Snake:4  | Identified a +0 hand axe
 30134 | Snake:4  | Identified a +0 battleaxe
 30134 | Snake:4  | Identified a +0 shortbow
 30172 | Snake:4  | Identified a +0 halberd
 30173 | Snake:4  | Identified a +0 long sword
 30205 | Snake:4  | Got a serpentine rune of Zot
 30220 | Snake:4  | Identified a +1 battleaxe of venom
 30323 | Snake:4  | Identified a +0 trident
 30325 | Snake:4  | Identified a +0 war axe
 30359 | Snake:4  | Identified a +0 dire flail
 30359 | Snake:4  | Identified a +0 robe
 30361 | Snake:4  | Identified a +0 halberd
 30361 | Snake:4  | Identified a +0 naga barding
 30399 | Snake:4  | Identified a +0 scimitar
 30401 | Snake:4  | Identified a +0 hand axe
 30401 | Snake:4  | Identified a +0 arbalest
 30432 | Snake:4  | Identified a +0 club
 30435 | Snake:4  | Identified a +0 war axe
 30436 | Snake:4  | Identified a +0 whip
 30436 | Snake:4  | Identified a +0 short sword
 30436 | Snake:4  | Identified a +0 short sword
 30590 | Snake:4  | Identified a +0 mace of protection
 30590 | Snake:4  | Identified a +0 arbalest
 30590 | Snake:4  | Identified a +1 long sword of slicing
 30590 | Snake:4  | Identified a +0 arbalest
 30590 | Snake:4  | Identified a +1 naga barding of fire resistance
 30590 | Snake:4  | Noticed Vashnia
 30591 | Snake:4  | Identified a +0 battleaxe
 30591 | Snake:4  | Identified a +0 arbalest
 30597 | Snake:4  | Identified a +0 short sword
 30597 | Snake:4  | Identified a -3 arbalest
 30597 | Snake:4  | Identified a +0 robe
 30599 | Snake:4  | Identified a +0 hand axe
 30599 | Snake:4  | Identified a +0 arbalest
 30601 | Snake:4  | Identified a +0 robe
 30604 | Snake:4  | Identified a +0 arbalest
 30604 | Snake:4  | Identified a +0 scimitar
 30633 | Snake:4  | Identified a +0 demon whip
 30634 | Snake:4  | HP: 13/165 [Vashnia/bolt (40)]
 30638 | Snake:4  | Killed Vashnia
 30638 | Snake:4  | Reached skill level 13 in Dodging
 30805 | Snake:4  | Identified a +0 dagger of venom
 30805 | Snake:4  | Identified a +0 robe
 31282 | Vaults:1 | Entered Level 1 of the Vaults
 31282 | Vaults:1 | Identified a +0 spear
 31282 | Vaults:1 | Identified a +0 robe
 31282 | Vaults:1 | Identified a +0 giant spiked club
 31282 | Vaults:1 | Identified a +0 giant club
 31282 | Vaults:1 | Identified a +0 giant club
 31282 | Vaults:1 | Identified a +0 giant club
 31282 | Vaults:1 | Identified a +0 dire flail
 31282 | Vaults:1 | Identified a +0 giant spiked club
 31282 | Vaults:1 | Identified a +0 giant club
 31282 | Vaults:1 | Identified a +0 giant club
 31282 | Vaults:1 | Identified a +0 giant club
 31282 | Vaults:1 | Identified a +0 giant club
 31282 | Vaults:1 | Identified a +0 giant club
 31282 | Vaults:1 | Identified a +0 giant club
 31282 | Vaults:1 | Identified a +0 giant club
 31282 | Vaults:1 | Identified a +0 giant club
 31420 | Vaults:1 | Identified a +0 dagger
 31420 | Vaults:1 | Identified a +0 robe
 31440 | Vaults:1 | Identified a +2 vampiric great sword
 31440 | Vaults:1 | Identified a +0 arbalest
 31440 | Vaults:1 | Identified a +0 plate armour
 31440 | Vaults:1 | Identified a +0 scale mail
 31440 | Vaults:1 | Identified a +0 chain mail
 31505 | Vaults:1 | Identified a +0 falchion
 31505 | Vaults:1 | Identified a +0 scale mail
 31505 | Vaults:1 | Identified a +0 whip
 31505 | Vaults:1 | Identified a +0 robe
 31556 | Vaults:1 | Identified a +0 dagger
 31556 | Vaults:1 | Identified a +0 robe
 31595 | Vaults:1 | Identified a +0 dagger
 31595 | Vaults:1 | Identified a +0 robe
 31595 | Vaults:1 | Identified a +0 arbalest
 31595 | Vaults:1 | Identified a cursed -2 morningstar
 31595 | Vaults:1 | Identified a +0 arbalest
 31595 | Vaults:1 | Identified a +1 scale mail of magic resistance
 31597 | Vaults:1 | Identified a cursed -3 flail
 31598 | Vaults:1 | Identified a +0 war axe
 31598 | Vaults:1 | Identified a +0 arbalest
 31598 | Vaults:1 | Identified a +0 plate armour
 31598 | Vaults:1 | Identified a +0 flail
 31598 | Vaults:1 | Identified a +0 scale mail
 31598 | Vaults:1 | Identified a +0 flail
 31598 | Vaults:1 | Identified a +0 chain mail
 31598 | Vaults:1 | Identified a +0 flail
 31598 | Vaults:1 | Identified a +0 ring mail
 31598 | Vaults:1 | Identified a +0 club
 31680 | Vaults:1 | Found Zupenkad's General Store.
 31688 | Vaults:1 | Bought the ring of Grace {*Contam rPois rC+ Dex+6} for 648
                  | gold pieces
 31688 | Vaults:1 | Bought a scroll of teleportation for 45 gold pieces
 31705 | Vaults:1 | Identified a +0 trident
 31705 | Vaults:1 | Identified a +0 halberd
 31705 | Vaults:1 | Identified a +2 chain mail of cold resistance
 31705 | Vaults:1 | Identified a +0 mace
 31705 | Vaults:1 | Identified a +0 plate armour of poison resistance
 31706 | Vaults:1 | Identified a +0 flail
 31706 | Vaults:1 | Identified a +3 battleaxe
 31706 | Vaults:1 | Identified a +2 plate armour of positive energy
 31706 | Vaults:1 | Noticed Saint Roka
 31707 | Vaults:1 | Identified a +0 mace
 31707 | Vaults:1 | Identified a +0 plate armour
 31707 | Vaults:1 | Identified a +0 dire flail
 31707 | Vaults:1 | Identified a +0 plate armour
 31709 | Vaults:1 | Identified a +0 arbalest
 31747 | Vaults:1 | Killed Saint Roka
 32179 | Vaults:1 | Identified a +0 shortbow
 32179 | Vaults:1 | Identified a +0 flail
 32179 | Vaults:1 | Identified a +0 scale mail
 32184 | Vaults:1 | Reached skill level 14 in Shields
 32199 | Vaults:1 | Identified a +0 dire flail
 32199 | Vaults:1 | Identified a +0 ring mail
 32207 | Vaults:1 | Identified a +0 mace
 32207 | Vaults:1 | Identified a +0 ring mail
 32210 | Vaults:1 | Identified a +0 long sword
 32210 | Vaults:1 | Identified a +0 arbalest
 32210 | Vaults:1 | Identified a +0 ring mail
 32235 | Vaults:1 | Identified a +0 troll leather armour
 32239 | Vaults:1 | Identified a +0 dagger
 32239 | Vaults:1 | Identified a +1 longbow of flaming
 32239 | Vaults:1 | Identified a +0 leather armour
 32242 | Vaults:1 | Identified a +0 great mace
 32242 | Vaults:1 | Identified a +0 ring mail
 32279 | Vaults:1 | Identified a +0 troll leather armour
 32288 | Vaults:1 | Reached skill level 12 in Fighting
 32307 | Vaults:1 | Identified +0 acid dragon scales
 32330 | Vaults:1 | Identified a ring of strength (You found it on level 1 of
                  | the Vaults)
 32427 | Vaults:1 | Identified a +0 mace
 32427 | Vaults:1 | Identified a cursed +0 ring mail
 32427 | Vaults:1 | Identified a +0 hand axe
 32427 | Vaults:1 | Identified a +0 giant spiked club
 32428 | Vaults:1 | Identified a +0 battleaxe
 32428 | Vaults:1 | Identified a +0 chain mail
 32430 | Vaults:1 | Identified a +0 club
 32430 | Vaults:1 | Identified a +0 scale mail
 32674 | Vaults:1 | Identified a +0 dagger
 32674 | Vaults:1 | Identified a +0 robe
 32693 | Vaults:1 | Identified a +0 dagger
 32693 | Vaults:1 | Identified a +0 robe
 32702 | Vaults:1 | Reached skill level 14 in Armour
 32772 | Vaults:1 | Identified a +0 arbalest
 32772 | Vaults:1 | Identified a +0 arbalest
 32772 | Vaults:1 | Identified a +0 great sword of distortion
 32772 | Vaults:1 | Identified a +0 chain mail
 32789 | Vaults:1 | Reached skill level 15 in Evocations
 32838 | Vaults:1 | Identified a +0 dire flail
 32838 | Vaults:1 | Identified a +0 ring mail
 32840 | Vaults:1 | Identified a +0 arbalest
 32863 | Vaults:1 | Reached skill level 14 in Dodging
 32931 | Vaults:1 | Identified a +0 arbalest
 33064 | Vaults:2 | Found Nysawamn's Magic Scroll Emporium.
 33064 | Vaults:2 | Identified a +0 morningstar
 33064 | Vaults:2 | Identified a +0 ring mail
 33064 | Vaults:2 | Identified a +0 dagger of speed
 33064 | Vaults:2 | Identified a +0 dagger
 33064 | Vaults:2 | Identified a +0 scale mail
 33064 | Vaults:2 | Identified a +0 short sword
 33064 | Vaults:2 | Identified a +0 ring mail
 33078 | Vaults:2 | Identified a +0 trident
 33107 | Vaults:2 | Reached XP level 19. HP: 175/175 MP: 25/25
 33168 | Vaults:2 | Bought a scroll of blinking for 135 gold pieces
 33168 | Vaults:2 | Bought a scroll of teleportation for 54 gold pieces
 33176 | Vaults:2 | Identified a +0 mace
 33176 | Vaults:2 | Identified a +0 ring mail of fire resistance
 33269 | Vaults:2 | Identified a +0 shortbow
 33271 | Vaults:2 | Identified a +0 morningstar
 33271 | Vaults:2 | Identified a +0 leather armour
 33272 | Vaults:2 | Identified a +0 shortbow
 33272 | Vaults:2 | Identified a +0 broad axe
 33272 | Vaults:2 | Identified a +0 chain mail
 33272 | Vaults:2 | Identified a +0 shortbow
 33273 | Vaults:2 | Identified a +0 shortbow
 33274 | Vaults:2 | Identified a +0 great mace
 33274 | Vaults:2 | Identified a +0 ring mail
 33275 | Vaults:2 | Identified a +0 halberd
 33275 | Vaults:2 | Identified a +0 chain mail
 33276 | Vaults:2 | Identified a +0 shortbow
 33276 | Vaults:2 | Identified a +0 shortbow
 33295 | Vaults:2 | Identified a +0 long sword
 33295 | Vaults:2 | Identified a +0 ring mail
 33296 | Vaults:2 | Identified a +0 arbalest
 33296 | Vaults:2 | Identified a cursed -2 giant club
 33296 | Vaults:2 | Identified a +0 giant spiked club
 33296 | Vaults:2 | Identified a +0 rapier
 33313 | Vaults:2 | Identified a +0 arbalest of flaming
 33325 | Vaults:2 | Reached skill level 17 in Invocations
 33326 | Vaults:2 | Identified a +0 arbalest
 33326 | Vaults:2 | Identified a +0 arbalest
 33327 | Vaults:2 | Identified a +0 arbalest
 33335 | Vaults:2 | Identified a +2 war axe of venom
 33335 | Vaults:2 | Identified a +0 arbalest
 33405 | Vaults:2 | Identified a +0 great mace
 33405 | Vaults:2 | Identified a +0 ring mail
 33407 | Vaults:2 | Identified a +1 battleaxe of chopping
 33407 | Vaults:2 | Identified a +0 arbalest
 33407 | Vaults:2 | Identified a +0 chain mail
 33415 | Vaults:2 | Identified a +0 great mace
 33415 | Vaults:2 | Identified a +2 scale mail of cold resistance
 33420 | Vaults:2 | Identified a +0 great sword
 33420 | Vaults:2 | Identified a +0 chain mail
 33438 | Vaults:2 | Identified a +2 long sword
 33438 | Vaults:2 | Identified a +0 plate armour
 33438 | Vaults:2 | Identified a cursed +0 shield
 33503 | Vaults:2 | Identified a +0 dagger of venom
 33503 | Vaults:2 | Identified a +0 robe
 33505 | Vaults:2 | Identified a +0 war axe
 33505 | Vaults:2 | Identified a +0 plate armour
 33506 | Vaults:2 | Identified a +0 halberd
 33506 | Vaults:2 | Identified a +0 plate armour
 33508 | Vaults:2 | Identified a +0 falchion
 33508 | Vaults:2 | Identified a +0 leather armour
 33512 | Vaults:2 | Identified a +0 halberd
 33512 | Vaults:2 | Identified a +0 plate armour
 33596 | Vaults:2 | Identified a +0 giant spiked club
 33596 | Vaults:2 | Identified a +0 dire flail
 33598 | Vaults:2 | Identified a +0 spear
 33598 | Vaults:2 | Identified a +0 robe
 33599 | Vaults:2 | Identified a +0 giant club
 33599 | Vaults:2 | Identified a +0 giant spiked club
 33601 | Vaults:2 | Identified +0 ice dragon scales
 33602 | Vaults:2 | Identified a +0 giant club
 33602 | Vaults:2 | Identified a +0 great mace
 33788 | Vaults:2 | Identified a +0 great mace
 33788 | Vaults:2 | Identified a +0 ring mail
 33792 | Vaults:2 | Identified a cursed +0 long sword
 33792 | Vaults:2 | Identified a +0 scale mail
 33793 | Vaults:2 | Identified a +0 arbalest
 33793 | Vaults:2 | Identified a +0 dire flail
 33793 | Vaults:2 | Identified a +0 ring mail
 33807 | Vaults:2 | Identified a +0 war axe
 33807 | Vaults:2 | Identified a +0 ring mail
 33832 | Vaults:2 | Identified a +0 great mace of freezing
 33832 | Vaults:2 | Identified a +0 plate armour
 33836 | Vaults:2 | Identified a +0 arbalest
 33837 | Vaults:2 | Identified a +0 robe
 33852 | Vaults:2 | Identified a +0 dagger
 33852 | Vaults:2 | Identified a +0 scale mail
 33861 | Vaults:2 | Identified a +0 flail
 33861 | Vaults:2 | Identified a +0 scale mail
 33924 | Vaults:2 | Identified a +0 morningstar
 33924 | Vaults:2 | Identified a +0 ring mail
 33976 | Vaults:2 | Found a staircase to the Crypt.
 33977 | Vaults:2 | Identified a +4 bardiche of protection
 33977 | Vaults:2 | Identified a +0 plate armour
 34022 | Vaults:2 | Identified a +0 arbalest
 34025 | Vaults:2 | Identified a +5 war axe of flaming
 34025 | Vaults:2 | Identified a +0 plate armour
 34025 | Vaults:2 | Identified a +0 shield
 34421 | Vaults:2 | Identified a +0 arbalest
 34422 | Vaults:2 | Identified a +0 arbalest
 34535 | Vaults:2 | Identified a +0 dire flail
 34535 | Vaults:2 | Identified a +0 scale mail
 34551 | Vaults:2 | Identified a +0 dagger
 34551 | Vaults:2 | Identified a -3 longbow
 34551 | Vaults:2 | Identified a +0 leather armour
 34551 | Vaults:2 | Identified a cursed +0 long sword
 34697 | Vaults:2 | Identified a +0 arbalest
 34701 | Vaults:2 | Reached skill level 15 in Dodging
 34721 | Vaults:2 | Identified a +0 shortbow
 34790 | Vaults:3 | Identified a +0 shortbow
 34790 | Vaults:3 | Identified a +0 shortbow
 34790 | Vaults:3 | Identified a +0 shortbow
 34790 | Vaults:3 | Identified a +0 shortbow
 34796 | Vaults:3 | Identified a +0 arbalest
 34796 | Vaults:3 | Identified a +0 arbalest
 34797 | Vaults:3 | Identified a +0 great mace
 34797 | Vaults:3 | Identified a +0 ring mail
 34808 | Vaults:3 | Identified a +0 arbalest
 34859 | Vaults:3 | Noticed an entropy weaver
 34860 | Vaults:3 | Identified a +1 dire flail of crushing
 34860 | Vaults:3 | Identified a +0 scale mail
 34865 | Vaults:3 | Identified a +2 great mace of crushing
 34865 | Vaults:3 | Identified a +0 chain mail
 34865 | Vaults:3 | Identified a +0 giant club
 34865 | Vaults:3 | Identified a +0 flail
 34865 | Vaults:3 | Identified a +0 robe
 34867 | Vaults:3 | Killed an entropy weaver
 34884 | Vaults:3 | Identified a +0 giant spiked club
 34884 | Vaults:3 | Identified a +0 giant spiked club
 34884 | Vaults:3 | Identified a +0 halberd of venom
 34884 | Vaults:3 | Identified a cursed +0 chain mail
 34909 | Vaults:3 | Identified a +0 long sword
 34909 | Vaults:3 | Identified a +0 plate armour
 34909 | Vaults:3 | Identified a +0 arbalest
 34910 | Vaults:3 | Identified a +0 arbalest
 34956 | Vaults:3 | Found Goagaelo's Food Emporium.
 34958 | Vaults:3 | Identified a +0 giant spiked club
 34958 | Vaults:3 | Identified a cursed -2 dire flail
 34959 | Vaults:3 | Identified a +0 morningstar
 34959 | Vaults:3 | Identified the cursed +0 arbalest of Kismet {velocity,
                  | Int+2}
 34959 | Vaults:3 | Identified a +0 ring mail
 34959 | Vaults:3 | Identified a +0 giant club
 34959 | Vaults:3 | Identified a +0 giant club
 34973 | Vaults:3 | Identified a +0 giant club
 35014 | Vaults:3 | Identified a +0 trident
 35014 | Vaults:3 | Identified a +0 shortbow
 35014 | Vaults:3 | Identified a +0 plate armour
 35152 | Vaults:3 | Identified a cursed -3 giant spiked club
 35152 | Vaults:3 | Identified a +0 dire flail
 35152 | Vaults:3 | Identified a +0 giant club
 35153 | Vaults:3 | Identified a +4 dire flail
 35153 | Vaults:3 | Identified a +0 giant club
 35155 | Vaults:3 | Identified a +0 giant spiked club
 35155 | Vaults:3 | Identified a +0 giant club
 35179 | Vaults:3 | Identified a +0 dire flail
 35179 | Vaults:3 | Identified a +0 dire flail
 35199 | Vaults:3 | Identified a +0 giant club
 35199 | Vaults:3 | Identified a +0 giant club
 35202 | Vaults:3 | Identified a +0 robe
 35277 | Vaults:3 | Identified a +0 trident
 35277 | Vaults:3 | Identified a +0 chain mail
 35277 | Vaults:3 | Identified a +2 mace of crushing
 35277 | Vaults:3 | Identified a +0 chain mail
 35278 | Vaults:3 | Identified a cursed -3 hand axe
 35278 | Vaults:3 | Identified a +0 plate armour
 35279 | Vaults:3 | Identified a +3 short sword of speed
 35280 | Vaults:3 | Identified a +0 falchion
 35280 | Vaults:3 | Identified a +0 ring mail
 35281 | Vaults:3 | Identified a +0 trident
 35281 | Vaults:3 | Identified a +0 plate armour
 35283 | Vaults:3 | Identified a +0 long sword
 35283 | Vaults:3 | Identified a +0 robe
 35308 | Vaults:3 | Identified a +2 shortbow of flaming
 35312 | Vaults:3 | Identified a +0 shortbow
 35312 | Vaults:3 | Identified a +0 shortbow
 35313 | Vaults:3 | Identified a +0 shortbow
 35361 | Vaults:3 | Identified a +0 arbalest
 35368 | Vaults:3 | Identified a +0 arbalest
 35374 | Vaults:3 | Identified a +2 arbalest of velocity
 35374 | Vaults:3 | Identified a +1 battleaxe
 35374 | Vaults:3 | Identified a +0 chain mail
 35376 | Vaults:3 | Identified a +0 arbalest
 35378 | Vaults:3 | Identified a +0 battleaxe
 35378 | Vaults:3 | Identified a +0 plate armour
 35378 | Vaults:3 | Identified a +2 arbalest of freezing
 35380 | Vaults:3 | Identified a +0 arbalest
 35402 | Vaults:3 | Reached XP level 20. HP: 186/186 MP: 26/26
 35441 | Vaults:3 | Identified a +0 dire flail
 35441 | Vaults:3 | Identified a cursed +0 plate armour
 35442 | Vaults:3 | Identified a +3 battleaxe
 35442 | Vaults:3 | Identified a +0 plate armour
 35445 | Vaults:3 | Identified a +0 troll leather armour
 35458 | Vaults:3 | Reached skill level 16 in Evocations
 35469 | Vaults:3 | Identified a cursed -2 giant spiked club
 35469 | Vaults:3 | Identified a +0 giant club
 35469 | Vaults:3 | Identified a +0 robe
 35474 | Vaults:3 | Identified a +0 giant spiked club
 35474 | Vaults:3 | Identified a +0 dire flail
 35477 | Vaults:3 | Identified a +0 dire flail
 35477 | Vaults:3 | Identified a +0 scale mail
 35488 | Vaults:3 | Reached skill level 15 in Shields
 35554 | Vaults:3 | Identified a +0 shortbow
 35577 | Vaults:3 | Identified a +0 war axe
 35577 | Vaults:3 | Identified a +0 scale mail
 35602 | Vaults:3 | Identified a +0 mace
 35602 | Vaults:3 | Identified a +0 ring mail
 35632 | Vaults:3 | Identified a +0 morningstar
 35632 | Vaults:3 | Identified a +0 scale mail
 35684 | Vaults:3 | Identified a +0 long sword
 35684 | Vaults:3 | Identified a +0 dagger
 35684 | Vaults:3 | Identified a +5 longbow
 35684 | Vaults:3 | Identified a +0 leather armour
 35685 | Vaults:3 | Identified a +0 long sword
 35685 | Vaults:3 | Identified a cursed -2 leather armour
 35690 | Vaults:3 | Identified a +0 scimitar
 35690 | Vaults:3 | Identified a +0 shortbow
 35690 | Vaults:3 | Identified a +0 leather armour
 35705 | Vaults:3 | Identified a +4 long sword of slicing
 35820 | Vaults:3 | Identified a +2 broad axe
 35820 | Vaults:3 | Identified a +0 chain mail
 35820 | Vaults:3 | Identified a +0 flail
 35932 | Vaults:3 | You fall into a shaft and drop 1 floor!
 35932 | Vaults:4 | Identified a +0 dire flail
 35932 | Vaults:4 | Identified a +0 ring mail
 35955 | Vaults:4 | Reached skill level 15 in Armour
 35998 | Vaults:4 | Identified a +0 dire flail of protection
 35998 | Vaults:4 | Identified a +0 leather armour
 36020 | Vaults:4 | Reached skill level 13 in Fighting
 36025 | Vaults:4 | Identified a +0 troll leather armour
 36098 | Vaults:4 | Identified a +2 battleaxe of freezing
 36107 | Vaults:4 | Reached skill level 16 in Dodging
 36136 | Vaults:4 | Reached skill level 18 in Invocations
 36158 | Vaults:4 | Identified a +1 battleaxe of freezing
 36175 | Vaults:4 | Found a large runed translucent door.
 36175 | Vaults:4 | Found a large runed translucent door.
 36175 | Vaults:4 | Found a large runed translucent door.
 36175 | Vaults:4 | Found a large runed translucent door.
 36175 | Vaults:4 | Found a large runed translucent door.
 36175 | Vaults:4 | Found a large runed translucent door.
 36175 | Vaults:4 | Identified a +2 long sword of distortion
 36175 | Vaults:4 | Identified a +0 plate armour
 36175 | Vaults:4 | Identified a +0 large shield
 36175 | Vaults:4 | Noticed corvin's ghost (veteran TrBe)
 36175 | Vaults:4 | Identified a +0 falchion
 36175 | Vaults:4 | Identified a +0 arbalest
 36175 | Vaults:4 | Identified a +0 scale mail
 36175 | Vaults:4 | Identified a +0 morningstar
 36175 | Vaults:4 | Identified a +0 ring mail
 36176 | Vaults:4 | Identified the +5 hand crossbow of Zagoidot {venom, +Fly
                  | Str+4 Int+4 Stlth-}
 36176 | Vaults:4 | Identified a +2 great mace of protection
 36176 | Vaults:4 | Found a large runed translucent door.
 36176 | Vaults:4 | Found a large runed translucent door.
 36225 | Vaults:4 | Identified a +0 long sword
 36240 | Vaults:4 | Identified a +0 scimitar
 36240 | Vaults:4 | Identified a +0 longbow
 36240 | Vaults:4 | Identified a +0 ring mail
 36240 | Vaults:4 | Identified a +0 long sword
 36240 | Vaults:4 | Identified a +0 buckler
 36241 | Vaults:4 | Identified a +0 scimitar
 36242 | Vaults:4 | Identified a +0 dagger
 36242 | Vaults:4 | Identified a +0 scale mail
 36313 | Vaults:4 | Identified a +0 halberd
 36313 | Vaults:4 | Identified a cursed +0 robe
 36313 | Vaults:4 | Identified a +0 giant club
 36313 | Vaults:4 | Identified a +0 giant spiked club
 36313 | Vaults:4 | Identified a cursed -2 giant club
 36314 | Vaults:4 | Identified a +0 giant club
 36314 | Vaults:4 | Identified a +0 giant spiked club
 36315 | Vaults:4 | Identified a +0 giant club
 36315 | Vaults:4 | Identified a +0 giant spiked club
 36359 | Vaults:4 | Noticed an entropy weaver
 36361 | Vaults:4 | Identified a +0 dagger
 36361 | Vaults:4 | Identified a +0 longbow
 36361 | Vaults:4 | Identified a +0 leather armour
 36362 | Vaults:4 | Identified a +0 long sword
 36362 | Vaults:4 | Identified a +0 arbalest
 36362 | Vaults:4 | Identified a +0 scale mail
 36362 | Vaults:4 | Identified an uncursed ring of positive energy
 36363 | Vaults:4 | Identified a +3 great mace of draining
 36367 | Vaults:4 | Killed an entropy weaver
 36373 | Vaults:4 | Identified a +0 rapier
 36373 | Vaults:4 | Identified a +0 ring mail
 36373 | Vaults:4 | Identified a cursed -1 great mace
 36373 | Vaults:4 | Identified a +0 ring mail
 36373 | Vaults:4 | Identified a +0 dagger
 36373 | Vaults:4 | Identified a +0 chain mail
 36373 | Vaults:4 | Identified a +0 dagger
 36373 | Vaults:4 | Identified a +0 longbow
 36373 | Vaults:4 | Identified a +0 leather armour
 36373 | Vaults:4 | Identified a +0 short sword
 36373 | Vaults:4 | Identified a +0 longbow
 36373 | Vaults:4 | Identified a +0 leather armour
 36374 | Vaults:4 | Identified a +0 dire flail
 36374 | Vaults:4 | Identified a +0 dire flail
 36375 | Vaults:4 | Identified a +0 long sword
 36375 | Vaults:4 | Identified a +0 leather armour
 36375 | Vaults:4 | Identified a +0 spear
 36375 | Vaults:4 | Identified a +0 robe
 36377 | Vaults:4 | Identified a +0 battleaxe
 36377 | Vaults:4 | Identified a +0 plate armour
 36378 | Vaults:4 | Identified a +0 great mace
 36378 | Vaults:4 | Identified a +0 scale mail
 36379 | Vaults:4 | Identified a +1 long sword of slicing
 36379 | Vaults:4 | Identified a +0 ring mail
 36385 | Vaults:4 | Identified a +4 long sword of venom
 36385 | Vaults:4 | Identified a +4 ring mail of poison resistance
 36385 | Vaults:4 | Identified a +1 buckler of protection
 36474 | Vaults:4 | Identified a +0 arbalest
 36491 | Vaults:4 | Identified a +0 arbalest of velocity
 36493 | Vaults:4 | Identified a +0 arbalest
 36493 | Vaults:4 | Identified a +0 arbalest
 36549 | Vaults:4 | Identified a +0 arbalest
 36559 | Vaults:4 | Identified a +0 bardiche
 36559 | Vaults:4 | Identified a +3 chain mail
 36560 | Vaults:4 | Identified a +4 mace of protection
 36560 | Vaults:4 | Identified a +0 chain mail
 36561 | Vaults:4 | Identified a +0 plate armour
 36796 | Vaults:4 | Identified a +0 long sword
 36796 | Vaults:4 | Identified a +0 long sword
 36796 | Vaults:4 | Identified a +0 short sword
 36796 | Vaults:4 | Noticed a deep elf demonologist
 36797 | Vaults:4 | Identified a +2 great mace of draining
 36797 | Vaults:4 | Identified a +0 leather armour
 36797 | Vaults:4 | Identified a +0 dagger
 36797 | Vaults:4 | Identified a +0 longbow
 36797 | Vaults:4 | Identified a +0 leather armour
 36829 | Vaults:4 | Killed a deep elf demonologist
 36896 | Vaults:4 | Identified a +0 bardiche
 36896 | Vaults:4 | Identified a +0 chain mail
 36899 | Vaults:4 | Identified a +0 long sword
 36899 | Vaults:4 | Identified a +0 arbalest
 36899 | Vaults:4 | Identified a +0 plate armour
 36900 | Vaults:4 | Identified a +0 morningstar
 36900 | Vaults:4 | Identified a +0 arbalest
 36900 | Vaults:4 | Identified a +0 ring mail
 36919 | Vaults:4 | Identified a +0 great mace
 36919 | Vaults:4 | Identified a +0 ring mail
 36924 | Vaults:4 | Identified a +0 morningstar of distortion
 36924 | Vaults:4 | Identified a +0 ring mail
 36927 | Vaults:4 | Identified a +0 morningstar
 36927 | Vaults:4 | Identified a +0 scale mail
 36929 | Vaults:4 | Identified a +0 short sword
 36929 | Vaults:4 | Identified a +0 shortbow
 36929 | Vaults:4 | Identified a +0 leather armour
 36930 | Vaults:4 | Identified a +0 long sword
 36933 | Vaults:4 | Identified a +2 war axe of draining
 36933 | Vaults:4 | Identified a +0 chain mail
 36933 | Vaults:4 | Identified a +0 shield
 36934 | Vaults:4 | Identified a +0 dire flail
 36934 | Vaults:4 | Identified a +0 ring mail
 36936 | Vaults:4 | Identified a +0 great sword
 36936 | Vaults:4 | Identified a +0 plate armour
 36937 | Vaults:4 | Identified a +0 arbalest
 36938 | Vaults:4 | Identified a +0 great mace
 36938 | Vaults:4 | Identified a +0 chain mail
 36940 | Vaults:4 | Identified a cursed -3 arbalest
 36943 | Vaults:4 | Identified a +2 arbalest of flaming
 36946 | Vaults:4 | Identified a +0 war axe
 36946 | Vaults:4 | Identified a +0 plate armour
 36946 | Vaults:4 | Identified a +0 arbalest
 36947 | Vaults:4 | Identified a +0 arbalest
 36956 | Vaults:4 | Identified a +0 arbalest
 36969 | Vaults:4 | Reached skill level 17 in Dodging
 37000 | Vaults:4 | Identified a +0 trident
 37000 | Vaults:4 | Identified a +0 plate armour
 37195 | Vaults:4 | Identified a +0 morningstar
 37195 | Vaults:4 | Identified a +3 leather armour
 37195 | Vaults:4 | Identified a +2 vampiric dagger
 37195 | Vaults:4 | Identified a +0 chain mail
 37195 | Vaults:4 | Identified a +0 long sword
 37240 | Vaults:4 | Identified a +0 great mace
 37240 | Vaults:4 | Identified a cursed +0 chain mail
 37241 | Vaults:4 | Identified a +2 flail of protection
 37241 | Vaults:4 | Identified a +0 ring mail of cold resistance
 37242 | Vaults:4 | Identified a +1 great sword of electrocution
 37242 | Vaults:4 | Identified a +0 chain mail
 37263 | Vaults:4 | Reached skill level 17 in Evocations
 37265 | Vaults:4 | Cast into level 4 of the Abyss (vault warden)
 37332 | Abyss:4  | Identified a +4 scimitar of flaming
 37360 | Abyss:4  | Reached XP level 21. HP: 172/195 MP: 28/28
 37372 | Abyss:4  | Identified a +4 scimitar of holy wrath
 37372 | Abyss:4  | Identified a +0 large shield
 37521 | Abyss:4  | Identified a +0 long sword
 37521 | Abyss:4  | Identified a +0 robe
 37543 | Abyss:4  | Paralysed by accursed screaming for 1 turns
 37585 | Abyss:4  | Paralysed by you for 6 turns
 37597 | Abyss:4  | Identified a +0 long sword
 37597 | Abyss:4  | Identified a +0 robe
 37642 | Abyss:4  | Gained mutation: Your magical capacity is low. (-10% MP) [a
                  | neqoxec]
 37834 | Vaults:4 | Escaped the Abyss
 38393 | Vaults:3 | Identified a +0 glaive
 38393 | Vaults:3 | Identified a +0 plate armour
 38395 | Vaults:3 | Identified a +0 hand axe
 38486 | Vaults:3 | Identified a +0 leather armour
 38486 | Vaults:3 | Noticed an entropy weaver
 38500 | Vaults:3 | Killed an entropy weaver
 38724 | Vaults:3 | Identified a +2 battleaxe of flaming
 38724 | Vaults:3 | Identified a +0 chain mail
 38911 | Vaults:4 | Got a transparent plate armour
 38922 | Vaults:4 | Identified the cursed +0 plate armour of Oriwigof {rF- rC+
                  | Dex+5} (You found it on level 4 of the Vaults)
 39526 | Elf:1    | Entered Level 1 of the Elven Halls
 39526 | Elf:1    | Identified a +6 battleaxe of chopping
 39559 | Elf:1    | Identified a +0 dagger
 39562 | Elf:1    | Identified a +0 rapier
 39562 | Elf:1    | Identified a +0 scale mail
 39563 | Elf:1    | Identified a +0 dagger
 39563 | Elf:1    | Identified a +0 robe
 39566 | Elf:1    | Identified a +0 short sword
 39631 | Elf:1    | Identified a +0 long sword
 39708 | Elf:1    | Found Qiaj's Distillery.
 39711 | Elf:1    | Bought a potion of heal wounds for 100 gold pieces
 39711 | Elf:1    | Bought a potion of resistance for 200 gold pieces
 39711 | Elf:1    | Bought a potion of might for 80 gold pieces
 39746 | Elf:1    | Identified a +1 scimitar of holy wrath
 39776 | Elf:1    | Identified the Volume of Unholy Rites
 39903 | Elf:1    | Identified a +4 halberd of chopping
 39913 | Elf:1    | Identified a +1 long sword of slicing
 39925 | Elf:1    | Identified a +1 rapier of holy wrath
 39925 | Elf:1    | Identified a +0 ring mail
 39931 | Elf:1    | Identified a +0 long sword
 39940 | Elf:1    | Identified a +2 war axe of flaming
 40050 | Elf:1    | Identified a +4 war axe of venom
 40069 | Elf:1    | Identified a +2 hand axe of chopping
 40079 | Elf:1    | Identified a cursed -1 shortbow
 40079 | Elf:1    | Identified a +0 short sword
 40079 | Elf:1    | Identified a +0 buckler
 40079 | Elf:1    | Identified a +0 dagger
 40079 | Elf:1    | Identified a +0 leather armour
 40079 | Elf:1    | Identified a cursed -2 long sword
 40079 | Elf:1    | Identified a +0 long sword
 40080 | Elf:1    | Identified a +0 dagger
 40105 | Elf:1    | Identified a +0 short sword
 40151 | Elf:1    | Identified a +1 demon trident of electrocution
 40178 | Elf:1    | Lost mutation: You are agile. (Dex +2) [a neqoxec]
 40283 | Elf:1    | Identified a cursed -2 dagger
 40306 | Elf:1    | Identified a +0 long sword
 40306 | Elf:1    | Identified a +0 leather armour
 40306 | Elf:1    | Identified a +0 buckler
 40306 | Elf:1    | Identified a +1 flail of protection
 40323 | Elf:1    | Identified a +0 dagger
 40478 | Elf:2    | Identified a +0 scimitar
 40478 | Elf:2    | Identified a +0 leather armour
 40478 | Elf:2    | Identified a +0 long sword
 40478 | Elf:2    | Noticed a deep elf sorcerer
 40478 | Elf:2    | Identified a +0 scimitar
 40478 | Elf:2    | Identified a cursed +0 scale mail
 40478 | Elf:2    | Identified a +4 short sword of venom
 40478 | Elf:2    | Identified a +0 short sword
 40478 | Elf:2    | Identified a +0 ring mail
 40478 | Elf:2    | Identified a +2 mace of draining
 40478 | Elf:2    | Identified a +0 longbow
 40478 | Elf:2    | Identified a +0 rapier
 40478 | Elf:2    | Identified a +0 ring mail
 40483 | Elf:2    | Identified a +0 short sword
 40500 | Elf:1    | Reached skill level 16 in Armour
 40512 | Elf:2    | Killed a deep elf sorcerer
 40522 | Elf:2    | Identified a +0 dagger
 40522 | Elf:2    | Identified a +0 shortbow
 40522 | Elf:2    | Identified a +0 leather armour
 40529 | Elf:2    | Identified a +0 short sword
 40529 | Elf:2    | Identified a +0 rapier
 40531 | Elf:2    | Identified a +0 long sword
 40531 | Elf:2    | Identified a +0 leather armour
 40533 | Elf:2    | Identified a +0 rapier
 40540 | Elf:2    | Identified a +0 long sword
 40546 | Elf:2    | Reached skill level 19 in Invocations
 40570 | Elf:2    | Found a runed translucent gate.
 40570 | Elf:2    | Found a runed translucent gate.
 40570 | Elf:2    | Found a runed translucent gate.
 40579 | Elf:2    | Noticed agentgt's ghost (adept HuVM)
 40580 | Elf:2    | Noticed Bombadill's ghost (adept BaCj)
 40585 | Elf:2    | Noticed Qoavya's ghost (veteran VSAK)
 40585 | Elf:2    | Noticed Heg Cuhi's ghost (adept MiFi)
 40591 | Elf:2    | Identified an amulet of guardian spirit (You found it on
                  | level 2 of the Elven Halls)
 40621 | Elf:2    | Noticed Vaze's ghost (adept MiBe)
 40627 | Elf:2    | Identified a +0 long sword
 40627 | Elf:2    | Identified a +0 ring mail
 40656 | Elf:2    | Found Hysuvvufi's Weapon Emporium.
 40779 | Elf:2    | Identified a +0 scimitar of slicing
 40780 | Elf:2    | Identified a +0 long sword
 40780 | Elf:2    | Identified a +0 long sword
 40780 | Elf:2    | Identified a +0 leather armour
 40782 | Elf:2    | Identified a +0 long sword
 40785 | Elf:2    | Identified a +3 long sword of draining
 40786 | Elf:2    | Identified a +0 dagger
 40786 | Elf:2    | Identified a +0 longbow
 40786 | Elf:2    | Identified a +0 leather armour
 40892 | Elf:2    | Identified a +0 short sword
 40892 | Elf:2    | Identified a +0 shortbow
 40892 | Elf:2    | Identified a +0 leather armour
 40892 | Elf:2    | Identified a +0 bardiche
 40892 | Elf:2    | Identified a +0 mace
 40930 | Elf:2    | Identified a +0 morningstar
 40934 | Elf:2    | Identified a +3 short sword
 40967 | Elf:2    | Identified a +0 mace
 40967 | Elf:2    | Identified a +0 mace
 40997 | Elf:2    | Identified a +0 long sword
 40997 | Elf:2    | Identified a +0 robe
 41000 | Elf:2    | Found a ruined gateway.
 41019 | Desolati | Entered the Desolation of Salt
 41046 | Desolati | Identified a +0 flail
 41046 | Desolati | Identified a cursed +0 ring mail
 41048 | Desolati | Identified a +0 rapier
 41048 | Desolati | Identified a +0 robe
 41091 | Desolati | Identified a +0 rapier
 41091 | Desolati | Identified a +0 robe
 41125 | Desolati | Reached skill level 18 in Dodging
 41218 | Desolati | Identified a +0 dire flail
 41218 | Desolati | Identified a +0 ring mail
 41271 | Desolati | Identified a cursed -2 spear
 41271 | Desolati | Identified a +0 robe
 41319 | Desolati | Identified a +0 long sword
 41319 | Desolati | Identified a +0 robe of cold resistance
 41330 | Desolati | Identified a +0 whip
 41330 | Desolati | Identified a +0 robe
 41363 | Desolati | Identified a +0 dagger
 41363 | Desolati | Identified a +0 robe
 41363 | Desolati | Identified a +0 scimitar
 41363 | Desolati | Identified a +0 leather armour
 41363 | Desolati | Identified a +0 dagger
 41363 | Desolati | Identified a +0 robe
 41392 | Desolati | Reached skill level 14 in Fighting
 41417 | Desolati | Got a flickering lapis lazuli ring
 41418 | Desolati | Identified the ring of Romiklas {*Tele +Inv Dex+5} (You
                  | found it in the Desolation of Salt)
 41429 | Desolati | Identified the amulet "Suuq" {+Rage Int+2} (You found it in
                  | the Desolation of Salt)
 41686 | Desolati | Identified a +0 spear
 41686 | Desolati | Identified a +0 robe
 41730 | Desolati | Identified a +0 spear
 41730 | Desolati | Identified a +0 robe
 41766 | Desolati | Identified a +0 whip
 41766 | Desolati | Identified a +0 robe
 41780 | Desolati | Identified a +0 flail of protection
 41780 | Desolati | Identified a +3 hand axe of electrocution
 41780 | Desolati | Identified a +0 mace
 41781 | Desolati | Identified a +0 flail
 41782 | Desolati | Identified a +0 mace
 41783 | Desolati | Identified a +0 long sword of freezing
 41783 | Desolati | Identified a +0 spear
 41783 | Desolati | Identified a +0 robe
 41841 | Desolati | Identified the Incunabulum of the Compass
 41843 | Desolati | Identified the Collected Works on Toxic Lightness
 41851 | Desolati | Identified a +3 war axe of chopping (You found it in the
                  | Desolation of Salt)
 41853 | Desolati | Identified the ring "Tobuor" {*Slow +Inv +Fly rF- Str+3}
                  | (You found it in the Desolation of Salt)
 41943 | Desolati | Identified a +0 spear of venom
 41943 | Desolati | Identified a +0 robe
 42002 | Desolati | Identified a +0 club
 42002 | Desolati | Identified a +0 robe
 42005 | Desolati | Identified a +0 scimitar
 42005 | Desolati | Identified a +0 leather armour
 42012 | Desolati | Identified a +0 rapier
 42012 | Desolati | Identified a +0 robe
 42057 | Desolati | Found the +6 shillelagh "Devastator" {shatter}
 42060 | Desolati | Identified the ring "Ikhoque" {+Fly rPois Int-4 Dex+3} (You
                  | found it in the Desolation of Salt)
 42061 | Desolati | Identified Jussiy's Collected Works on Dislocated Earth
 42065 | Desolati | Identified Udidiqaung's Incunabulum of Hurtful Execration
 42082 | Desolati | Identified a +0 dire flail
 42082 | Desolati | Identified a +0 ring mail
 42082 | Desolati | Identified a cursed +0 mace
 42120 | Desolati | Identified a +0 long sword
 42120 | Desolati | Identified a +0 robe
 42120 | Desolati | Identified a +0 spear
 42120 | Desolati | Identified a +0 robe
 42265 | Elf:2    | Identified a +0 dire flail
 42268 | Elf:2    | Reached skill level 18 in Evocations
 42279 | Elf:2    | Identified a +0 long sword
 42279 | Elf:2    | Identified a +0 leather armour
 42282 | Elf:2    | Identified a +0 short sword
 42282 | Elf:2    | Identified a +0 buckler
 42282 | Elf:2    | Identified a +0 dagger
 42282 | Elf:2    | Reached XP level 22. HP: 206/206 MP: 26/26
 42284 | Elf:2    | Identified a +0 rapier
 42284 | Elf:2    | Identified a +0 leather armour
 42285 | Elf:2    | Identified a +0 flail
 42287 | Elf:2    | Identified a +0 long sword
 42287 | Elf:2    | Identified a +0 leather armour
 42330 | Elf:2    | Identified a cursed -2 dagger
 42330 | Elf:2    | Identified a +0 leather armour
 42353 | Elf:2    | Identified a +4 dagger
 42359 | Elf:2    | Found a runed translucent gate.
 42360 | Elf:2    | Found a runed translucent gate.
 42362 | Elf:2    | Found a runed translucent gate.
 42370 | Elf:2    | Identified a +2 dagger
 42441 | Elf:2    | Identified a +0 long sword
 42441 | Elf:2    | Identified a +1 shortbow of freezing
 42441 | Elf:2    | Identified a +0 scimitar
 42441 | Elf:2    | Identified a +0 chain mail
 42441 | Elf:2    | Identified a +0 buckler
 42442 | Elf:2    | Identified a +5 war axe of flaming
 42447 | Elf:2    | Identified a +0 scimitar
 42453 | Elf:2    | Identified a +4 scimitar of holy wrath
 42456 | Elf:2    | Identified a +2 glaive of chopping
 42468 | Elf:2    | Identified a +1 glaive of venom
 42484 | Elf:2    | Identified a +2 triple sword of distortion
 42528 | Elf:2    | Identified a +3 antimagic halberd
 42543 | Elf:2    | Identified a +0 long sword
 42555 | Elf:2    | Identified a +2 scimitar of distortion
 42555 | Elf:2    | Identified a +0 leather armour
 42555 | Elf:2    | Identified a +0 buckler
 42555 | Elf:2    | Identified a cursed -2 long sword
 42558 | Elf:2    | Identified a +2 halberd of freezing
 42590 | Elf:2    | Identified a +0 dagger of venom
 42590 | Elf:2    | Identified a +0 chain mail
 42626 | Elf:2    | Identified a +0 short sword
 42626 | Elf:2    | Identified a +0 longbow
 42630 | Elf:2    | Identified a +3 trident of flaming
 42649 | Elf:2    | Identified a +2 dire flail of protection
 42697 | Elf:2    | Identified a +1 trident of distortion
 42801 | Elf:2    | Identified a +0 long sword
 42801 | Elf:2    | Identified a +0 leather armour
 42804 | Elf:2    | Identified a +0 scimitar
 42804 | Elf:2    | Identified a +0 buckler
 42804 | Elf:2    | Identified a +1 glaive of venom
 42804 | Elf:2    | Identified a +0 short sword
 42806 | Elf:2    | Identified a +1 vampiric short sword
 42811 | Elf:2    | Identified a +1 glaive of freezing
 42829 | Elf:2    | Identified a +0 long sword
 42829 | Elf:2    | Identified a +0 leather armour
 42832 | Elf:2    | Identified a +2 vampiric lajatang
 43029 | Elf:3    | Entered Level 3 of the Elven Halls
 43047 | Elf:3    | Identified a cursed -3 rapier
 43072 | Elf:3    | Identified a +0 short sword
 43072 | Elf:3    | Identified a +0 shortbow
 43072 | Elf:3    | Identified a +0 leather armour
 43072 | Elf:3    | Identified a +0 rapier
 43072 | Elf:3    | Identified a +0 leather armour
 43072 | Elf:3    | Identified a +0 short sword
 43072 | Elf:3    | Identified a +0 shortbow
 43072 | Elf:3    | Identified a +0 leather armour
 43074 | Elf:3    | Identified a +0 dagger
 43074 | Elf:3    | Identified a +0 longbow
 43074 | Elf:3    | Identified a +0 leather armour
 43082 | Elf:3    | Identified a +0 rapier
 43229 | Elf:3    | Identified a +0 dagger
 43229 | Elf:3    | Identified a +0 leather armour
 43348 | Elf:3    | Identified a +0 long sword
 43348 | Elf:3    | Identified a +0 ring mail
 43348 | Elf:3    | Identified a +0 long sword
 43348 | Elf:3    | Identified a +0 scimitar
 43348 | Elf:3    | Identified a +0 short sword
 43348 | Elf:3    | Identified a +0 shortbow
 43348 | Elf:3    | Identified a +0 leather armour
 43348 | Elf:3    | Identified a +0 rapier
 43435 | Elf:3    | Identified a +0 hand axe
 43435 | Elf:3    | Identified a +0 scale mail
 43435 | Elf:3    | Identified a +1 hand axe of venom
 43435 | Elf:3    | Identified a +0 hand axe
 43460 | Elf:3    | Identified a +0 war axe
 43460 | Elf:3    | Identified a +0 leather armour
 43597 | Elf:3    | Identified a +0 long sword
 43597 | Elf:3    | Identified a +0 ring mail
 43598 | Elf:3    | Identified a +0 long sword
 43599 | Elf:3    | Identified a +0 long sword
 43606 | Elf:3    | Identified a +1 long sword of holy wrath
 43606 | Elf:3    | Identified a cursed +0 ring mail
 43608 | Elf:3    | Identified a +0 long sword
 43608 | Elf:3    | Identified a +0 long sword
 43610 | Elf:3    | Identified a +0 short sword
 43610 | Elf:3    | Noticed a deep elf demonologist
 43622 | Elf:3    | Killed a deep elf demonologist
 43624 | Elf:3    | Identified a +0 long sword
 43624 | Elf:3    | Identified a +0 scale mail
 43643 | Elf:3    | Identified a +0 long sword
 43643 | Elf:3    | Identified a cursed +0 leather armour
 43645 | Elf:3    | Identified a +0 long sword
 43645 | Elf:3    | Identified a +0 shortbow
 43645 | Elf:3    | Identified a +0 leather armour
 43649 | Elf:3    | Identified a +0 long sword
 43650 | Elf:3    | Identified a +0 scimitar
 43650 | Elf:3    | Identified a +0 long sword
 43650 | Elf:3    | Noticed a deep elf demonologist
 43650 | Elf:3    | Identified a +0 long sword
 43650 | Elf:3    | Identified a +0 leather armour
 43650 | Elf:3    | Identified a +0 dagger
 43650 | Elf:3    | Identified a +0 leather armour
 43651 | Elf:3    | Identified a +0 dagger
 43651 | Elf:3    | Identified a cursed +0 leather armour
 43651 | Elf:3    | Noticed a deep elf sorcerer
 43656 | Elf:3    | Identified a +3 long sword of slicing
 43663 | Elf:3    | Identified a +0 long sword of electrocution
 43663 | Elf:3    | Identified a +0 long sword
 43663 | Elf:3    | Noticed a deep elf sorcerer
 43672 | Elf:3    | Identified a +0 long sword
 43672 | Elf:3    | Identified a +0 leather armour
 43673 | Elf:3    | Killed a deep elf sorcerer
 43675 | Elf:3    | Identified a +0 rapier
 43675 | Elf:3    | Identified a +0 long sword
 43675 | Elf:3    | Identified a +0 ring mail
 43675 | Elf:3    | Noticed a deep elf sorcerer
 43679 | Elf:3    | Identified a +0 long sword
 43679 | Elf:3    | Identified a +0 leather armour
 43688 | Elf:3    | Killed a deep elf sorcerer
 43694 | Elf:3    | Killed a deep elf sorcerer
 43695 | Elf:3    | Killed a deep elf demonologist
 43710 | Elf:3    | Identified a +1 short sword of flaming
 43724 | Elf:3    | Identified a +0 quick blade
 43724 | Elf:3    | Identified a +0 quick blade
 43724 | Elf:3    | Identified a +2 leather armour of poison resistance
 43745 | Elf:3    | Identified a +0 longbow
 43745 | Elf:3    | Identified a +0 leather armour
 43797 | Elf:3    | Identified a +0 rapier
 43797 | Elf:3    | Identified a +0 chain mail
 43799 | Elf:3    | Identified the +6 lajatang of Ditta {elec, *Rage rN+++
                  | Str+2 Dex-5}
 43799 | Elf:3    | Identified a +0 leather armour of fire resistance
 43799 | Elf:3    | Identified the +1 robe "Zisoag" {MP+9 Dex+4}
 43800 | Elf:3    | Identified a cursed -3 long sword
 43805 | Elf:3    | Identified a +2 great sword of holy wrath
 43805 | Elf:3    | Identified the +3 leather armour of Beogh's Esteem {rPois
                  | Int-3 Dex+3}
 43822 | Elf:3    | Identified a +0 rapier
 43822 | Elf:3    | Identified a +0 robe
 43822 | Elf:3    | Noticed a deep elf sorcerer
 43828 | Elf:3    | Reached skill level 19 in Dodging
 43828 | Elf:3    | Reached skill level 16 in Shields
 43834 | Elf:3    | Killed a deep elf sorcerer
 43865 | Elf:3    | Identified a +5 short sword of draining
 43890 | Elf:3    | Identified a +0 long sword of slicing
 43890 | Elf:3    | Identified a +0 rapier
 43890 | Elf:3    | Identified a cursed +0 leather armour
 43911 | Elf:3    | Identified a +1 dagger of holy wrath
 43911 | Elf:3    | Identified a +0 shortbow
 43911 | Elf:3    | Identified a +3 plate armour of magic resistance
 43911 | Elf:3    | Identified an uncursed ring of magical power
 43949 | Elf:3    | Learned a level 2 spell: Blink
 43950 | Elf:3    | Identified a ring of stealth (You found it on level 3 of
                  | the Elven Halls)
 43953 | Elf:3    | Identified the Handbook of Evil Heat
 44009 | Elf:3    | Identified a +1 crystal plate armour (You found it on level
                  | 3 of the Elven Halls)
 44011 | Elf:3    | Identified the +0 pair of gloves "Oruut" {rPois MP+9 Str+2
                  | Int+4} (You found it on level 3 of the Elven Halls)
 44142 | Elf:3    | Identified a +4 battleaxe of electrocution
 44263 | Elf:3    | Identified a +0 short sword
 44266 | Elf:3    | Identified a +0 long sword
 44268 | Elf:3    | Identified a +0 long sword
 44268 | Elf:3    | Identified a +0 ring mail
 44273 | Elf:3    | Identified a -1 short sword
 44273 | Elf:3    | Identified a +0 shortbow
 44273 | Elf:3    | Identified a +0 leather armour
 44273 | Elf:3    | Identified a +0 short sword
 44273 | Elf:3    | Noticed a deep elf demonologist
 44277 | Elf:3    | Identified a +0 trident
 44277 | Elf:3    | Identified a +2 scythe of protection
 44297 | Elf:3    | Identified a +0 trident
 44297 | Elf:3    | Killed a deep elf demonologist
 44353 | Elf:3    | Identified a +0 rapier
 44522 | Elf:3    | Identified a +0 scimitar
 44522 | Elf:3    | Identified a +0 ring mail
 44522 | Elf:3    | Identified a +0 buckler
 44988 | Depths:1 | Entered Level 1 of the Depths
 45087 | Depths:1 | Identified a +0 giant club
 45087 | Depths:1 | Identified a +0 giant club
 45093 | Depths:1 | Identified a +0 giant club
 45093 | Depths:1 | Identified a +0 giant club
 45102 | Depths:1 | Identified a +0 giant spiked club
 45102 | Depths:1 | Identified a +0 giant spiked club
 45102 | Depths:1 | Identified a +0 giant spiked club
 45102 | Depths:1 | Identified a +0 giant spiked club
 45102 | Depths:1 | Identified a +0 flail
 45102 | Depths:1 | Identified a +0 robe
 45104 | Depths:1 | Identified a +0 giant spiked club
 45127 | Depths:1 | HP: 42/207 [flayed ghost/flay_damage (21)]
 45138 | Depths:1 | Identified a +0 giant club
 45138 | Depths:1 | Identified a +0 dire flail
 45347 | Depths:1 | Identified a +0 troll leather armour
 45353 | Depths:1 | Identified a +0 troll leather armour
 45419 | Depths:1 | Identified a +0 longbow
 45423 | Depths:1 | Identified a +0 whip
 45423 | Depths:1 | Identified a +0 robe
 45560 | Depths:1 | Identified a +0 arbalest
 45570 | Depths:1 | Identified a cursed -3 arbalest
 45570 | Depths:1 | Identified a +0 arbalest
 45579 | Depths:1 | Reached skill level 1 in Spellcasting
 45654 | Depths:1 | Reached skill level 20 in Invocations
 45727 | Depths:1 | Reached skill level 1 in Translocations
 45748 | Depths:1 | Identified a +0 troll leather armour
 45753 | Depths:1 | Identified a +0 troll leather armour
 45789 | Depths:1 | Identified a +0 long sword
 45789 | Depths:1 | Identified a +0 robe
 45849 | Depths:1 | Identified a +0 trident
 45849 | Depths:1 | Identified a +0 robe
 45849 | Depths:1 | Identified a +2 battleaxe
 45849 | Depths:1 | Identified a +0 leather armour
 45861 | Depths:1 | Identified a +0 hand axe of flaming
 45861 | Depths:1 | Identified a +0 robe
 45867 | Depths:1 | Identified a +0 dire flail
 45867 | Depths:1 | Identified a +0 dire flail
 45928 | Depths:1 | Reached skill level 17 in Armour
 45939 | Depths:1 | Identified a +0 dagger
 45939 | Depths:1 | Identified a +0 robe
 45946 | Depths:1 | Identified a +0 dire flail
 45946 | Depths:1 | Identified a +0 dire flail
 45949 | Depths:1 | Identified a +0 battleaxe of freezing
 45955 | Depths:1 | Identified a +0 dagger
 45955 | Depths:1 | Identified a +0 robe
 45964 | Depths:1 | Reached skill level 2 in Spellcasting
 45964 | Depths:1 | Reached XP level 23. HP: 214/214 MP: 27/27
 45990 | Depths:1 | Identified a +0 shortbow
 45992 | Depths:1 | Identified a +0 shortbow
 45995 | Depths:1 | Identified a +0 shortbow of flaming
 46001 | Depths:1 | Identified a +0 troll leather armour
 46006 | Depths:1 | Identified a +0 troll leather armour
 46055 | Depths:1 | Reached skill level 2 in Translocations
 46191 | Depths:1 | Identified a +0 shortbow
 46463 | Depths:2 | Identified a +0 shortbow
 46464 | Depths:2 | Identified a +0 shortbow
 46465 | Depths:2 | Identified a +0 shortbow
 46466 | Depths:2 | Identified a +0 shortbow
 46467 | Depths:2 | Identified a +0 shortbow
 46553 | Depths:2 | Identified a +0 robe
 46598 | Depths:2 | Identified a +2 battleaxe of freezing
 46599 | Depths:2 | Identified a +0 dagger
 46599 | Depths:2 | Identified a +0 robe
 46626 | Depths:2 | Identified a +2 great sword
 46626 | Depths:2 | Identified a +0 leather armour
 46652 | Depths:2 | Reached skill level 3 in Spellcasting
 46958 | Depths:2 | Identified a cursed -3 arbalest
 46958 | Depths:2 | Identified a +0 arbalest
 46959 | Depths:2 | Identified a +1 arbalest of flaming
 46972 | Depths:2 | Identified a +0 arbalest
 46974 | Depths:2 | Identified a +0 arbalest
 46991 | Depths:2 | Identified a +0 shortbow
 47006 | Depths:2 | Identified a scroll of silence
 47039 | Depths:2 | Identified a +0 dire flail
 47039 | Depths:2 | Identified a +0 giant club
 47039 | Depths:2 | Identified a +0 giant spiked club
 47039 | Depths:2 | Identified a +0 giant club
 47039 | Depths:2 | Identified a +0 giant spiked club
 47039 | Depths:2 | Identified a +0 giant spiked club
 47052 | Depths:2 | Identified +0 ice dragon scales
 47056 | Depths:2 | Identified a +0 robe
 47058 | Depths:2 | Identified a +0 giant club
 47058 | Depths:2 | Identified a +0 giant club
 47065 | Depths:2 | Identified a +0 giant club
 47069 | Depths:2 | Reached skill level 3 in Translocations
 47069 | Depths:2 | Reached skill level 19 in Evocations
 47069 | Depths:2 | Identified a +0 giant club
 47069 | Depths:2 | Identified a +0 giant spiked club
 47100 | Depths:2 | Identified a +0 giant spiked club
 47183 | Depths:2 | Identified a +4 scimitar of flaming
 47183 | Depths:2 | Identified a +0 plate armour
 47185 | Depths:2 | Identified a +4 war axe of flaming
 47185 | Depths:2 | Identified a +0 chain mail
 47188 | Depths:2 | Identified a +0 troll leather armour
 47194 | Depths:2 | Identified a +0 troll leather armour
 47204 | Depths:2 | Identified a +0 troll leather armour
 47213 | Depths:2 | Identified a +0 troll leather armour
 47312 | Depths:2 | Identified a +0 troll leather armour
 47416 | Depths:2 | Found a one-way gate leading to the halls of Pandemonium.
 47645 | Depths:3 | Identified a +0 troll leather armour
 47664 | Depths:3 | Reached skill level 4 in Spellcasting
 47675 | Depths:3 | Identified a +0 troll leather armour
 47677 | Depths:3 | Identified a +0 troll leather armour
 47718 | Depths:3 | Identified a +0 giant club
 47718 | Depths:3 | Identified a +0 giant club
 47718 | Depths:3 | Identified a +0 giant spiked club
 47719 | Depths:3 | Identified a +0 dire flail
 47719 | Depths:3 | Identified a +0 giant club
 47719 | Depths:3 | Identified a +0 giant club
 47719 | Depths:3 | Identified a +0 giant club
 47719 | Depths:3 | Identified a +0 giant club
 47721 | Depths:3 | Identified a +0 club
 47721 | Depths:3 | Identified a +0 robe
 47729 | Depths:3 | Identified a +0 giant club
 47742 | Depths:3 | Identified a +0 giant club
 47762 | Depths:3 | Identified a +1 pair of boots (You found it on level 3 of
                  | the Depths)
 47825 | Depths:3 | Found a shattered altar of Ashenzari.
 47927 | Depths:3 | Identified a +0 troll leather armour
 48051 | Depths:3 | Identified a +0 arbalest
 48053 | Depths:3 | Identified a +2 antimagic flail
 48053 | Depths:3 | Identified a +0 animal skin
 48065 | Depths:3 | Identified a +0 arbalest
 48068 | Depths:3 | Identified a +0 battleaxe of freezing
 48138 | Depths:3 | Found a gateway to a ziggurat.
 48152 | Depths:3 | Identified a +0 dagger of draining
 48152 | Depths:3 | Identified a +0 robe
 48356 | Depths:3 | Identified a +0 arbalest
 48356 | Depths:3 | Identified a +0 robe
 48363 | Depths:3 | Identified a +0 arbalest
 48536 | Depths:3 | Identified a +2 great sword of flaming
 48536 | Depths:3 | Identified a +0 battleaxe
 48536 | Depths:3 | Identified a +0 plate armour
 48536 | Depths:3 | Identified a +0 long sword
 48536 | Depths:3 | Identified a +0 leather armour
 48537 | Depths:3 | Noticed a caustic shrike
 48539 | Depths:3 | Identified a +0 robe
 48568 | Depths:3 | Killed a caustic shrike
 48568 | Depths:3 | Reached skill level 15 in Fighting
 48569 | Depths:3 | Noticed a lich
 48571 | Depths:3 | Reached skill level 4 in Translocations
 48577 | Depths:3 | Identified a +0 long sword
 48577 | Depths:3 | Noticed a deep elf demonologist
 48901 | Depths:3 | Reached skill level 20 in Dodging
 48911 | Depths:3 | Killed a lich
 48955 | Depths:3 | Reached skill level 5 in Spellcasting
 49025 | Depths:3 | Identified a +2 great sword of flaming
 49037 | Depths:3 | Identified a +0 dire flail of protection
 49037 | Depths:3 | Identified a +0 dire flail
 49163 | Depths:3 | Identified a +2 battleaxe of freezing
 49429 | Depths:3 | Identified a +0 great sword of flaming
 49430 | Depths:3 | Noticed a juggernaut
 49430 | Depths:3 | Identified a +0 great sword of flaming
 49430 | Depths:3 | Noticed a lich
 49431 | Depths:3 | Identified a +0 war axe
 49431 | Depths:3 | Identified a +0 plate armour
 49432 | Depths:3 | Identified a +2 lajatang of pain
 49432 | Depths:3 | Identified a +0 robe
 49452 | Depths:3 | Killed a juggernaut
 49461 | Depths:3 | Identified a +0 hand axe
 49461 | Depths:3 | Identified a +0 animal skin
 49464 | Depths:3 | Identified a +0 battleaxe
 49464 | Depths:3 | Identified a +0 chain mail
 49481 | Depths:3 | Killed a lich
 49626 | Depths:3 | Identified a +0 great sword of flaming
 49626 | Depths:3 | Identified a +1 battleaxe of freezing
 49627 | Depths:3 | Found the +7 sceptre of Torment {pain, torment}
 49642 | Depths:3 | Reached XP level 24. HP: 225/225 MP: 27/27
 49726 | Depths:3 | Identified the Tome of the Vanishing Wars
 49732 | Depths:3 | Identified a +1 hand crossbow of flaming (You found it on
                  | level 3 of the Depths)
 49735 | Depths:3 | Identified a +0 hand crossbow of flaming (You found it on
                  | level 3 of the Depths)
 49738 | Depths:3 | Identified the cursed +1 plate armour "Amey" {rPois Regen+
                  | Str+4 SInv} (You found it on level 3 of the Depths)
 49882 | Depths:3 | Identified a +0 great mace
 49882 | Depths:3 | Identified a +0 ring mail
 50141 | Depths:4 | Identified +0 ice dragon scales
 50175 | Depths:4 | Identified a +0 troll leather armour
 50191 | Depths:4 | Reached skill level 5 in Translocations
 50198 | Depths:4 | Identified a +0 troll leather armour
 50905 | Depths:3 | Noticed a Brimstone Fiend
 50905 | Depths:3 | Killed a deep elf demonologist
 50915 | Depths:3 | Identified a +0 shortbow
 50964 | Depths:4 | Found a huge runed gate.
 50964 | Depths:4 | Found a huge runed gate.
 50964 | Depths:4 | Found a huge runed gate.
 50964 | Depths:4 | Found a huge runed gate.
 50964 | Depths:4 | Found a huge runed gate.
 50964 | Depths:4 | Found a huge runed gate.
 50964 | Depths:4 | Found a huge runed gate.
 50964 | Depths:4 | Found a huge runed gate.
 50964 | Depths:4 | Found a huge runed gate.
 50964 | Depths:4 | Found a huge runed gate.
 50964 | Depths:4 | Found a huge runed gate.
 50964 | Depths:4 | Found a huge runed gate.
 50964 | Depths:4 | Found a huge runed gate.
 50964 | Depths:4 | Found a huge runed gate.
 50964 | Depths:4 | Found a huge runed gate.
 50964 | Depths:4 | Found a huge runed gate.
 50964 | Depths:4 | Found a huge runed gate.
 50964 | Depths:4 | Found a huge runed gate.
 50964 | Depths:4 | Found a huge runed gate.
 50964 | Depths:4 | Found a huge runed gate.
 50985 | Depths:4 | Identified a +2 scimitar
 50985 | Depths:4 | Identified a +0 plate armour
 51022 | Depths:4 | Identified a +1 great sword
 51022 | Depths:4 | Identified a +0 chain mail
 51023 | Depths:4 | Identified a +5 long sword of flaming
 51023 | Depths:4 | Identified cursed +0 fire dragon scales
 51023 | Depths:4 | Noticed Margery
 51101 | Depths:4 | Identified a +0 arbalest
 51104 | Depths:4 | Identified a +0 arbalest of velocity
 51106 | Depths:4 | Identified a +0 arbalest
 51109 | Depths:4 | Identified a +0 arbalest
 51111 | Depths:4 | Identified a +0 arbalest
 51170 | Depths:4 | Identified a +2 great sword of flaming
 51214 | Depths:4 | Identified a +3 dire flail of crushing
 51214 | Depths:4 | Identified a +0 ring mail
 51256 | Depths:4 | Noticed a caustic shrike
 51256 | Depths:4 | Noticed a caustic shrike
 51265 | Depths:4 | Killed a caustic shrike
 51273 | Depths:4 | Killed a caustic shrike
 51288 | Depths:4 | Identified a ring of flight (You found it on level 4 of the
                  | Depths)
 51744 | Elf:2    | Killed Bombadill's ghost
 51850 | Elf:2    | Killed Vaze's ghost
 51850 | Elf:2    | Reached skill level 17 in Shields
 51903 | Elf:2    | Killed agentgt's ghost
 52076 | Elf:2    | Killed Qoavya's ghost
 52197 | Elf:2    | Killed Heg Cuhi's ghost
 52232 | Elf:2    | Got a sparkling bronze ring
 52234 | Elf:2    | Identified the ring of Foism {rPois rC+ Str+3 Slay+5} (You
                  | found it on level 2 of the Elven Halls)
 52692 | Depths:4 | Identified a scroll of summoning
 52798 | Depths:4 | Identified a +1 scimitar of draining
 52798 | Depths:4 | Identified a +0 chain mail
 52802 | Depths:4 | Identified a +2 great sword
 52802 | Depths:4 | Identified a +0 chain mail
 52804 | Depths:4 | Identified a +1 demon trident
 52804 | Depths:4 | Identified a +0 chain mail
 52811 | Depths:4 | Killed Margery
 52813 | Depths:4 | Identified a +1 scimitar of draining
 52813 | Depths:4 | Identified a cursed +0 plate armour
 52820 | Depths:4 | Identified a +0 war axe of chopping
 52820 | Depths:4 | Identified a +0 chain mail
 52983 | Depths:4 | Found a one-way gate to the infinite horrors of the Abyss.
 53049 | Depths:4 | Identified a +0 long sword
 53049 | Depths:4 | Noticed a lich
 53052 | Depths:4 | Identified a +2 battleaxe of freezing
 53054 | Depths:4 | Identified a +0 arbalest
 53055 | Depths:4 | Identified a +0 dagger
 53056 | Depths:4 | Noticed a caustic shrike
 53056 | Depths:4 | Identified a +0 arbalest
 53057 | Depths:4 | Noticed a lich
 53057 | Depths:4 | Identified a +0 dagger
 53057 | Depths:4 | Noticed a deep elf demonologist
 53102 | Depths:5 | Entered Level 5 of the Depths
 53111 | Depths:5 | Found Jocry's Elemental Accessories.
 53188 | Depths:5 | Identified a +4 flail of crushing
 53188 | Depths:5 | Identified a +0 robe
 53188 | Depths:5 | Identified a +0 buckler
 53189 | Depths:5 | Identified a cursed +0 war axe
 53189 | Depths:5 | Identified a +0 animal skin
 53191 | Depths:5 | Identified a +0 troll leather armour
 53197 | Depths:5 | Identified a +0 flail of draining
 53197 | Depths:5 | Identified a cursed +0 robe
 53197 | Depths:5 | Identified a +0 buckler of reflection
 53206 | Depths:5 | Identified a +1 battleaxe of freezing
 53240 | Depths:5 | Identified a +0 troll leather armour
 53257 | Depths:5 | Identified a +0 troll leather armour
 53262 | Depths:5 | Identified a +0 troll leather armour
 53267 | Depths:5 | Identified a +0 troll leather armour
 53268 | Depths:5 | Reached skill level 21 in Invocations
 53326 | Depths:5 | Identified a +0 troll leather armour
 53333 | Depths:5 | Identified a +0 troll leather armour
 53339 | Depths:5 | Identified a +0 troll leather armour
 53512 | Depths:5 | Found a shimmering altar of Xom.
 53514 | Depths:5 | Identified a +0 arbalest
 53528 | Depths:5 | Identified a +2 flail of crushing
 53528 | Depths:5 | Identified a +0 robe
 53528 | Depths:5 | Identified a +0 buckler
 53528 | Depths:5 | Identified a +0 robe
 53528 | Depths:5 | Identified a +0 spear
 53616 | Depths:5 | Identified a +6 spear of piercing
 53616 | Depths:5 | Identified a +0 leather armour
 53618 | Depths:5 | Identified a +1 long sword of pain
 53618 | Depths:5 | Identified a +0 plate armour
 53618 | Depths:5 | Identified a +2 great mace
 53618 | Depths:5 | Identified a +0 plate armour
 53638 | Depths:5 | Identified a +0 dagger
 53638 | Depths:5 | Identified a +0 robe
 53639 | Depths:5 | Identified a +3 halberd of flaming
 53639 | Depths:5 | Identified a +0 chain mail
 53644 | Depths:5 | Reached skill level 20 in Evocations
 53647 | Depths:5 | Identified a +3 glaive
 53647 | Depths:5 | Identified a +0 chain mail
 53647 | Depths:5 | Identified a +0 dagger
 53647 | Depths:5 | Identified a cursed +0 robe
 53683 | Depths:5 | Reached skill level 18 in Armour
 53685 | Depths:5 | Reached skill level 21 in Dodging
 53736 | Depths:5 | Identified a +0 scimitar
 53739 | Depths:5 | Identified a +0 long sword
 53739 | Depths:5 | Identified a +0 scimitar
 53740 | Depths:5 | Identified a cursed -3 war axe
 53764 | Depths:5 | Identified +0 storm dragon scales
 53773 | Depths:5 | Identified +0 gold dragon scales
 53798 | Depths:5 | Identified a +0 halberd
 53798 | Depths:5 | Identified a +0 broad axe
 53798 | Depths:5 | Identified a +0 trident of freezing
 53798 | Depths:5 | Identified a +3 halberd
 53799 | Depths:5 | Identified a +0 glaive
 53799 | Depths:5 | Identified a +0 glaive
 53908 | Depths:5 | Identified a +0 halberd
 53913 | Depths:5 | Identified a +0 halberd
 53915 | Depths:5 | Identified a +0 rapier
 53915 | Depths:5 | Identified a +0 animal skin
 53928 | Depths:5 | Identified a +0 hand axe
 53945 | Depths:5 | Identified a +0 arbalest
 53967 | Depths:5 | Identified a +0 flail
 54056 | Depths:5 | Found a runed translucent door.
 54057 | Depths:5 | Identified a +0 battleaxe of electrocution
 54072 | Depths:5 | Found a runed translucent door.
 54074 | Depths:5 | Found a runed translucent door.
 54077 | Depths:5 | Identified a +0 short sword
 54089 | Depths:5 | Reached XP level 25. HP: 235/235 MP: 27/27
 54108 | Depths:5 | Found a runed translucent door.
 54146 | Depths:5 | Found a runed translucent door.
 54212 | Depths:5 | Found a gate to the Realm of Zot.
 54212 | Depths:5 | Identified a +0 rapier
 54212 | Depths:5 | Identified a +0 cloak
 54255 | Depths:5 | Found a runed translucent door.
 54271 | Depths:5 | Identified a +0 broad axe
 54271 | Depths:5 | Identified a +1 cloak
 54363 | Depths:5 | Identified a +0 rapier
 54363 | Depths:5 | Identified a cursed +0 cloak
 54557 | Depths:5 | Identified +0 gold dragon scales
 54558 | Depths:5 | Identified a +0 arbalest
 55235 | D:9      | Gained mutation: You tend to lose your temper in combat.
                  | [mutagenic glow]
 55408 | Vaults:3 | Identified a +0 long sword
 55408 | Vaults:3 | Identified a +0 arbalest
 55408 | Vaults:3 | Identified a +0 scale mail
 55471 | Vaults:5 | Entered Level 5 of the Vaults
 55471 | Vaults:5 | Identified a +0 great sword
 55471 | Vaults:5 | Identified a +0 chain mail
 55471 | Vaults:5 | Identified a +0 battleaxe
 55471 | Vaults:5 | Identified a +0 chain mail
 55471 | Vaults:5 | Identified a +0 war axe
 55471 | Vaults:5 | Identified a +0 plate armour
 55471 | Vaults:5 | Identified a +0 large shield
 55471 | Vaults:5 | Identified a +0 war axe
 55471 | Vaults:5 | Identified a +0 plate armour of positive energy
 55471 | Vaults:5 | Identified a +0 glaive
 55471 | Vaults:5 | Identified a +0 plate armour
 55471 | Vaults:5 | Identified a +3 war axe
 55471 | Vaults:5 | Identified a +0 chain mail
 55471 | Vaults:5 | Identified a +0 large shield
 55471 | Vaults:5 | Identified a +0 war axe of electrocution
 55471 | Vaults:5 | Identified a +3 chain mail
 55471 | Vaults:5 | Identified a +2 broad axe
 55471 | Vaults:5 | Identified a +0 chain mail
 55471 | Vaults:5 | Identified a cursed -3 broad axe
 55471 | Vaults:5 | Identified a +0 plate armour
 55471 | Vaults:5 | Identified a +0 broad axe
 55471 | Vaults:5 | Identified a +0 plate armour
 55471 | Vaults:5 | Identified a +1 halberd of protection
 55471 | Vaults:5 | Identified a +0 plate armour
 55471 | Vaults:5 | Identified a +0 bardiche
 55471 | Vaults:5 | Identified a +0 plate armour
 55471 | Vaults:5 | Identified a +0 battleaxe
 55471 | Vaults:5 | Identified a +0 plate armour
 55471 | Vaults:5 | Identified a +0 great sword
 55471 | Vaults:5 | Identified a +0 plate armour
 55471 | Vaults:5 | Identified a +0 great mace
 55471 | Vaults:5 | Identified a +0 chain mail
 55471 | Vaults:5 | Identified a +0 great mace of venom
 55471 | Vaults:5 | Identified a +0 plate armour
 55471 | Vaults:5 | Identified a +0 dire flail
 55471 | Vaults:5 | Identified a +0 chain mail
 55471 | Vaults:5 | Identified a +0 great mace
 55471 | Vaults:5 | Identified a +0 plate armour
 55471 | Vaults:5 | Identified a +1 broad axe of chopping
 55471 | Vaults:5 | Identified a +0 plate armour
 55471 | Vaults:5 | Identified a +2 long sword of slicing
 55471 | Vaults:5 | Identified a +0 plate armour
 55471 | Vaults:5 | Identified a +3 vampiric long sword
 55471 | Vaults:5 | Identified a +0 plate armour
 55471 | Vaults:5 | Identified a +0 war axe
 55471 | Vaults:5 | Identified a +0 chain mail
 55471 | Vaults:5 | Identified a +0 dire flail
 55471 | Vaults:5 | Identified a +0 plate armour
 55471 | Vaults:5 | Identified a +0 battleaxe
 55471 | Vaults:5 | Identified a +0 chain mail
 55471 | Vaults:5 | Identified a +0 arbalest
 55471 | Vaults:5 | Identified a +0 battleaxe of freezing
 55471 | Vaults:5 | Identified a +0 arbalest
 55471 | Vaults:5 | Identified a +0 chain mail
 55471 | Vaults:5 | Identified a +0 flail
 55471 | Vaults:5 | Identified a +0 leather armour
 55471 | Vaults:5 | Identified a +0 morningstar
 55471 | Vaults:5 | Identified a +0 arbalest
 55471 | Vaults:5 | Identified a +1 ring mail of poison resistance
 55471 | Vaults:5 | Identified a +0 battleaxe
 55471 | Vaults:5 | Identified a +0 plate armour
 55471 | Vaults:5 | Identified a +0 long sword
 55471 | Vaults:5 | Identified a +0 arbalest
 55471 | Vaults:5 | Identified a +0 ring mail
 55471 | Vaults:5 | Identified a +4 dire flail of holy wrath
 55471 | Vaults:5 | Identified a +0 chain mail
 55471 | Vaults:5 | Identified a +1 dire flail of protection
 55471 | Vaults:5 | Identified a +0 chain mail
 55472 | Vaults:5 | Identified a +0 falchion of electrocution
 55472 | Vaults:5 | Identified a +3 arbalest
 55472 | Vaults:5 | Identified a +0 scale mail
 55473 | Vaults:5 | Identified a +0 flail of draining
 55479 | Vaults:5 | Identified a +0 long sword of holy wrath
 55479 | Vaults:5 | Identified a +0 chain mail
 55481 | Vaults:5 | Identified a +2 morningstar of protection
 55481 | Vaults:5 | Identified a +0 ring mail
 55487 | Vaults:5 | Identified a +0 troll leather armour
 55491 | Vaults:5 | Reached skill level 16 in Fighting
 55494 | Vaults:5 | Identified a +0 troll leather armour
 55494 | Vaults:5 | Identified a +0 great sword
 55494 | Vaults:5 | Identified a +0 plate armour
 55499 | Vaults:5 | Identified a +0 battleaxe of freezing
 55528 | Vaults:5 | Identified a +0 dire flail
 55528 | Vaults:5 | Identified a +0 dire flail of crushing
 55530 | Vaults:5 | Identified a +3 war axe of chopping
 55530 | Vaults:5 | Identified a +0 arbalest
 55530 | Vaults:5 | Identified a +0 plate armour
 55531 | Vaults:5 | Identified a +0 long sword
 55534 | Vaults:5 | Identified a +1 long sword of slicing
 55534 | Vaults:5 | Identified a +0 chain mail
 55535 | Vaults:5 | Identified a +0 dagger
 55535 | Vaults:5 | Identified a +0 ring mail
 55536 | Vaults:5 | Identified a +0 great sword
 55536 | Vaults:5 | Identified a +0 arbalest
 55536 | Vaults:5 | Identified a +0 plate armour
 55536 | Vaults:5 | Identified a +0 morningstar of draining
 55536 | Vaults:5 | Identified a +0 leather armour
 55537 | Vaults:5 | Identified a +0 short sword
 55537 | Vaults:5 | Identified a +0 robe
 55537 | Vaults:5 | Identified a +0 great sword
 55537 | Vaults:5 | Identified a +0 ring mail
 55542 | Vaults:5 | Identified a +1 long sword of distortion
 55550 | Vaults:5 | Identified a +0 arbalest
 55558 | Vaults:5 | Identified +0 ice dragon scales
 55560 | Vaults:5 | Noticed an ancient lich
 55573 | Vaults:5 | Identified a +0 dagger
 55573 | Vaults:5 | Identified a +0 leather armour
 55580 | Vaults:5 | Killed an ancient lich
 55580 | Vaults:5 | Reached skill level 22 in Dodging
 55580 | Vaults:5 | Reached skill level 18 in Shields
 55587 | Vaults:5 | Noticed an ancient lich
 55590 | Vaults:5 | Identified a +0 great mace
 55590 | Vaults:5 | Identified a +0 ring mail
 55606 | Vaults:4 | Killed an ancient lich
 55652 | Vaults:5 | Identified a +2 broad axe of distortion
 55652 | Vaults:5 | Identified a +2 plate armour of cold resistance
 55662 | Vaults:5 | Identified a cursed +0 short sword
 55662 | Vaults:5 | Identified a +0 leather armour
 55717 | Vaults:5 | Identified a +0 great sword of flaming
 55717 | Vaults:5 | Identified an uncursed ring of poison resistance
 55732 | Vaults:5 | Identified a +0 long sword
 55732 | Vaults:5 | Identified a cursed -1 ring mail
 55736 | Vaults:5 | Identified a +0 giant club
 55737 | Vaults:5 | Identified a +1 halberd of pain
 55737 | Vaults:5 | Identified a +0 robe
 55737 | Vaults:5 | Identified a +0 giant spiked club
 55737 | Vaults:5 | Identified a +0 dire flail
 55740 | Vaults:5 | Identified a +0 giant spiked club
 55740 | Vaults:5 | Identified a +0 giant club
 55749 | Vaults:5 | Identified a +0 giant club
 55749 | Vaults:5 | Identified a +0 giant club
 55754 | Vaults:5 | Identified a +0 dire flail
 55754 | Vaults:5 | Identified a +0 leather armour
 55782 | Vaults:5 | Identified a +0 giant club
 55782 | Vaults:5 | Identified a +0 morningstar
 55782 | Vaults:5 | Identified a +0 ring mail
 55826 | Vaults:5 | Identified a +0 antimagic mace
 55826 | Vaults:5 | Identified a +0 ring mail
 55831 | Vaults:5 | Noticed a lich
 55835 | Vaults:5 | Identified a +3 war axe
 55835 | Vaults:5 | Identified a +0 scale mail
 55835 | Vaults:5 | Identified a +0 buckler of protection
 55846 | Vaults:5 | Killed a lich
 55939 | Vaults:5 | Identified a +2 great sword of flaming
 55940 | Vaults:5 | Identified a +2 battleaxe of freezing
 55946 | Vaults:5 | Identified a +0 dire flail
 55946 | Vaults:5 | Identified a +0 dire flail
 55946 | Vaults:5 | Identified a +0 morningstar of venom
 55946 | Vaults:5 | Identified a cursed +0 scale mail
 55951 | Vaults:5 | Reached skill level 21 in Evocations
 55963 | Vaults:5 | Identified a +0 dire flail
 55963 | Vaults:5 | Identified a +0 ring mail
 56007 | Vaults:5 | Identified a +2 halberd of flaming
 56007 | Vaults:5 | Identified a +4 plate armour
 56009 | Vaults:5 | Identified a +2 bardiche of freezing
 56009 | Vaults:5 | Identified a +0 shortbow
 56010 | Vaults:5 | Identified a +0 great mace
 56010 | Vaults:5 | Identified a +0 chain mail
 56012 | Vaults:5 | Identified a +0 flail
 56012 | Vaults:5 | Identified a +0 ring mail
 56013 | Vaults:5 | Identified a +0 dire flail
 56013 | Vaults:5 | Identified a +0 dire flail
 56014 | Vaults:5 | Reached skill level 22 in Invocations
 56015 | Vaults:5 | Identified a +4 battleaxe of freezing
 56017 | Vaults:5 | Identified a +0 scimitar
 56017 | Vaults:5 | Identified a +0 scale mail
 56023 | Vaults:5 | Identified a +1 glaive of venom
 56023 | Vaults:5 | Identified a +0 plate armour
 56033 | Vaults:5 | Identified a +0 dire flail
 56033 | Vaults:5 | Identified a +0 great mace
 56073 | Vaults:5 | Identified a +3 scimitar of flaming
 56073 | Vaults:5 | Identified the +3 robe of the Swamp {+Blink rF+}
 56094 | Vaults:5 | Noticed an entropy weaver
 56099 | Vaults:5 | Killed an entropy weaver
 56099 | Vaults:5 | Identified a +0 rapier
 56104 | Vaults:5 | Identified a +3 demon blade of flaming
 56104 | Vaults:5 | Identified a +0 chain mail
 56107 | Vaults:5 | Identified a +3 dire flail of holy wrath
 56107 | Vaults:5 | Identified a +0 chain mail
 56108 | Vaults:5 | Identified a +0 long sword
 56138 | Vaults:5 | Reached XP level 26. HP: 247/247 MP: 28/28
 56138 | Vaults:5 | Identified a +0 bardiche
 56138 | Vaults:5 | Identified a +3 ring mail of magic resistance
 56152 | Vaults:5 | Reached skill level 19 in Armour
 56206 | Vaults:5 | Identified a +0 short sword
 56206 | Vaults:5 | Identified a +0 longbow
 56206 | Vaults:5 | Identified a +0 leather armour
 56244 | Vaults:5 | Identified +0 shadow dragon scales
 56263 | Vaults:5 | Identified a +1 mace of holy wrath
 56263 | Vaults:5 | Identified a +0 scale mail
 56265 | Vaults:5 | Identified a +0 dire flail
 56265 | Vaults:5 | Identified a +0 dire flail
 56265 | Vaults:5 | Identified a +1 robe of cold resistance
 56265 | Vaults:5 | Noticed Boris
 56265 | Vaults:5 | Identified a +0 short sword
 56265 | Vaults:5 | Noticed a deep elf sorcerer
 56266 | Vaults:5 | Identified a +0 great mace
 56266 | Vaults:5 | Identified a +0 dire flail
 56276 | Vaults:5 | Killed Boris
 56276 | Vaults:5 | Killed a deep elf sorcerer
 56370 | Vaults:5 | Identified a +2 great sword of flaming
 56391 | Vaults:5 | Identified a +2 battleaxe of freezing
 56435 | Vaults:5 | Identified a +0 dire flail
 56435 | Vaults:5 | Identified a +0 giant club
 56654 | Vaults:5 | Identified an amulet of inaccuracy (You found it on level 5
                  | of the Vaults)
 56662 | Vaults:5 | Identified the Handbook of the Twisted Volcanoes
 56710 | Vaults:5 | Got a silver rune of Zot
 56724 | Vaults:5 | Got an encrusted helmet
 56730 | Vaults:5 | Identified the cursed +0 helmet "Hoosauti" {Regen+} (You
                  | found it on level 5 of the Vaults)
 56734 | Vaults:5 | Identified a ring of intelligence (You found it on level 5
                  | of the Vaults)
 56835 | Vaults:5 | Found Suosuesycu's Gadget Shoppe.
 56944 | Vaults:5 | Found the +9 scales of the Dragon King {rPois rF+ rC+ MR+}
 56949 | Vaults:5 | Identified Bawele Ozeha's Handbook of the Quantum Escort
 56954 | Vaults:5 | Identified a ring of slaying (You found it on level 5 of
                  | the Vaults)
 57089 | Vaults:5 | Identified +1 gold dragon scales (You found it on level 5
                  | of the Vaults)
 57516 | Depths:4 | Noticed a caustic shrike
 57516 | Depths:4 | Identified a +0 arbalest
 57534 | Depths:4 | Killed a lich
 57538 | Depths:4 | Noticed a Tzitzimitl
 57541 | Depths:4 | Killed a caustic shrike
 57541 | Depths:4 | Killed a lich
 57541 | Depths:4 | Killed a caustic shrike
 57541 | Depths:4 | Killed a deep elf demonologist
 57541 | Depths:4 | Identified +0 shadow dragon scales
 57541 | Depths:4 | Identified +0 shadow dragon scales
 57612 | Depths:4 | Voluntarily entered the Abyss.
 57612 | Abyss:1  | Identified a +0 long sword of holy wrath
 57624 | Abyss:1  | Noticed a lich
 57643 | Abyss:1  | Killed a lich
 57644 | Abyss:1  | Found a corrupted altar of Lugonu.
 57656 | Abyss:1  | Found a corrupted altar of Lugonu.
 57678 | Abyss:1  | Identified a +0 short sword of flaming
 57678 | Abyss:1  | Identified a +0 chain mail
 57752 | Abyss:1  | Found a corrupted altar of Lugonu.
 57786 | Abyss:1  | Identified a +0 long sword
 57786 | Abyss:1  | Identified a +0 robe
 57799 | Abyss:1  | Identified a +2 long sword of holy wrath
 57838 | Abyss:1  | Reached skill level 23 in Dodging
 58008 | Abyss:2  | Identified a cursed +2 flail
 58008 | Abyss:2  | Identified a +0 robe
 58008 | Abyss:2  | Identified a +5 dagger
 58008 | Abyss:2  | Identified a +0 robe
 58034 | Abyss:2  | Found a corrupted altar of Lugonu.
 58134 | Abyss:2  | Found a radiant altar of Vehumet.
 58167 | Abyss:2  | Found a corrupted altar of Lugonu.
 58239 | Abyss:2  | Identified a +0 whip
 58239 | Abyss:2  | Identified a +0 robe
 58294 | Abyss:2  | Identified a +0 long sword
 58294 | Abyss:2  | Identified a +0 robe
 58508 | Abyss:4  | Paralysed by accursed screaming for 1 turns
 58513 | Abyss:4  | Identified a +0 long sword
 58513 | Abyss:4  | Identified a +0 robe
 58615 | Abyss:4  | Paralysed by accursed screaming for 1 turns
 58656 | Abyss:5  | Entered Level 5 of the Abyss
 58695 | Abyss:5  | Reached skill level 17 in Fighting
 58699 | Abyss:5  | Reached skill level 19 in Shields
 58709 | Abyss:5  | Got an abyssal rune of Zot
 58709 | Abyss:5  | Found a corrupted altar of Lugonu.
 58875 | Abyss:5  | Identified a +0 spear
 58888 | Abyss:5  | Paralysed by accursed screaming for 2 turns
 58895 | Abyss:5  | Paralysed by accursed screaming for 2 turns
 58923 | Depths:4 | Escaped the Abyss
 59352 | Slime:1  | Entered Level 1 of the Pits of Slime
 59392 | Slime:2  | Reached XP level 27. HP: 224/256 MP: 22/27
 59532 | Slime:5  | Entered Level 5 of the Pits of Slime
 59537 | Slime:5  | Reached skill level 22 in Evocations
 59613 | Slime:5  | Found a viscous altar of Jiyva.
 59615 | Slime:5  | Noticed the Royal Jelly
 59633 | Slime:5  | Killed the Royal Jelly
 59633 | Slime:5  | Reached skill level 23 in Invocations
 59661 | Slime:5  | Gained mutation: Your magical capacity is very low. (-20%
                  | MP) [a shining eye]
 59664 | Slime:5  | Gained mutation: You often lose your temper in combat. [a
                  | shining eye]
 59702 | Slime:5  | Found the +10 zealot's sword {holy, *Rage rN+ EV+3}
 59726 | Slime:5  | Got a slimy rune of Zot
 59764 | Slime:5  | Identified the Tome of Bewitching Attacks
 59779 | Slime:5  | Identified a scroll of brand weapon
 59811 | Slime:5  | Identified an amulet of the gourmand (You found it on level
                  | 5 of the Pits of Slime)
 59826 | Slime:5  | Got a shimmering glass ring
 59828 | Slime:5  | Identified the ring of Aqusm {*Contam rPois Int+6 Dex+2
                  | Stlth+} (You found it on level 5 of the Pits of Slime)
 59874 | Slime:5  | Gained mutation: You are agile. (Dex +2) [mutagenic glow]
 60037 | Slime:1  | Gained mutation: You are dopey. (Int -2) [a shining eye]
 60056 | Slime:1  | Gained mutation: Armour fits poorly on your strangely
                  | shaped body. [a shining eye]
 60058 | Slime:1  | Gained mutation: Your body sometimes deteriorates upon
                  | taking damage. [a shining eye]
 60239 | Snake:1  | Lost mutation: You often lose your temper in combat.
                  | [potion of mutation]
 60239 | Snake:1  | Lost mutation: You expend magic power (3 MP) to strengthen
                  | your wands. [potion of mutation]
 60239 | Snake:1  | Lost mutation: You are partially covered in large bone
                  | plates. (SH +4) [potion of mutation]
 60239 | Snake:1  | Lost mutation: Your body sometimes deteriorates upon taking
                  | damage. [potion of mutation]
 60239 | Snake:1  | Gained mutation: You expend magic power (3 MP) to
                  | strengthen your wands. [potion of mutation]
 60239 | Snake:1  | Lost mutation: You are dopey. (Int -2) [potion of mutation]
 60239 | Snake:1  | Gained mutation: You are covered in fur. (AC +1) [potion of
                  | mutation]
 60240 | Snake:1  | Lost mutation: Armour fits poorly on your strangely shaped
                  | body. [potion of mutation]
 60240 | Snake:1  | Lost mutation: Your magical capacity is very low. (-20% MP)
                  | [potion of mutation]
 60240 | Snake:1  | Gained mutation: You are occasionally teleported next to
                  | monsters. [potion of mutation]
 60240 | Snake:1  | Gained mutation: You are resistant to hostile enchantments.
                  | (MR+) [potion of mutation]
 60394 | Swamp:2  | Lost mutation: Your muscles are strong. (Str +2) [potion of
                  | mutation]
 60394 | Swamp:2  | Lost mutation: Your magical capacity is low. (-10% MP)
                  | [potion of mutation]
 60394 | Swamp:2  | Gained mutation: Scrolls take you a little longer to read.
                  | [potion of mutation]
 60394 | Swamp:2  | Gained mutation: Your mind is acute. (Int +2) [potion of
                  | mutation]
 60521 | D:9      | Lost mutation: You are occasionally teleported next to
                  | monsters. [potion of mutation]
 60521 | D:9      | Lost mutation: You are resistant to hostile enchantments.
                  | (MR+) [potion of mutation]
 60521 | D:9      | Lost mutation: You tend to lose your temper in combat.
                  | [potion of mutation]
 60521 | D:9      | Gained mutation: Your flesh is heat resistant. (rF+)
                  | [potion of mutation]
 60521 | D:9      | Gained mutation: Your system is resistant to poisons.
                  | (rPois) [potion of mutation]
 60521 | D:9      | Gained mutation: You possess an exceptional clarity of
                  | mind. [potion of mutation]
 60699 | Crypt:1  | Entered Level 1 of the Crypt
 60735 | Crypt:1  | Identified a +0 robe
 60846 | Crypt:1  | Identified a +0 short sword
 60848 | Crypt:1  | Identified a +1 halberd of venom
 60848 | Crypt:1  | Identified a cursed -3 mace
 60866 | Crypt:1  | Noticed a greater mummy
 60876 | Crypt:1  | Noticed Khufu
 60887 | Crypt:1  | Killed a greater mummy
 60887 | Crypt:1  | Identified a +3 scythe of freezing
 60896 | Crypt:1  | Killed Khufu
 60896 | Crypt:1  | Reached skill level 20 in Armour
 60930 | Crypt:1  | Identified a +0 robe
 61101 | Hell     | Entered the Vestibule of Hell
 61101 | Hell     | Noticed Geryon
 61101 | Hell     | Identified a +4 scythe of freezing
 61132 | Hell     | Identified a +0 vampiric scythe
 61149 | Hell     | Identified a +0 demon whip of electrocution
 61154 | Hell     | Identified a +0 trident of venom
 61226 | Hell     | Identified a +0 dagger
 61226 | Hell     | Identified a +0 robe
 61253 | Hell     | Reached skill level 24 in Dodging
 61257 | Hell     | Killed Geryon
 61283 | Hell     | Identified a +0 flail
 61298 | Hell     | Found a gateway to the ashen valley of Gehenna.
 61334 | Hell     | Identified a +0 flail
 61467 | Hell     | Identified a +0 dire flail
 61483 | Hell     | Noticed Murray
 61677 | Hell     | Identified a +4 scythe of slicing
 61680 | Hell     | Identified a +0 spear
 61680 | Hell     | Identified a +0 robe
 61759 | Hell     | Identified a +0 battleaxe
 61759 | Hell     | Identified a +0 robe
 61762 | Hell     | HP: 49/258 [flayed ghost/flay_damage[Murray] (27)]
 61772 | Depths:1 | Killed Murray
 61884 | Hell     | Identified a cursed -3 dagger
 61884 | Hell     | Identified a +0 robe
 62017 | Hell     | Found a gateway to the decaying netherworld of Tartarus.
 62026 | Hell     | Identified +0 shadow dragon scales
 62104 | Hell     | Found a gateway to the freezing wastes of Cocytus.
 62191 | Hell     | Found a gateway to the Iron City of Dis.
 63847 | Temple   | Fell from the grace of Makhleb
 63847 | Temple   | Became a worshipper of the Shining One
 64231 | Crypt:1  | Identified a +0 dagger
 64231 | Crypt:1  | Identified a +0 robe
 64244 | Crypt:1  | Reached * piety under the Shining One
 64548 | Crypt:1  | Identified a +0 robe
 64654 | Crypt:1  | Identified a cursed -3 great sword
 64654 | Crypt:1  | Identified a +0 chain mail
 64670 | Crypt:1  | Reached ** piety under the Shining One
 64766 | Crypt:1  | Identified a +2 long sword
 64766 | Crypt:1  | Identified a +0 chain mail
 64882 | Crypt:1  | Identified a cursed +0 battleaxe
 64882 | Crypt:1  | Identified a cursed +0 plate armour
 65076 | Crypt:2  | Identified a +2 war axe
 65076 | Crypt:2  | Identified a +0 robe
 65076 | Crypt:2  | Identified a +4 scimitar
 65076 | Crypt:2  | Identified a +0 robe
 65078 | Crypt:2  | Identified a +0 robe
 65081 | Crypt:2  | Identified a +4 dire flail
 65081 | Crypt:2  | Identified a +0 robe
 65117 | Crypt:2  | Identified a +1 great sword of flaming
 65117 | Crypt:2  | Identified a +0 chain mail
 65117 | Crypt:2  | Identified a +0 dire flail
 65117 | Crypt:2  | Identified a +0 long sword
 65117 | Crypt:2  | Identified a +0 war axe of chopping
 65123 | Crypt:2  | Identified a +3 mace of protection
 65126 | Crypt:2  | Identified a +1 war axe
 65126 | Crypt:2  | Identified a +0 plate armour
 65131 | Crypt:2  | Reached *** piety under the Shining One
 65238 | Crypt:2  | Identified a +0 robe
 65282 | Crypt:2  | Reached **** piety under the Shining One
 65316 | Crypt:2  | Identified a +3 great mace
 65316 | Crypt:2  | Identified a +0 plate armour
 65486 | Crypt:2  | Reached ***** piety under the Shining One
 65811 | Crypt:3  | Entered Level 3 of the Crypt
 65816 | Crypt:3  | Identified a +3 trident of pain
 65818 | Crypt:3  | Identified a +0 trident
 65822 | Crypt:3  | Identified a +0 mace
 65827 | Crypt:3  | Identified a +2 trishula of holy wrath
 65827 | Crypt:3  | Identified a +0 large shield
 65827 | Crypt:3  | Noticed Mennas
 65867 | Crypt:3  | Identified a +4 scimitar of holy wrath
 65867 | Crypt:3  | Identified a +0 large shield
 65890 | Crypt:3  | Killed Mennas
 65949 | Crypt:3  | Noticed a curse skull
 65953 | Crypt:3  | Killed a curse skull
 65960 | Crypt:3  | Identified a +0 whip
 65960 | Crypt:3  | Identified a +0 chain mail
 65978 | Crypt:3  | Identified a +0 scimitar
 65982 | Crypt:3  | Identified a +0 short sword
 65983 | Crypt:3  | Identified a +0 long sword
 66005 | Crypt:3  | Identified an amulet of magic regeneration (You found it on
                  | level 3 of the Crypt)
 66036 | Crypt:3  | Identified a +0 mace
 66050 | Crypt:3  | Identified a +0 quarterstaff
 66050 | Crypt:3  | Identified a +0 plate armour
 66050 | Crypt:3  | Noticed a lich
 66061 | Crypt:3  | Killed a lich
 66075 | Crypt:3  | Identified a +1 battleaxe of pain
 66075 | Crypt:3  | Identified a +0 plate armour
 66185 | Crypt:3  | Found a staircase to the Tomb.
 66185 | Crypt:3  | Reached ****** piety under the Shining One
 66224 | Crypt:3  | Identified a +0 long sword
 66283 | Crypt:3  | Identified a +2 great mace of freezing
 66283 | Crypt:3  | Identified a +0 plate armour
 66289 | Crypt:3  | Identified a +2 great sword of freezing
 66289 | Crypt:3  | Identified a +0 chain mail
 66387 | Crypt:3  | Identified a +0 scimitar
 66392 | Crypt:3  | Noticed a curse toe
 66392 | Crypt:3  | Identified a +2 great mace of crushing
 66392 | Crypt:3  | Identified a +0 chain mail
 66398 | Crypt:3  | Identified a +0 long sword
 66398 | Crypt:3  | Noticed a curse toe
 66415 | Crypt:3  | Killed a curse toe
 66432 | Crypt:3  | Killed a curse toe
 66477 | Crypt:3  | Identified a +2 demon whip of electrocution
 66483 | Crypt:3  | HP: 61/260 [balrug/+2 demon whip of electrocution[the fury
                  | of Makhleb] (5)]
 66551 | Crypt:3  | Noticed a lich
 66557 | Crypt:3  | Killed a lich
 66560 | Crypt:3  | Identified a +7 broad axe of holy wrath (a +5 broad axe of
                  | chopping blessed by the Shining One)
 66560 | Crypt:3  | Received a gift from the Shining One
 66976 | Crypt:3  | Identified a +0 long sword
 66990 | Crypt:3  | Noticed an ancient lich
 66990 | Crypt:3  | Noticed a lich
 67011 | Crypt:3  | Noticed a lich
 67011 | Crypt:3  | Noticed a lich
 67012 | Crypt:3  | Identified a +4 long sword of holy wrath
 67012 | Crypt:3  | Identified the cursed +0 large shield "Heor" {+Fly Str+4}
 67013 | Crypt:3  | Identified a +4 scimitar of holy wrath
 67013 | Crypt:3  | Identified a +0 large shield
 67018 | Crypt:3  | Killed an ancient lich
 67018 | Crypt:3  | Reached skill level 20 in Shields
 67022 | Crypt:3  | Killed a lich
 67022 | Crypt:3  | Reached skill level 23 in Evocations
 67022 | Crypt:3  | Killed a lich
 67023 | Crypt:3  | Killed a lich
 67030 | Crypt:3  | Identified a +1 pair of boots of stealth (You found it on
                  | level 3 of the Crypt)
 67073 | Crypt:3  | Identified a +2 hand crossbow of flaming (You found it on
                  | level 3 of the Crypt)
 67077 | Crypt:3  | Identified a +2 hand crossbow of flaming (You found it on
                  | level 3 of the Crypt)
 67080 | Crypt:3  | Identified a +1 demon whip of freezing
 67087 | Crypt:3  | Lost mutation: You are agile. (Dex +2) [a cacodemon]
 67199 | Vaults:2 | Identified a +1 demon whip of electrocution
 67396 | Coc:1    | Entered Level 1 of Cocytus
 67433 | Coc:1    | Identified a +0 war axe
 67434 | Coc:1    | Identified a +0 glaive
 67438 | Coc:1    | Identified a +0 flail
 67597 | Coc:1    | Noticed an Ice Fiend
 67604 | Coc:1    | Killed an Ice Fiend
 67651 | Coc:1    | Noticed an Ice Fiend
 67652 | Coc:1    | Identified a +3 whip of holy wrath
 67652 | Coc:1    | Identified a +0 robe
 67666 | Coc:1    | Noticed an Ice Fiend
 67670 | Coc:1    | HP: 58/260 [??? (19)]
 67675 | Coc:1    | Killed an Ice Fiend
 67682 | Coc:1    | HP: 51/260 [??? (23)]
 67683 | Coc:1    | Killed an Ice Fiend
 67705 | Coc:1    | Reached skill level 18 in Fighting
 67819 | Coc:1    | Identified a +2 scythe of venom
 67831 | Coc:1    | Reached skill level 25 in Dodging
 67831 | Coc:1    | Reached skill level 24 in Invocations
 67906 | Coc:1    | Identified a +3 scythe
 68038 | Coc:2    | Identified a +0 war axe
 68042 | Coc:2    | Identified a +0 halberd
 68042 | Coc:2    | Identified a +0 battleaxe
 68043 | Coc:2    | Identified a +1 scythe of pain
 68044 | Coc:2    | Identified a +0 short sword
 68176 | Coc:4    | Identified a +4 scythe of freezing
 68190 | Coc:4    | You fall into a shaft and drop 1 floor!
 68233 | Coc:5    | Identified a +4 scythe of venom
 68235 | Coc:5    | Identified a +0 short sword
 68237 | Coc:5    | Identified a +2 dire flail of crushing
 68247 | Coc:5    | Identified a +1 flail of pain
 68249 | Coc:5    | Identified a +0 short sword
 68259 | Coc:5    | Identified a +0 dire flail
 68261 | Coc:5    | Identified a +0 morningstar
 68263 | Coc:5    | Identified a +0 long sword
 68268 | Coc:5    | Identified a +0 long sword
 68319 | Coc:5    | Identified +0 ice dragon scales
 68369 | Coc:5    | Identified a +5 scythe
 68467 | Coc:5    | Noticed an Ice Fiend
 68468 | Coc:5    | Killed an Ice Fiend
 68518 | Coc:5    | Identified a +0 scythe of flaming
 68661 | Coc:5    | Identified a +1 scythe of flaming
 68787 | Coc:6    | Identified a +4 morningstar
 68787 | Coc:6    | Identified a +0 flail
 68787 | Coc:6    | Identified a +0 halberd
 68787 | Coc:6    | Identified a +0 flail of protection
 68861 | Coc:6    | Noticed an Ice Fiend
 68861 | Coc:6    | Identified a +1 scythe of protection
 68869 | Coc:6    | Killed an Ice Fiend
 68869 | Coc:6    | Reached skill level 21 in Armour
 68884 | Coc:7    | Entered Level 7 of Cocytus
 69016 | Coc:7    | Identified a +1 scythe of protection
 69016 | Coc:7    | Identified a +1 scythe of slicing
 69095 | Coc:7    | Identified a +3 scythe of flaming
 69162 | Coc:7    | Noticed an Ice Fiend
 69169 | Coc:7    | Killed an Ice Fiend
 69543 | Coc:7    | Noticed an Ice Fiend
 69551 | Coc:7    | Killed an Ice Fiend
 69576 | Coc:7    | Noticed an Ice Fiend
 69583 | Coc:7    | Noticed an Ice Fiend
 69586 | Coc:7    | Killed an Ice Fiend
 69594 | Coc:7    | Noticed an Ice Fiend
 69594 | Coc:7    | HP: 61/259 [??? (26)]
 69596 | Coc:7    | Identified a +2 scimitar of holy wrath
 69596 | Coc:7    | Identified a +0 large shield
 69601 | Coc:7    | Killed an Ice Fiend
 69605 | Coc:7    | Noticed an Ice Fiend
 69607 | Coc:7    | Killed an Ice Fiend
 69612 | Coc:7    | Killed an Ice Fiend
 69633 | Coc:7    | Identified +0 ice dragon scales
 69640 | Coc:7    | Identified +0 ice dragon scales
 69654 | Coc:7    | Noticed an Ice Fiend
 69668 | Coc:7    | HP: 64/262 [Ice Fiend (4)]
 69669 | Coc:7    | Identified a +2 whip of holy wrath
 69669 | Coc:7    | Identified a +0 robe
 69671 | Coc:7    | Killed an Ice Fiend
 69713 | Coc:7    | Identified a +1 scythe of freezing
 69716 | Coc:7    | HP: 57/262 [blizzard demon/bolt of lightning[the effects of
                  | Hell] (21)]
 69807 | Coc:7    | Noticed an Ice Fiend
 69810 | Coc:7    | Killed an Ice Fiend
 69859 | Coc:7    | Identified a +0 trident
 69981 | Coc:7    | Noticed an Ice Fiend
 69986 | Coc:7    | Killed an Ice Fiend
 69986 | Coc:7    | Reached skill level 26 in Dodging
 69988 | Coc:7    | Identified a +2 scythe of slicing
 70078 | Coc:7    | Noticed an Ice Fiend
 70079 | Coc:7    | Identified a +1 scythe of pain
 70079 | Coc:7    | Identified a +4 scythe of flaming
 70089 | Coc:7    | Killed an Ice Fiend
 70201 | Coc:7    | Identified a +3 scimitar of holy wrath
 70201 | Coc:7    | Identified a +0 large shield
 70213 | Coc:7    | Gained mutation: Your body sometimes deteriorates upon
                  | taking damage. [mutagenic glow]
 70293 | Coc:7    | Gained mutation: You are weak. (Str -2) [mutagenic glow]
 70319 | Coc:7    | Identified the cursed +1 flail "Kurhuoh" {freeze, Int+2}
 70319 | Coc:7    | Noticed Antaeus
 70346 | Coc:7    | Killed Antaeus
 70346 | Coc:7    | Reached skill level 24 in Evocations
 70363 | Coc:7    | Got an icy rune of Zot
 70415 | Coc:7    | Noticed an Ice Fiend
 70418 | Coc:7    | Killed an Ice Fiend
 70516 | Coc:7    | Noticed an Ice Fiend
 70519 | Coc:7    | HP: 54/262 [???[the effects of Hell] (23)]
 70521 | Coc:7    | Killed an Ice Fiend
 70671 | Tar:1    | Entered Level 1 of Tartarus
 70685 | Tar:1    | Identified a +1 scythe of distortion
 70689 | Tar:1    | Identified a +0 robe
 70691 | Tar:1    | Noticed a Tzitzimitl
 70719 | Tar:1    | Reached skill level 21 in Shields
 70745 | Tar:1    | Identified a +0 dagger
 70745 | Tar:1    | Identified a +0 robe
 70745 | Tar:1    | Identified a +3 great sword
 70745 | Tar:1    | Identified a +0 robe
 70745 | Tar:1    | Identified a cursed +2 mace of draining
 70745 | Tar:1    | Identified a cursed +0 robe
 70745 | Tar:1    | Identified a +4 battleaxe of freezing
 70745 | Tar:1    | Identified a +0 robe
 70748 | Tar:1    | Identified a cursed +2 morningstar
 70748 | Tar:1    | Identified a +0 robe
 70751 | Tar:1    | Killed a Tzitzimitl
 70751 | Tar:1    | Reached skill level 1 in Stealth
 70752 | Tar:1    | Identified a +1 hand axe of electrocution
 70753 | Tar:1    | Identified a +0 glaive
 70755 | Tar:1    | Identified a +0 long sword
 70759 | Tar:1    | Identified a +0 scimitar
 70790 | Tar:1    | Reached skill level 2 in Stealth
 70795 | Tar:1    | Noticed a Tzitzimitl
 70800 | Tar:1    | Killed a Tzitzimitl
 70811 | Tar:1    | Identified a +1 whip of holy wrath
 70811 | Tar:1    | Identified a +0 robe
 70815 | Tar:1    | HP: 50/261 [??? (18)]
 70860 | Tar:2    | Reached skill level 3 in Stealth
 70879 | Tar:2    | Identified a +2 sacred scourge of holy wrath
 70879 | Tar:2    | Identified a +0 robe
 70918 | Tar:2    | Noticed a Tzitzimitl
 70920 | Tar:2    | Killed a Tzitzimitl
 70945 | Tar:3    | Identified a +0 flail
 70945 | Tar:3    | Identified a cursed -2 long sword
 70945 | Tar:3    | Identified a +0 flail of crushing
 70945 | Tar:3    | Identified a +0 short sword
 70945 | Tar:3    | Identified a +0 battleaxe
 70952 | Tar:3    | Reached skill level 4 in Stealth
 70958 | Tar:3    | Noticed a Tzitzimitl
 70961 | Tar:3    | Identified a +5 scimitar of holy wrath
 70961 | Tar:3    | Identified a +0 large shield
 70964 | Tar:3    | Reached skill level 25 in Invocations
 70964 | Tar:3    | Killed a Tzitzimitl
 70965 | Tar:3    | Reached skill level 5 in Stealth
 71001 | Tar:4    | Noticed an ancient lich
 71012 | Tar:4    | Identified a +3 halberd
 71012 | Tar:4    | Identified a +0 robe
 71014 | Tar:4    | Killed an ancient lich
 71014 | Tar:4    | Identified a +4 falchion
 71014 | Tar:4    | Identified a +0 robe
 71019 | Tar:4    | Identified a +5 long sword of freezing
 71019 | Tar:4    | Identified a +0 robe
 71019 | Tar:4    | Identified a cursed +2 battleaxe
 71019 | Tar:4    | Identified a +0 robe
 71019 | Tar:4    | Identified a cursed +0 falchion
 71019 | Tar:4    | Identified a +0 robe
 71020 | Tar:4    | Noticed a Tzitzimitl
 71020 | Tar:4    | Identified a +0 trident
 71020 | Tar:4    | Identified a +0 flail
 71020 | Tar:4    | Identified a +1 flail of crushing
 71028 | Tar:4    | Killed a Tzitzimitl
 71028 | Tar:4    | Reached skill level 6 in Stealth
 71029 | Tar:4    | Identified a +4 scythe of freezing
 71029 | Tar:4    | Identified a cursed +4 morningstar
 71029 | Tar:4    | Identified a +0 robe
 71045 | Tar:4    | Identified a +3 long sword
 71045 | Tar:4    | Identified a +0 robe
 71063 | Tar:4    | Noticed a Tzitzimitl
 71068 | Tar:4    | Identified a +2 scimitar of holy wrath
 71068 | Tar:4    | Identified a +0 large shield
 71068 | Tar:4    | HP: 57/260 [???[a doom hound] (26)]
 71069 | Tar:4    | Killed a Tzitzimitl
 71069 | Tar:4    | Reached skill level 7 in Stealth
 71070 | Tar:4    | Identified a +2 scythe of venom
 71072 | Tar:4    | Noticed a Tzitzimitl
 71073 | Tar:4    | HP: 64/260 [Tzitzimitl/bolt of cold[a doom hound] (4)]
 71073 | Tar:4    | Reached skill level 19 in Fighting
 71077 | Tar:4    | Killed a Tzitzimitl
 71082 | Tar:4    | Identified +0 shadow dragon scales
 71089 | Tar:4    | Identified a +3 dagger
 71089 | Tar:4    | Identified a +0 robe
 71098 | Tar:4    | Identified a +3 hand axe
 71098 | Tar:4    | Identified a +0 robe
 71119 | Tar:4    | Identified a cursed +0 trident
 71119 | Tar:4    | Identified a +0 robe
 71120 | Tar:4    | Identified a +0 flail
 71120 | Tar:4    | Identified a +0 robe
 71137 | Tar:4    | Identified a +7 scythe of venom
 71138 | Tar:4    | Identified a +7 mace
 71138 | Tar:4    | Identified a +0 robe
 71159 | Tar:4    | Identified a +0 war axe
 71159 | Tar:4    | Identified a +2 plate armour of fire resistance
 71168 | Tar:4    | Noticed a Tzitzimitl
 71171 | Tar:4    | Noticed a Tzitzimitl
 71172 | Tar:4    | Reached skill level 8 in Stealth
 71174 | Tar:4    | Identified a +5 scimitar of holy wrath
 71174 | Tar:4    | Identified a +2 large shield
 71175 | Tar:4    | Identified a +3 vampiric scythe
 71175 | Tar:4    | Killed a Tzitzimitl
 71185 | Tar:4    | Noticed a Tzitzimitl
 71185 | Tar:4    | Killed a Tzitzimitl
 71191 | Tar:4    | Noticed a Tzitzimitl
 71195 | Tar:4    | Killed a Tzitzimitl
 71198 | Tar:4    | Killed a Tzitzimitl
 71220 | Tar:5    | Identified a +0 broad axe
 71220 | Tar:5    | Identified a +0 long sword
 71220 | Tar:5    | Identified a +0 halberd
 71242 | Tar:5    | Identified a +0 glaive
 71243 | Tar:5    | Identified a +0 short sword
 71340 | Tar:5    | Identified a +0 glaive
 71344 | Tar:5    | Reached skill level 9 in Stealth
 71345 | Tar:5    | Identified a +0 glaive
 71346 | Tar:5    | Identified a +0 halberd
 71377 | Tar:5    | Identified a +2 scythe of venom
 71445 | Tar:5    | Identified a +0 dagger
 71445 | Tar:5    | Identified a +0 robe
 71454 | Tar:5    | Noticed a Tzitzimitl
 71462 | Tar:5    | Killed a Tzitzimitl
 71471 | Tar:6    | Identified a +0 morningstar
 71473 | Tar:6    | Identified a +3 eudemon blade of holy wrath
 71473 | Tar:6    | Identified a +0 large shield
 71476 | Tar:6    | Identified a +0 battleaxe
 71477 | Tar:6    | Identified a +0 dire flail
 71479 | Tar:6    | Identified a +1 mace of protection
 71479 | Tar:6    | Identified a +0 trident
 71479 | Tar:6    | Identified a +0 scythe of freezing
 71533 | Tar:6    | Noticed a lich
 71538 | Tar:6    | Killed a lich
 71544 | Tar:6    | Reached skill level 22 in Armour
 71613 | Tar:7    | Entered Level 7 of Tartarus
 71614 | Tar:7    | Identified a +3 whip of holy wrath
 71614 | Tar:7    | Identified a +0 robe
 71620 | Tar:7    | Identified a cursed +0 robe
 71643 | Tar:7    | Identified a +0 spear
 71643 | Tar:7    | Identified a +0 robe
 71661 | Tar:7    | Identified a +5 spear
 71661 | Tar:7    | Identified a +0 robe
 71663 | Tar:7    | Identified a +0 dagger
 71663 | Tar:7    | Identified a +0 robe
 71672 | Tar:7    | Identified a +5 scythe of protection
 71687 | Tar:7    | Identified a +0 scythe of freezing
 71696 | Tar:7    | Reached skill level 10 in Stealth
 71715 | Tar:7    | Identified a +0 glaive
 71715 | Tar:7    | Identified a +1 scimitar
 71715 | Tar:7    | Identified a +0 trident
 71732 | Tar:7    | Noticed a Tzitzimitl
 71735 | Tar:7    | Killed a Tzitzimitl
 71735 | Tar:7    | Identified a +0 mace
 71735 | Tar:7    | Identified a +0 trident
 71736 | Tar:7    | Identified a +1 battleaxe of electrocution
 71736 | Tar:7    | Identified a +2 morningstar
 71760 | Tar:7    | Identified a +0 scythe of slicing
 71774 | Tar:7    | Noticed a Tzitzimitl
 71779 | Tar:7    | Killed a Tzitzimitl
 71849 | Tar:7    | Reached skill level 27 in Dodging
 71849 | Tar:7    | Identified a cursed -2 mace
 71852 | Tar:7    | Identified a +0 long sword
 71858 | Tar:7    | Identified a +0 battleaxe
 71867 | Tar:7    | Identified a +0 battleaxe
 71883 | Tar:7    | Identified a +0 hand axe
 71940 | Tar:7    | Identified a cursed +4 dire flail
 71940 | Tar:7    | Identified a +0 robe
 71942 | Tar:7    | Identified a +1 spear
 71942 | Tar:7    | Identified a +0 robe
 71942 | Tar:7    | Identified a cursed +5 spear
 71942 | Tar:7    | Identified a +0 robe
 71943 | Tar:7    | Identified a +0 antimagic scythe
 71943 | Tar:7    | Noticed a Tzitzimitl
 71959 | Tar:7    | Reached skill level 11 in Stealth
 71962 | Tar:7    | Killed a Tzitzimitl
 71984 | Tar:7    | Identified a +1 scythe of flaming
 71987 | Tar:7    | Noticed a Tzitzimitl
 71993 | Tar:7    | Killed a Tzitzimitl
 72046 | Tar:7    | Identified a +7 vampiric scythe
 72049 | Tar:7    | Identified a +1 scythe of freezing
 72072 | Tar:7    | Identified a +0 glaive of venom
 72077 | Tar:7    | Identified a +3 scythe of flaming
 72087 | Tar:7    | Identified a +3 whip of holy wrath
 72087 | Tar:7    | Identified a +0 robe
 72091 | Tar:7    | Identified a +0 halberd
 72098 | Tar:7    | Identified a +0 war axe
 72103 | Tar:7    | Identified a +0 battleaxe
 72128 | Tar:7    | Identified a +0 halberd
 72131 | Tar:7    | Identified a +0 glaive
 72134 | Tar:7    | Identified a +0 war axe
 72164 | Tar:7    | Noticed a Tzitzimitl
 72164 | Tar:7    | Identified a +2 scythe of flaming
 72171 | Tar:7    | Identified a +0 scythe of venom
 72172 | Tar:7    | Killed a Tzitzimitl
 72176 | Tar:7    | Identified a +2 scythe of venom
 72180 | Tar:7    | Identified a +3 long sword of holy wrath
 72180 | Tar:7    | Identified the cursed -3 large shield of Kubas {Dex+4}
 72184 | Tar:7    | Reached skill level 12 in Stealth
 72188 | Tar:7    | Identified a +3 whip of holy wrath
 72188 | Tar:7    | Identified a +0 robe
 72215 | Tar:7    | Identified a +2 scythe of flaming
 72222 | Tar:7    | Noticed a Tzitzimitl
 72223 | Tar:7    | Identified a +0 battleaxe
 72223 | Tar:7    | Identified a +0 long sword
 72223 | Tar:7    | Noticed a Tzitzimitl
 72224 | Tar:7    | Noticed Ereshkigal
 72224 | Tar:7    | Noticed a Tzitzimitl
 72224 | Tar:7    | Identified a +0 dire flail
 72224 | Tar:7    | Identified a +1 scythe of venom
 72225 | Tar:7    | Identified a +0 scythe of protection
 72225 | Tar:7    | Identified a +2 scythe of distortion
 72226 | Tar:7    | Noticed a Tzitzimitl
 72227 | Tar:7    | Killed a Tzitzimitl
 72234 | Tar:7    | Killed a Tzitzimitl
 72237 | Tar:7    | HP: 74/399 [??? (35)]
 72238 | Tar:7    | Killed a Tzitzimitl
 72245 | Tar:7    | HP: 92/399 [reaper/+1 scythe of venom (10)]
 72250 | Tar:7    | HP: 52/399 [poisoned by a reaper]
 72251 | Tar:7    | HP: 25/399 [reaper/+1 scythe of venom (26)]
 72252 | Tar:7    | Killed a Tzitzimitl
 72255 | Tar:7    | Killed Ereshkigal
 72256 | Tar:7    | HP: 36/399 [poisoned by a reaper]
 72283 | Tar:7    | Identified a +0 scythe of protection
 72330 | Tar:7    | Noticed a Tzitzimitl
 72333 | Tar:7    | Killed a Tzitzimitl
 72333 | Tar:7    | Reached skill level 13 in Stealth
 72375 | Tar:7    | Noticed a Tzitzimitl
 72378 | Tar:7    | Killed a Tzitzimitl
 72397 | Tar:7    | Identified a +2 scythe of freezing
 72420 | Tar:7    | Identified a +2 scythe of slicing
 72483 | Tar:7    | Got a bone rune of Zot
 72524 | Tar:7    | Got a twitching pewter amulet
 72536 | Tar:7    | Got a pair of ancient gloves
 72542 | Tar:7    | Identified the -1 pair of gloves of the Planets {+Inv} (You
                  | found it on level 7 of Tartarus)
 72617 | Tar:7    | Identified a +4 scythe of freezing
 72802 | Geh:1    | Entered Level 1 of Gehenna
 72803 | Geh:1    | Identified a +5 scimitar of holy wrath
 72803 | Geh:1    | Identified a +0 large shield
 72804 | Geh:1    | Identified a cursed -1 trident
 72812 | Geh:1    | Identified a +4 scythe of slicing
 72821 | Geh:1    | Identified a +2 whip of holy wrath
 72821 | Geh:1    | Identified a +0 robe
 72823 | Geh:1    | Identified a +0 demon whip of draining
 72823 | Geh:1    | Identified a +0 trident
 72823 | Geh:1    | Identified a +0 trident
 72823 | Geh:1    | Identified a +0 trident of venom
 72836 | Geh:1    | Identified a +2 falchion
 72836 | Geh:1    | Identified a +0 robe
 72841 | Geh:1    | Identified a cursed +0 spear of piercing
 72841 | Geh:1    | Identified a +0 robe
 72842 | Geh:1    | Identified a +0 flail
 72842 | Geh:1    | Identified a +0 robe
 72843 | Geh:1    | Identified a cursed +3 falchion of freezing
 72843 | Geh:1    | Identified a +0 robe
 72884 | Geh:1    | Identified a +2 flail
 72884 | Geh:1    | Identified a +0 robe
 72885 | Geh:1    | Identified a +3 scimitar of freezing
 72885 | Geh:1    | Identified a +0 robe
 72885 | Geh:1    | Identified a +2 flail
 72885 | Geh:1    | Identified a +0 robe of positive energy
 72885 | Geh:1    | Identified a +3 great sword
 72885 | Geh:1    | Identified a cursed +0 robe
 72893 | Geh:1    | Identified a +2 morningstar of holy wrath
 72908 | Geh:1    | Identified a +2 scythe of pain
 72915 | Geh:1    | Reached skill level 26 in Invocations
 72938 | Geh:1    | Identified a +0 long sword
 72938 | Geh:1    | Identified a +0 chain mail
 72938 | Geh:1    | Identified a +2 demon trident of flaming
 72938 | Geh:1    | Identified a +0 chain mail
 72938 | Geh:1    | Identified a +1 great mace of flaming
 72938 | Geh:1    | Identified a +0 chain mail
 72940 | Geh:1    | Identified a +1 broad axe
 72940 | Geh:1    | Identified a +0 plate armour
 72941 | Geh:1    | Identified a +3 demon whip
 72941 | Geh:1    | Identified a +0 plate armour
 72941 | Geh:1    | Identified a +0 dagger
 72941 | Geh:1    | Identified a +0 robe
 72941 | Geh:1    | Identified a +2 great mace of crushing
 72941 | Geh:1    | Identified a +0 chain mail
 72941 | Geh:1    | Identified a +0 dagger
 72941 | Geh:1    | Identified a +0 robe
 72944 | Geh:1    | Reached skill level 22 in Shields
 72967 | Geh:2    | Identified a +1 great mace
 72967 | Geh:2    | Identified a +0 plate armour
 72967 | Geh:2    | Identified a +0 glaive of flaming
 72967 | Geh:2    | Identified a +0 plate armour
 72967 | Geh:2    | Identified a +3 long sword of draining
 72967 | Geh:2    | Identified a cursed +0 plate armour
 72967 | Geh:2    | Identified a +0 dagger
 72967 | Geh:2    | Identified a +0 robe
 72968 | Geh:2    | Identified a +4 long sword of holy wrath
 72968 | Geh:2    | Identified a +2 large shield
 72968 | Geh:2    | Identified a +5 glaive
 72968 | Geh:2    | Identified a +0 plate armour
 72969 | Geh:2    | Identified a +0 dagger
 72969 | Geh:2    | Identified a +0 robe
 72989 | Geh:2    | Reached skill level 14 in Stealth
 72991 | Geh:2    | Identified a +3 whip of holy wrath
 72991 | Geh:2    | Identified a +0 robe
 73001 | Geh:2    | Identified a +1 demon trident of electrocution
 73002 | Geh:2    | Identified a +1 scythe of freezing
 73022 | Geh:2    | Identified a +0 broad axe of flaming
 73022 | Geh:2    | Identified a +2 plate armour of positive energy
 73028 | Geh:2    | Identified a +1 great sword
 73028 | Geh:2    | Identified a +0 plate armour
 73028 | Geh:2    | Identified a +3 long sword of draining
 73028 | Geh:2    | Identified a +0 plate armour
 73029 | Geh:2    | Identified a +0 dagger
 73029 | Geh:2    | Identified a +0 robe
 73030 | Geh:2    | Identified a +0 dagger
 73030 | Geh:2    | Identified a +0 robe
 73030 | Geh:2    | Identified a +4 halberd
 73030 | Geh:2    | Identified a +0 chain mail
 73031 | Geh:2    | Identified a +2 dagger of speed
 73031 | Geh:2    | Identified a +0 robe
 73037 | Geh:2    | Identified a +0 trident
 73053 | Geh:2    | Identified a +2 scimitar of flaming
 73060 | Geh:2    | Identified a +4 scythe of venom
 73090 | Geh:3    | Noticed a Brimstone Fiend
 73090 | Geh:3    | Identified a +4 halberd
 73090 | Geh:3    | Identified a +0 chain mail
 73090 | Geh:3    | Identified a +5 long sword of flaming
 73090 | Geh:3    | Identified a +0 chain mail
 73091 | Geh:3    | Identified a +2 whip of holy wrath
 73091 | Geh:3    | Identified a +0 robe
 73103 | Geh:3    | Killed a Brimstone Fiend
 73133 | Geh:3    | Identified a cursed +4 halberd
 73133 | Geh:3    | Identified a +0 robe
 73133 | Geh:3    | Identified a +5 halberd of draining
 73133 | Geh:3    | Identified a +0 chain mail
 73133 | Geh:3    | Identified a +2 war axe
 73133 | Geh:3    | Identified a +0 chain mail
 73133 | Geh:3    | Identified a +0 dagger
 73133 | Geh:3    | Identified a +0 robe
 73144 | Geh:3    | Identified a +1 flail of protection
 73144 | Geh:3    | Identified a +0 robe
 73144 | Geh:3    | Identified a cursed +5 flail
 73144 | Geh:3    | Identified a +0 robe
 73144 | Geh:3    | Identified a cursed +2 scimitar
 73144 | Geh:3    | Identified a +0 robe
 73144 | Geh:3    | Identified a +4 battleaxe
 73144 | Geh:3    | Identified a +0 plate armour
 73144 | Geh:3    | Identified a +3 halberd
 73144 | Geh:3    | Identified a +0 plate armour
 73144 | Geh:3    | Identified a +4 dagger of draining
 73144 | Geh:3    | Identified a +2 robe of positive energy
 73161 | Geh:3    | Noticed a lich
 73165 | Geh:3    | Killed a lich
 73168 | Geh:3    | Identified a +0 hand axe
 73168 | Geh:3    | Identified a +0 robe
 73202 | Geh:3    | Identified a +1 great sword of flaming
 73202 | Geh:3    | Identified a +0 chain mail
 73204 | Geh:3    | Identified a +1 long sword
 73204 | Geh:3    | Identified a +0 plate armour
 73206 | Geh:3    | Identified a +3 dagger of draining
 73206 | Geh:3    | Identified a +0 robe
 73209 | Geh:3    | Identified a +5 demon blade of distortion
 73209 | Geh:3    | Identified a +0 chain mail
 73210 | Geh:3    | Identified a +1 dagger of venom
 73210 | Geh:3    | Identified a +0 robe
 73211 | Geh:3    | Identified a +4 long sword of flaming
 73211 | Geh:3    | Identified a +0 plate armour
 73213 | Geh:3    | Identified a +0 dagger
 73213 | Geh:3    | Identified a +0 robe
 73265 | Geh:3    | Identified a +5 scimitar of holy wrath
 73265 | Geh:3    | Identified a +0 large shield
 73285 | Geh:3    | Identified a cursed +0 war axe
 73285 | Geh:3    | Identified a +0 robe
 73287 | Geh:3    | Identified a cursed +0 battleaxe
 73287 | Geh:3    | Identified a +0 robe
 73288 | Geh:3    | Identified a cursed +0 dagger
 73288 | Geh:3    | Identified a +0 robe
 73355 | Geh:3    | Noticed a Brimstone Fiend
 73362 | Geh:3    | Killed a Brimstone Fiend
 73364 | Geh:3    | Reached skill level 15 in Stealth
 73389 | Geh:3    | Gained mutation: Your magical capacity is low. (-10% MP)
                  | [mutagenic glow]
 73402 | Geh:3    | Identified a +0 dagger
 73402 | Geh:3    | Identified a +0 robe
 73403 | Geh:3    | Identified a +4 demon blade of pain
 73403 | Geh:3    | Identified a +0 chain mail
 73403 | Geh:3    | Identified a +2 great sword
 73403 | Geh:3    | Identified a +0 plate armour
 73403 | Geh:3    | Identified a +0 dagger
 73403 | Geh:3    | Identified a +0 robe
 73403 | Geh:3    | Identified a +5 halberd
 73403 | Geh:3    | Identified a +0 chain mail
 73404 | Geh:3    | Identified a +3 war axe
 73404 | Geh:3    | Identified a +0 chain mail
 73405 | Geh:3    | Identified a +0 dagger
 73405 | Geh:3    | Identified a +0 robe
 73405 | Geh:3    | Identified a +2 great sword of flaming
 73405 | Geh:3    | Identified a +0 plate armour
 73405 | Geh:3    | Identified a +4 scythe of venom
 73406 | Geh:3    | Identified a +5 eudemon blade of holy wrath
 73406 | Geh:3    | Identified a +0 large shield
 73437 | Geh:3    | Identified a +2 scimitar of flaming
 73447 | Geh:3    | HP: 57/265 [??? (26)]
 73457 | Geh:3    | Identified a +0 trident of freezing
 73461 | Geh:3    | Noticed a Brimstone Fiend
 73464 | Geh:3    | Killed a Brimstone Fiend
 73538 | Geh:4    | Identified a +3 whip of holy wrath
 73538 | Geh:4    | Identified a +0 robe
 73545 | Geh:4    | Identified a +0 dire flail
 73545 | Geh:4    | Identified a +0 robe
 73546 | Geh:4    | Identified a +5 falchion
 73546 | Geh:4    | Identified a cursed +0 robe
 73547 | Geh:4    | Identified a +2 battleaxe of freezing
 73547 | Geh:4    | Identified a +0 robe
 73549 | Geh:4    | Identified a +0 morningstar
 73549 | Geh:4    | Identified a +0 robe
 73550 | Geh:4    | HP: 38/265 [hellion/damnation (33)]
 73551 | Geh:4    | Identified a cursed +0 battleaxe
 73551 | Geh:4    | Identified a +0 robe
 73568 | Geh:5    | Identified a +5 demon whip of flaming
 73568 | Geh:5    | Identified a +0 plate armour
 73568 | Geh:5    | Identified a +5 war axe
 73568 | Geh:5    | Identified a +0 plate armour
 73568 | Geh:5    | Identified a +2 demon whip
 73568 | Geh:5    | Identified a +0 chain mail
 73568 | Geh:5    | Identified a +0 dagger
 73568 | Geh:5    | Identified a +0 robe
 73568 | Geh:5    | Identified a cursed +0 dagger
 73568 | Geh:5    | Identified a +0 robe
 73568 | Geh:5    | Identified a +1 war axe of flaming
 73568 | Geh:5    | Identified a +3 chain mail
 73568 | Geh:5    | Identified a +0 dagger
 73568 | Geh:5    | Identified a +0 robe
 73569 | Geh:5    | Identified a +5 demon blade of slicing
 73569 | Geh:5    | Identified a +0 plate armour
 73569 | Geh:5    | Identified a +4 scythe of venom
 73571 | Geh:5    | Identified a +1 whip of holy wrath
 73571 | Geh:5    | Identified a +0 robe
 73571 | Geh:5    | Identified a +1 dagger of pain
 73571 | Geh:5    | Identified a +0 robe
 73575 | Geh:5    | Identified a +1 great mace of crushing
 73575 | Geh:5    | Identified a +0 chain mail
 73631 | Geh:5    | Noticed a Brimstone Fiend
 73632 | Geh:5    | HP: 66/265 [??? (29)]
 73634 | Geh:5    | Killed a Brimstone Fiend
 73638 | Geh:5    | HP: 53/265 [flayed ghost/flay_damage (25)]
 73675 | Geh:5    | Identified a +3 glaive of flaming
 73675 | Geh:5    | Identified a +0 chain mail
 73676 | Geh:5    | Identified a +1 demon blade
 73676 | Geh:5    | Identified a +0 plate armour
 73679 | Geh:5    | Identified a +1 halberd
 73679 | Geh:5    | Identified a +0 chain mail
 73679 | Geh:5    | Identified a +3 scimitar of flaming
 73702 | Geh:5    | Noticed a Brimstone Fiend
 73704 | Geh:5    | Killed a Brimstone Fiend
 73734 | Geh:6    | HP: 51/265 [hellion/damnation (22)]
 73737 | Geh:6    | Identified a +2 scythe of flaming
 73740 | Geh:6    | HP: 44/265 [flayed ghost/flay_damage (25)]
 73750 | Geh:6    | Identified a +3 scythe of slicing
 73757 | Geh:6    | Identified a +1 trident of piercing
 73762 | Geh:6    | Identified a +0 demon trident
 73780 | Geh:6    | Reached skill level 16 in Stealth
 73804 | Geh:6    | Noticed a Brimstone Fiend
 73809 | Geh:6    | Killed a Brimstone Fiend
 73853 | Geh:7    | Entered Level 7 of Gehenna
 73853 | Geh:7    | Identified a +0 flail
 73853 | Geh:7    | Identified a +0 mace of protection
 73853 | Geh:7    | Identified a +4 scimitar of flaming
 73853 | Geh:7    | Identified a +0 mace
 73854 | Geh:7    | Identified a +1 whip of holy wrath
 73854 | Geh:7    | Identified a +0 robe
 73854 | Geh:7    | Identified a +0 great sword of flaming
 73855 | Geh:7    | Identified a +5 scimitar of holy wrath
 73855 | Geh:7    | Identified a +0 large shield
 73857 | Geh:7    | Identified a +2 great sword of flaming
 73857 | Geh:7    | Identified a +2 great sword of flaming
 73858 | Geh:7    | Identified a +1 great sword of flaming
 73866 | Geh:7    | Reached skill level 20 in Fighting
 73891 | Geh:7    | Identified a +3 scimitar of flaming
 73898 | Geh:7    | Identified a +2 great sword of flaming
 73899 | Geh:7    | Identified a +1 great sword of flaming
 73903 | Geh:7    | Identified a +0 demon whip
 73910 | Geh:7    | Identified a +0 trident
 73912 | Geh:7    | Identified a +0 demon whip
 73915 | Geh:7    | Identified a +1 demon whip of electrocution
 73916 | Geh:7    | Identified a +0 demon whip of venom
 73917 | Geh:7    | HP: 66/265 [smoke demon/divine providence (7)]
 73917 | Geh:7    | Identified a +2 demon whip of electrocution
 73919 | Geh:7    | Identified a +0 scimitar of flaming
 73926 | Geh:7    | HP: 63/268 [smoke demon/divine providence (7)]
 73931 | Geh:7    | Noticed a Brimstone Fiend
 73931 | Geh:7    | Identified a +3 scythe of venom
 73931 | Geh:7    | Identified a +4 scimitar of holy wrath
 73931 | Geh:7    | Identified a +0 large shield
 73935 | Geh:7    | HP: 53/268 [Brimstone Fiend/damnation[the effects of Hell]
                  | (15)]
 73940 | Geh:7    | Killed a Brimstone Fiend
 73940 | Geh:7    | Reached skill level 23 in Armour
 73978 | Geh:7    | Identified a +2 great sword of flaming
 73980 | Geh:7    | Identified a +0 vampiric demon whip
 73982 | Geh:7    | Identified a +0 great sword
 73989 | Geh:7    | Identified a +1 demon whip of venom
 74001 | Geh:7    | Identified a +0 trident
 74008 | Geh:7    | Identified a +0 demon whip
 74014 | Geh:7    | Identified a +3 scimitar of flaming
 74020 | Geh:7    | Identified a +0 scimitar of flaming
 74020 | Geh:7    | Identified a +2 scimitar of flaming
 74033 | Geh:7    | Identified a +2 demon whip of freezing
 74037 | Geh:7    | Noticed a Brimstone Fiend
 74040 | Geh:7    | HP: 65/268 [hellion/damnation (22)]
 74049 | Geh:7    | Killed a Brimstone Fiend
 74087 | Geh:7    | Noticed a Brimstone Fiend
 74087 | Geh:7    | Identified the +7 sceptre of Asmodeus
 74087 | Geh:7    | Noticed Asmodeus
 74106 | Geh:7    | Killed a Brimstone Fiend
 74110 | Geh:7    | HP: 45/268 [Asmodeus/damnation (29)]
 74115 | Geh:7    | HP: 29/268 [Asmodeus/the +7 sceptre of Asmodeus (20)]
 74118 | Geh:7    | Identified a +4 eudemon blade of holy wrath
 74118 | Geh:7    | Identified a +2 large shield of protection
 74119 | Geh:7    | Killed Asmodeus
 74119 | Geh:7    | Reached skill level 17 in Stealth
 74134 | Geh:7    | Noticed a Brimstone Fiend
 74135 | Geh:7    | Killed a Brimstone Fiend
 74192 | Geh:7    | Got an obsidian rune of Zot
 74265 | Geh:7    | Noticed a Brimstone Fiend
 74269 | Geh:7    | Killed a Brimstone Fiend
 74310 | Geh:7    | Was forgiven by Makhleb
 74342 | Geh:7    | Identified a +4 great sword of flaming
 74392 | Dis:1    | Entered Level 1 of the Iron City of Dis
 74393 | Dis:1    | Identified a +3 sacred scourge of holy wrath
 74393 | Dis:1    | Identified a +0 robe
 74446 | Dis:1    | Noticed a Tzitzimitl
 74450 | Dis:1    | Killed a Tzitzimitl
 74545 | Dis:1    | Identified a +2 long sword
 74545 | Dis:1    | Identified a +0 robe
 74550 | Dis:1    | Identified a cursed +0 flail
 74550 | Dis:1    | Identified a +0 robe
 74550 | Dis:1    | Identified a +0 war axe
 74551 | Dis:1    | Identified a +0 morningstar
 74551 | Dis:1    | Identified a cursed -1 robe
 74560 | Dis:1    | Identified a +3 spear of freezing
 74560 | Dis:1    | Identified a +0 robe
 74560 | Dis:1    | Identified a +0 flail
 74560 | Dis:1    | Identified a +0 robe
 74561 | Dis:1    | Identified a +0 battleaxe
 74563 | Dis:1    | Identified a +2 dire flail of protection
 74683 | Dis:1    | Identified a +2 scythe of flaming
 74705 | Dis:1    | Identified a +0 trident
 74716 | Dis:1    | Identified a cursed +0 morningstar
 74716 | Dis:1    | Identified a +0 robe
 74717 | Dis:1    | Identified a cursed +3 great sword of freezing
 74717 | Dis:1    | Identified a +0 robe
 74717 | Dis:1    | Identified a +0 short sword
 74717 | Dis:1    | Identified a +0 robe
 74718 | Dis:1    | Identified a +1 great sword of freezing
 74718 | Dis:1    | Identified a +0 robe
 74719 | Dis:1    | Identified a +5 scimitar of freezing
 74719 | Dis:1    | Identified a +0 robe
 74799 | Dis:1    | Identified a +5 scythe of slicing
 74799 | Dis:1    | Identified a +1 scythe
 74844 | Dis:2    | Identified a +1 scythe of freezing
 74862 | Dis:2    | Identified a +3 scythe of flaming
 74906 | Dis:4    | Identified a +1 scythe of freezing
 74935 | Dis:4    | Upgraded the game from 0.24.1-8-ga250c9d538 to
                  | 0.24.1-11-gbbbb2193e6
 74936 | Dis:4    | Identified a +0 giant club
 74936 | Dis:4    | Identified a +0 great sword
 74936 | Dis:4    | Identified a +0 plate armour
 74937 | Dis:4    | Identified a +3 great mace of draining
 74937 | Dis:4    | Identified a +0 chain mail
 74983 | Dis:4    | Identified a +3 scimitar of flaming
 74998 | Dis:4    | Identified a +0 trident
 75028 | Dis:4    | Identified a +4 long sword of holy wrath
 75028 | Dis:4    | Identified the +7 large shield of Fyzus {Str+7}
 75052 | Dis:4    | Identified a +5 scimitar of holy wrath
 75052 | Dis:4    | Identified a cursed +0 large shield
 75069 | Dis:4    | Identified a +0 hand axe
 75069 | Dis:4    | Identified a +0 trident
 75069 | Dis:4    | Identified a +0 battleaxe
 75069 | Dis:4    | Identified a cursed -2 hand axe
 75069 | Dis:4    | Identified a +0 trident
 75136 | Dis:4    | Identified a +0 halberd
 75136 | Dis:4    | Identified a +0 robe
 75136 | Dis:4    | Identified a +5 long sword
 75136 | Dis:4    | Identified a +0 robe
 75136 | Dis:4    | Identified a cursed +4 mace
 75136 | Dis:4    | Identified a +0 robe
 75136 | Dis:4    | Identified a +3 spear
 75136 | Dis:4    | Identified a +0 robe
 75139 | Dis:4    | Identified a cursed +3 mace of freezing
 75139 | Dis:4    | Identified a +0 robe
 75155 | Dis:4    | Identified a +5 scythe of protection
 75156 | Dis:4    | Identified a +1 scythe of protection
 75296 | Dis:4    | Identified a +0 long sword
 75297 | Dis:4    | Identified a +0 scimitar
 75298 | Dis:4    | Identified a +0 trident
 75299 | Dis:4    | Identified a +1 mace of protection
 75302 | Dis:4    | Identified a +0 trident
 75307 | Dis:4    | Reached skill level 18 in Stealth
 75415 | Dis:5    | Identified a +3 scimitar of holy wrath
 75415 | Dis:5    | Identified a +0 large shield
 75416 | Dis:5    | Identified a +3 eudemon blade of holy wrath
 75416 | Dis:5    | Identified the +3 large shield "Catoecw" {rElec}
 75426 | Dis:5    | Identified a +0 scythe of protection
 75493 | Dis:5    | Identified a +3 scythe of protection
 75545 | Dis:5    | Identified a +4 short sword of speed
 75545 | Dis:5    | Identified a +0 mace
 75547 | Dis:5    | Identified a +3 dagger
 75547 | Dis:5    | Identified a +0 robe
 75548 | Dis:5    | Identified a +0 short sword
 75552 | Dis:5    | Identified a +4 war axe of pain
 75552 | Dis:5    | Identified a +0 chain mail
 75554 | Dis:5    | Identified a +0 hand axe
 75554 | Dis:5    | Identified a +5 great sword of slicing
 75554 | Dis:5    | Identified a +2 chain mail of magic resistance
 75555 | Dis:5    | Identified a +0 dagger
 75555 | Dis:5    | Identified a +0 robe
 75557 | Dis:5    | Identified a +4 scimitar of distortion
 75557 | Dis:5    | Identified a +0 chain mail
 75570 | Dis:5    | Identified a +0 scythe of venom
 75578 | Dis:5    | Reached skill level 27 in Invocations
 75664 | Dis:5    | Identified a +0 short sword
 75664 | Dis:5    | Identified a +0 trident
 75664 | Dis:5    | Identified a +0 war axe
 75690 | Dis:5    | Identified a +0 trident
 75762 | Dis:6    | Identified a +3 whip of holy wrath
 75762 | Dis:6    | Identified a +0 robe
 75763 | Dis:6    | Identified a +2 whip of holy wrath
 75763 | Dis:6    | Identified a +0 robe
 75765 | Dis:6    | Identified a +1 scythe of flaming
 75794 | Dis:6    | Identified a +1 scythe of protection
 75794 | Dis:6    | Identified a +0 halberd
 75794 | Dis:6    | Identified a +0 battleaxe
 75794 | Dis:6    | Identified a cursed -2 war axe
 75794 | Dis:6    | Identified a +0 hand axe
 75796 | Dis:6    | Identified a +0 battleaxe
 75803 | Dis:6    | Identified a +3 scythe of slicing
 75818 | Dis:7    | Entered Level 7 of the Iron City of Dis
 75824 | Dis:7    | Identified a +3 scimitar of holy wrath
 75824 | Dis:7    | Identified a +0 large shield
 75825 | Dis:7    | Identified a +2 whip of holy wrath
 75825 | Dis:7    | Identified a +0 robe
 75826 | Dis:7    | Identified a +4 morningstar of draining
 75857 | Dis:7    | Identified a +0 great mace of crushing
 75858 | Dis:7    | Identified a +0 flail
 75859 | Dis:7    | Identified a +3 great mace of flaming
 75859 | Dis:7    | Identified a +0 chain mail
 75860 | Dis:7    | Identified a +0 great mace
 75860 | Dis:7    | Identified a +2 morningstar of crushing
 75860 | Dis:7    | Identified a +1 battleaxe
 75860 | Dis:7    | Identified a +0 plate armour
 75886 | Dis:7    | Identified a +3 flail of holy wrath
 75916 | Dis:7    | Identified a +3 scythe of flaming
 75917 | Dis:7    | Reached skill level 23 in Shields
 75923 | Dis:7    | Identified a +1 scythe of freezing
 75940 | Dis:7    | Identified a +4 scimitar of flaming
 75953 | Dis:7    | Identified a +2 scythe of protection
 75960 | Dis:7    | Identified a +1 scythe
 75981 | Dis:7    | Identified a +0 giant club
 75981 | Dis:7    | Identified a +3 battleaxe of flaming
 75981 | Dis:7    | Identified a +0 chain mail
 75981 | Dis:7    | Identified a +3 great mace of draining
 75981 | Dis:7    | Identified a +0 chain mail
 75982 | Dis:7    | Identified a +5 battleaxe
 75984 | Dis:7    | Identified a +0 scythe of protection
 76016 | Dis:7    | Noticed an Ice Fiend
 76016 | Dis:7    | Noticed a Brimstone Fiend
 76016 | Dis:7    | Identified a +1 battleaxe of chopping
 76016 | Dis:7    | Identified a +0 chain mail
 76025 | Dis:7    | Killed an Ice Fiend
 76031 | Dis:7    | Killed a Brimstone Fiend
 76031 | Dis:7    | Reached skill level 19 in Stealth
 76052 | Dis:7    | Identified a scarf of spirit shield (You found it on level
                  | 7 of the Iron City of Dis)
 76097 | Dis:7    | Identified the Incunabulum of Glacial Conjuration
 76146 | Dis:7    | Identified a +0 scimitar
 76146 | Dis:7    | Identified a +2 short sword of distortion
 76146 | Dis:7    | Identified a +0 short sword
 76146 | Dis:7    | Identified a +0 trident
 76146 | Dis:7    | Identified a +2 broad axe of distortion
 76160 | Dis:7    | Identified a +6 scythe of slicing
 76170 | Dis:7    | Identified a +9 glaive
 76183 | Dis:7    | Identified a +0 long sword
 76196 | Dis:7    | Identified a +0 great mace
 76196 | Dis:7    | Identified a +0 chain mail
 76196 | Dis:7    | Identified a +0 great mace
 76198 | Dis:7    | Identified a +0 demon blade
 76198 | Dis:7    | Identified a +0 plate armour
 76199 | Dis:7    | Identified a +5 battleaxe
 76200 | Dis:7    | Identified a +0 dagger
 76200 | Dis:7    | Identified a +0 robe
 76200 | Dis:7    | Identified a +0 morningstar
 76206 | Dis:7    | Identified a +7 flail of holy wrath
 76206 | Dis:7    | Identified a +0 dagger
 76206 | Dis:7    | Identified a +0 robe
 76209 | Dis:7    | Identified a +5 demon trident
 76209 | Dis:7    | Identified a +0 chain mail
 76210 | Dis:7    | Identified a +0 demon whip of draining
 76210 | Dis:7    | Identified a +0 plate armour
 76212 | Dis:7    | Identified a +4 demon blade
 76212 | Dis:7    | Identified a +0 chain mail
 76214 | Dis:7    | Identified a +2 demon trident of distortion
 76214 | Dis:7    | Identified a +0 plate armour
 76214 | Dis:7    | Identified a +0 dagger
 76214 | Dis:7    | Identified a +0 robe
 76226 | Dis:7    | Identified a +0 dire flail
 76226 | Dis:7    | Identified a +0 chain mail
 76232 | Dis:7    | Identified a +3 great sword of draining
 76232 | Dis:7    | Identified a +0 chain mail
 76259 | Dis:7    | Identified a +0 hand axe
 76259 | Dis:7    | Identified a +1 war axe of chopping
 76259 | Dis:7    | Identified a +0 broad axe
 76278 | Dis:7    | Identified a +1 battleaxe
 76278 | Dis:7    | Identified a +0 plate armour
 76297 | Dis:7    | Identified a +4 scythe of protection
 76310 | Dis:7    | Identified a +1 scythe of venom
 76336 | Dis:7    | Identified a +0 short sword
 76351 | Dis:7    | Identified a +1 great mace
 76351 | Dis:7    | Identified a +0 chain mail
 76354 | Dis:7    | Identified a +0 dire flail
 76359 | Dis:7    | Identified a +0 flail
 76363 | Dis:7    | Identified a +0 morningstar
 76381 | Dis:7    | Identified a +5 battleaxe
 76415 | Dis:7    | Identified a +3 scythe of flaming
 76417 | Dis:7    | Identified a +0 battleaxe
 76417 | Dis:7    | Identified a +0 plate armour of cold resistance
 76421 | Dis:7    | Noticed an Ice Fiend
 76421 | Dis:7    | Noticed a Brimstone Fiend
 76429 | Dis:7    | Killed a Brimstone Fiend
 76433 | Dis:7    | Killed an Ice Fiend
 76452 | Dis:7    | Gained mutation: Your body often deteriorates upon taking
                  | damage. [mutagenic glow]
 76475 | Dis:7    | Identified Vaocuu's Guide on the Flamy Compass
 76756 | Dis:7    | Reached skill level 20 in Stealth
 76757 | Dis:7    | Identified a +3 scimitar of holy wrath
 76757 | Dis:7    | Identified the +2 large shield of Atuu {rPois rC+ Str+4
                  | Dex-5 SInv}
 76768 | Dis:7    | Identified a +2 demon whip of flaming
 76780 | Dis:7    | Identified a +7 battleaxe
 76782 | Dis:7    | Identified a +1 scythe of freezing
 76796 | Dis:7    | Identified a +1 whip of holy wrath
 76796 | Dis:7    | Identified a +0 robe
 76819 | Dis:7    | Identified a +1 battleaxe of flaming
 76819 | Dis:7    | Identified a +0 plate armour
 76821 | Dis:7    | Identified a +2 scythe of protection
 76838 | Dis:7    | Identified a +0 giant spiked club
 76838 | Dis:7    | Identified a +0 great mace
 76841 | Dis:7    | HP: 59/267 [iron giant/iron giant (21)]
 76851 | Dis:7    | HP: 59/272 [iron giant/+0 great mace (35)]
 76905 | Dis:7    | HP: 37/272 [Hell Sentinel/damnation (43)]
 76908 | Dis:7    | Killed from afar by a Hell Sentinel

Table legend:
 A = Turns spent in this place as a percentage of turns spent in the entire game.
 B = Non-inter-level travel turns spent in this place as a percentage of non-inter-level travel turns spent in the entire game.
 C = Inter-level travel turns spent in this place as a percentage of turns spent in this place.
 D = Turns resting spent in this place as a percentage of non-inter-level travel turns spent in this place.
 E = Turns spent auto-exploring this place as a percentage of non-inter-level travel turns spent in this place.
 F = Non-inter-level travel turns spent in this place divided by the number of levels of this place that you've seen.
                   A       B       C       D       E      F
               +-------+-------+-------+-------+-------+----------------------
         Total | 100.0 | 100.0 |  14.8 |   2.6 |  46.8 | 720.3
       Dungeon |  21.9 |  18.6 |  27.6 |   1.4 |  68.3 | 814.2
        Temple |   0.1 |   0.0 |  40.0 |   0.0 |  37.0 |  27.0
          Lair |   9.5 |   8.9 |  20.9 |   1.1 |  65.1 | 967.2
         Swamp |   4.4 |   4.6 |  10.5 |   2.3 |  54.8 | 762.0
     Snake Pit |   5.7 |   6.2 |   7.9 |   0.4 |  49.1 | 1017.2
    Slime Pits |   1.3 |   1.4 |   7.3 |   5.9 |  15.8 | 179.0
  Orcish Mines |   2.9 |   2.7 |  20.6 |   7.3 |  50.4 | 892.5
   Elven Halls |   6.2 |   6.4 |  11.2 |   0.0 |  45.4 | 1404.3
        Vaults |  12.6 |  12.8 |  13.2 |   5.2 |  47.9 | 1682.0
         Crypt |   4.4 |   4.9 |   6.8 |   0.3 |  62.3 | 1061.7
        Depths |  12.4 |  12.4 |  14.9 |   7.4 |  52.8 | 1621.4
          Hell |   1.5 |   1.7 |   4.6 |  10.1 |  32.8 | 1090.0
           Dis |   3.3 |   3.8 |   0.0 |   2.1 |  15.1 | 358.9
       Gehenna |   2.0 |   2.4 |   0.6 |   0.0 |   2.8 | 222.0
       Cocytus |   4.2 |   4.5 |   8.4 |   0.0 |  11.2 | 418.4
      Tartarus |   2.6 |   2.9 |   6.8 |   0.0 |   3.4 | 271.1
         Abyss |   2.4 |   2.9 |   0.0 |   0.0 |   0.0 | 313.3
       Ossuary |   0.5 |   0.6 |   0.0 |   0.0 |   0.0 | 413.0
        Bailey |   0.4 |   0.4 |   0.0 |   0.0 |   1.4 | 280.0
    Desolation |   1.6 |   1.9 |   0.0 |   0.0 |  38.7 | 1239.0
               +-------+-------+-------+-------+-------+----------------------

Table legend:
 A = Kills in this place as a percentage of kills in entire the game.
 B = Kills by you in this place as a percentage of kills by you in the entire game.
 C = Kills by friends in this place as a percentage of kills by friends in the entire game.
 D = Other kills in this place as a percentage of other kills in the entire game.
 E = Experience gained in this place as a percentage of experience gained in the entire game.
 F = Experience gained in this place divided by the number of levels of this place that you have seen.
                   A       B       C       D       E      F
               +-------+-------+-------+-------+-------+----------------------
         Total | 100.0 | 100.0 | 100.0 | 100.0 | 100.0 | 29920.3
       Dungeon |  10.3 |  11.2 |   0.9 |   0.0 |   2.1 | 3790.9
          Lair |   3.9 |   4.1 |   1.2 |   0.0 |   1.6 | 7361.8
         Swamp |   3.3 |   3.5 |   0.0 |   6.7 |   2.4 | 16003.0
     Snake Pit |   5.7 |   6.1 |   1.6 |   3.3 |   5.0 | 33931.2
    Slime Pits |   1.6 |   1.6 |   2.2 |   0.0 |   2.5 | 13829.0
  Orcish Mines |   3.7 |   4.0 |   0.0 |   0.0 |   0.7 | 9560.0
   Elven Halls |   4.2 |   4.4 |   0.9 |   6.7 |   5.4 | 48600.3
        Vaults |  13.0 |  13.9 |   2.5 |  10.0 |  17.0 | 92463.4
         Crypt |   3.5 |   3.4 |   5.3 |   0.0 |   4.9 | 44365.7
        Depths |   8.8 |   9.5 |   0.0 |   6.7 |  14.9 | 80970.2
          Hell |   1.9 |   2.0 |   0.3 |  10.0 |   1.5 | 41834.0
           Dis |   7.1 |   4.8 |  35.5 |   0.0 |   7.5 | 29016.1
       Gehenna |   8.0 |   6.7 |  23.1 |  16.7 |   7.1 | 27682.7
       Cocytus |   7.9 |   7.8 |   7.5 |  20.0 |   9.7 | 37827.0
      Tartarus |   8.2 |   7.3 |  19.0 |   3.3 |  11.6 | 44993.0
         Abyss |   5.3 |   5.7 |   0.0 |  13.3 |   4.4 | 20065.5
       Ossuary |   0.9 |   1.0 |   0.0 |   0.0 |   0.0 | 465.0
        Bailey |   0.7 |   0.8 |   0.0 |   0.0 |   0.1 | 1544.0
    Desolation |   2.0 |   2.2 |   0.0 |   3.3 |   1.7 | 46778.0
               +-------+-------+-------+-------+-------+----------------------

Skill      XL: |  1  2  3  4  5  6  7  8  9 10 11 12 13 14 15 16 17 18 19 20 21 22 23 24 25 26 27 |
---------------+----------------------------------------------------------------------------------+-----
Fighting       | 3 4 5 6 7 8 9 10 11 12 13 14 15 16 17 20 | 20.8
Axes           | 3 4 5 6 7 9 10 11 12 13 14 15 16 | 16.0
Shields        | 4 5 6 7 8 9 10 11 12 13 14 15 16 17 18 19 23 | 23.4
Armour         | 4 5 6 7 8 9 10 11 12 13 14 15 16 17 18 19 23 | 23.9
Crossbows      | 1 2 4 5 6 7 8 |  8.3
Evocations     | 1 4 5 7 8 9 10 11 13 14 15 17 18 19 20 21 24 | 24.1
Invocations    | 3 6 9 11 12 13 14 15 16 17 18 19 20 21 22 27 | 27.0
Dodging        | 5 8 10 12 14 15 17 18 19 20 21 22 23 27 | 27.0
Spellcasting   | 2 5 |  5.7
Translocations | 1 4 5 |  5.0
Stealth        | 20 | 20.3

Action                   |  1- 3 |  4- 6 |  7- 9 | 10-12 | 13-15 | 16-18 | 19-21 | 22-24 | 25-27 || total
-------------------------+-------+-------+-------+-------+-------+-------+-------+-------+-------++-------
Melee: War axe           |   128 |   194 |   431 |   647 |  1546 |  1901 |  2089 |  2122 |  1505 || 10563
       Morningstar       |       |       |       |    12 |    73 |    61 |       |       |       ||   146
       Hand crossbow     |       |       |       |       |       |     1 |       |       |       ||     1
       Broad axe         |       |       |       |       |       |       |       |       |  3201 ||  3201
 Fire: Hand crossbow     |       |    17 |    52 |   309 |   260 |   145 |   465 |   630 |   657 ||  2535
Throw: Boomerang         |    42 |    26 |       |    15 |   109 |    63 |    79 |    14 |    60 ||   408
       Dart              |       |    10 |     1 |       |     3 |       |       |       |       ||    14
       Javelin           |       |       |       |     4 |    23 |       |       |       |       ||    27
Invok: Lesser Servant of |       |       |       |     1 |     2 |       |     1 |       |     1 ||     5
       Greater Servant o |       |       |       |       |       |     1 |       |     1 |     4 ||     6
       Summon Divine War |       |       |       |       |       |       |       |       |    41 ||    41
       Cleansing Flame   |       |       |       |       |       |       |       |       |    14 ||    14
       Divine Shield     |       |       |       |       |       |       |       |       |     2 ||     2
       Brand Weapon With |       |       |       |       |       |       |       |       |     1 ||     1
 Abil: Heal Wounds       |     1 |     2 |     8 |     7 |     4 |     5 |     2 |     1 |    46 ||    76
       Evoke Berserk Rag |       |       |     2 |     3 |     3 |     2 |     1 |     5 |     8 ||    24
       Evoke Invisibilit |       |       |       |     2 |     3 |       |       |     1 |     1 ||     7
Evoke: Wand              |       |       |     6 |     2 |     9 |     9 |     5 |    29 |    11 ||    71
       Sack of spiders   |       |       |       |       |       |       |     1 |       |       ||     1
  Use: Scroll            |       |     2 |     5 |    19 |    16 |    14 |    14 |    17 |    25 ||   112
       Potion            |       |       |     4 |     5 |     6 |     4 |     1 |     3 |    14 ||    37
 Stab: Paralysed         |       |       |     5 |       |     7 |       |       |       |       ||    12
       Invisible         |       |       |       |     3 |    16 |       |       |       |    22 ||    41
       Distracted        |       |       |       |       |     1 |       |       |     4 |     5 ||    10
       Confused          |       |       |       |       |       |       |       |     3 |       ||     3
  Eat: Chunk             |     1 |     7 |     2 |    23 |    29 |    12 |    24 |    27 |     4 ||   129
       Ration            |       |       |     3 |     2 |     4 |     5 |     3 |     5 |    29 ||    51
Armor: Scale mail        |    40 |    84 |    16 |       |       |       |    82 |    48 |       ||   270
       Chain mail        |       |       |   171 |   267 |   118 |       |       |       |       ||   556
       Plate armour      |       |       |       |       |   400 |   232 |    26 |       |       ||   658
       Swamp dragon scal |       |       |       |       |       |   190 |       |       |       ||   190
       Ice dragon scales |       |       |       |       |       |       |   186 |       |       ||   186
       Skin              |       |       |       |       |       |       |     1 |       |       ||     1
       Crystal plate arm |       |       |       |       |       |       |       |   512 |     5 ||   517
       Gold dragon scale |       |       |       |       |       |       |       |       |  1381 ||  1381
Dodge: Dodged            |    25 |    45 |    78 |   152 |   582 |   866 |   835 |   738 |  1764 ||  5085
Block: Shield            |    55 |   106 |   215 |   519 |  1433 |  1807 |  1237 |       |       ||  5372
       Large shield      |       |       |       |       |       |       |   656 |  2421 |  6640 ||  9717

Vanquished Creatures
  Asmodeus (Geh:7)
  the Royal Jelly (Slime:5)
  Ereshkigal (Tar:7)
  Khufu (Crypt:1)
  4 ancient liches
  A juggernaut (Depths:3)
  A greater mummy (Crypt:1)
  Saint Roka (Vaults:1)
  Margery (Depths:4)
  Boris (Vaults:5)
  9 shard shrikes
  5 caustic shrikes
  2 curse toes (Crypt:3)
  Vashnia (Snake:4)
  Geryon (Hell)
  The ghost of Heg Cuhi the Slayer, an adept MiFi of Okawaru (Elf:2)
  10 golden dragons
  Nikola (Swamp:1)
  19 Tzitzimimeh
  11 liches
  18 bone dragons
  2 iron giants
  7 doom hounds
  11 Brimstone Fiends
  18 Ice Fiends
  The ghost of Qoavya the Fencer, a veteran VSAK of Lugonu (Elf:2)
  The ghost of agentgt the Covert, an adept HuVM of Kikubaaqudgha (Elf:2)
  The ghost of Bombadill the Warrior, an adept BaCj of Hepliaklqana (Elf:2)
  8 tentacled monstrosities
  3 Hell Sentinels
  4 titans
  A deep elf blademaster (Elf:3)
  20 acid blobs
  2 quicksilver dragons
  Murray (Depths:1)
  15 ancient champions
  The ghost of Vaze the Executioner, an adept MiBe of Trog (Elf:2)
  10 Executioners
  A deep elf master archer (Elf:3)
  An eldritch tentacle (Dis:5)
  2 thorn hunters
  8 tentacled starspawn
  10 sphinxes
  Kirke (Snake:4)
  6 tengu reavers
  A storm dragon (shapeshifter) (Depths:3)
  Donald (Swamp:1)
  4 storm dragons
  14 shadow dragons
  13 fire giants
  8 azure jellies
  7 nagarajas (Snake:4)
  9 balrugs
  13 frost giants
  2 revenants
  6 deep elf sorcerers
  An iron dragon (Depths:3)
  A draconian knight (Depths:5)
  2 imperial myrmidons (Desolation)
  22 vault wardens
  7 cacodemons
  A draconian scorcher (Depths:5)
  5 deep elf elementalists
  21 ironheart preservers
  An orc warlord (Orc:1)
  A draconian annihilator (Depths:5)
  4 spriggan defenders
  28 very ugly things
  7 ghouls
  54 reapers
  2 elemental wellsprings
  9 war gargoyles
  30 stone giants
  A caustic shrike skeleton (Crypt:2)
  3 entropy weavers
  11 vampire knights
  6 deep elf demonologists
  A red draconian (Depths:5)
  4 spark wasps
  2 white draconians (Depths:5)
  A dire elephant (Lair:6)
  4 lorocyprocas
  4 yellow draconians (Depths:5)
  2 black draconians (Depths:5)
  Azrael (D:13)
  6 green draconians (Depths:5)
  A halazid warlock (Desolation)
  7 eidola
  A purple draconian (Depths:5)
  15 deep elf annihilators
  10 ettins
  8 death oozes (Slime:5)
  5 quicksilver dragon zombies
  9 blizzard demons
  3 jiangshi (Crypt:1)
  5 crystal guardians
  11 deep elf death magi
  A minotaur (shapeshifter) (Vaults:5)
  4 fire dragons
  3 kraken zombies
  9 ragged hierophants
  10 great orbs of eyes
  5 green deaths
  A quicksilver dragon skeleton (Dis:7)
  14 yaktaur captains
  7 deep elf high priests
  Fannar (Lair:2)
  10 rakshasas
  3 great orbs of eyes (shapeshifter) (Abyss:5)
  2 hell beasts
  34 vault guards
  21 ice dragons
  Erolcha (D:12)
  17 hydras
  7 servants of whispers (Desolation)
  2 spriggan air magi
  18 naga warriors
  6 peacekeepers
  A ghost crab (Tar:7)
  Erica (D:10)
  40 two-headed ogres
  5 death knights
  17 anacondas
  13 centaur warriors
  14 alligators
  A shambling mangrove (Swamp:3)
  18 deep troll shamans
  11 ogre magi
  2 death yaks (Lair:6)
  7 thrashing horrors
  2 tengu warriors
  27 hell hogs
  14 deep troll earth magi
  5 orc high priests
  3 shock serpents (shapeshifter)
  31 dancing weapons
  6 titan zombies
  8 vampire magi
  51 hell knights
  3 spriggan berserkers
  5 shock serpents
  4 storm dragon zombies
  6 spriggans
  17 naga sharpshooters
  2 iron golems
  20 large abominations
  6 sun demons
  25 deep elf knights
  5 salamander mystics
  A sixfirhy (Abyss:4)
  2 titan skeletons
  11 soul eaters
  A sea snake (Snake:3)
  8 wretched stars
  4 iron trolls
  3 storm dragon skeletons
  15 flayed ghosts
  14 unseen horrors
  60 deep trolls
  5 glowing orange brains
  2 ghost moth zombies
  6 swamp dragons
  20 shadow demons
  An unseen horror (shapeshifter) (Abyss:5)
  3 shadow wraiths
  92 skeletal warriors
  3 spriggan druids
  11 anaconda zombies
  4 spatial maelstroms
  14 orc knights
  17 deep elf archers
  4 shadow dragon zombies
  9 naga ritualists
  A golden dragon zombie (Geh:6)
  3 harpies (Vaults:1)
  23 ironbrand convokers
  3 anaconda skeletons
  A kraken simulacrum (Coc:1)
  2 mana vipers (shapeshifter)
  19 phantasmal warriors
  2 oklob plants
  13 mana vipers
  5 wolf spider zombies
  7 iron dragon zombies
  5 orc sorcerers
  2 golden dragon skeletons
  54 ugly things
  8 wizards
  A tengu zombie (Vaults:5)
  8 stone giant zombies
  3 shining eyes
  33 necromancers
  8 fire giant zombies
  66 deep elf magi
  4 wolf spiders
  The ghost of yogakurto the Changer, a novice HuTm (D:5)
  5 frost giant zombies
  5 stone giant skeletons
  4 cyclopes
  3 shadow dragon skeletons
  2 salamanders (shapeshifter)
  12 salamanders
  2 worldbinders
  5 iron dragon skeletons
  6 fire giant skeletons
  6 frost giant skeletons
  A guardian serpent (shapeshifter) (Abyss:5)
  A titan simulacrum (Coc:7)
  24 rust devils
  A dire elephant zombie (Coc:5)
  2 ice statues (Hell)
  10 guardian serpents
  17 vault sentinels
  An eye of devastation (Slime:5)
  19 naga magi
  17 smoke demons
  40 black mambas
  8 molten gargoyles
  2 gargoyles (D:14)
  An eye of devastation (shapeshifter) (Vaults:5)
  A grey draconian zombie (Crypt:3)
  3 shock serpent skeletons
  An apocalypse crab (Abyss:4)
  A centaur skeleton (D:15)
  An alligator snapping turtle zombie (Crypt:2)
  A kobold demonologist (D:6)
  2 spiny frogs (shapeshifter)
  17 spiny frogs
  4 storm dragon simulacra
  10 spectral swamp worms
  4 dire elephant skeletons
  A minotaur zombie (Tar:5)
  Psyche (D:10)
  A purple draconian zombie (Crypt:1)
  8 efreet
  7 orange demons
  3 yaktaur zombies
  3 komodo dragons (shapeshifter)
  4 rime drakes
  53 yaktaurs
  23 hellions
  30 tormentors
  4 guardian mummies (Crypt:3)
  37 ice devils
  A demonic crawler (Abyss:1)
  9 hydra zombies
  34 freezing wraiths
  2 yaktaurs (shapeshifter)
  13 red devils
  7 ancient zymes
  6 komodo dragons
  2 red draconian skeletons
  A queen bee (shapeshifter) (Vaults:1)
  4 anaconda simulacra
  2 hellwings
  2 silent spectres
  9 trolls
  A tengu conjurer (Depths:1)
  A jumping spider (Abyss:1)
  A yellow draconian skeleton (Crypt:1)
  A polar bear (shapeshifter) (Vaults:2)
  10 tyrant leeches
  13 blink frogs
  Prince Ribbit (D:8)
  2 harpy skeletons
  4 fire dragon zombies
  8 hydra skeletons
  A raiju (shapeshifter) (Depths:4)
  10 ettin zombies
  10 hippogriffs
  12 raiju
  6 dream sheep (Lair:4)
  54 saltlings
  13 bog bodies
  A meliai zombie (D:14)
  A dream sheep (shapeshifter) (Vaults:5)
  82 slime creatures
  2 air elementals
  14 hornets
  2 hippogriffs (shapeshifter)
  A slime creature (shapeshifter) (Vaults:5)
  4 ice dragon zombies
  7 alligator zombies
  10 ettin skeletons
  6 ice dragon skeletons
  3 redbacks (Vaults:3)
  A fire giant simulacrum (Coc:5)
  3 ynoxinuls
  104 flying skulls
  29 shadows
  39 yaks
  4 fire dragon skeletons
  2 spriggans (shapeshifter)
  A dire elephant simulacrum (Coc:7)
  8 water elementals
  An alligator skeleton (Coc:5)
  2 black mamba zombies
  A tarantella (Vaults:3)
  2 vampires
  23 fire elementals
  2 tarantellas (shapeshifter)
  A tyrant leech zombie (Crypt:1)
  4 hogs (Snake:4)
  4 chaos spawn
  4 fire bats (Abyss:4)
  A yak (shapeshifter) (Vaults:1)
  32 wraiths
  A hog (shapeshifter) (Depths:3)
  A wyvern (D:12)
  5 basilisks
  A basilisk (shapeshifter) (Vaults:3)
  2 hungry ghosts
  10 vampire mosquitoes
  2 black mamba skeletons
  A steam dragon (D:13)
  A golden eye (Slime:2)
  A golden eye (shapeshifter) (Vaults:5)
  4 neqoxecs
  19 swamp worms
  13 wargs
  A harpy simulacrum (Hell)
  16 insubstantial wisps
  59 nagas
  5 spatial vortices
  3 acid dragons
  48 hell hounds
  3 hydra simulacra (Coc:7)
  20 water moccasins
  3 porcupines
  A floating eye (shapeshifter) (Vaults:2)
  A water nymph skeleton (Crypt:1)
  A porcupine (shapeshifter) (Vaults:5)
  9 spiny frog zombies
  2 swamp dragon zombies
  An eye of draining (shapeshifter) (D:15)
  A black bear (D:10)
  7 swamp drakes
  A torturous demonspawn skeleton (Crypt:2)
  8 ice beasts
  6 spiny frog skeletons
  6 snapping turtle zombies
  61 orc warriors
  2 hornet zombies (Swamp:2)
  6 sky beasts
  An ettin simulacrum (Tar:5)
  6 phantoms
  21 necrophages
  A fire dragon simulacrum (Abyss:1)
  A manticore zombie (Coc:7)
  21 wolves
  30 centaurs
  5 eyes of draining
  3 swamp dragon skeletons
  24 ogres
  3 boggarts (Depths:3)
  3 snapping turtle skeletons
  A blink frog skeleton (Crypt:2)
  16 crocodiles
  10 elf zombies
  A crocodile (shapeshifter) (Depths:1)
  21 bullfrogs
  A cyclops zombie (Crypt:1)
  A glowing shapeshifter simulacrum (Vaults:5)
  4 earth elementals
  A wyvern skeleton (D:12)
  3 scorpions
  2 water moccasin zombies
  A water moccasin skeleton (D:4)
  A human simulacrum (Vaults:2)
  A swamp dragon simulacrum (Swamp:2)
  18 killer bees
  2 troll skeletons
  4 electric eels
  A spriggan skeleton (Coc:5)
  50 wights
  5 howler monkeys
  12 small abominations
  5 centaur zombies
  48 starcursed masses
  3 bullfrog zombies
  12 crimson imps
  2 quasits
  11 iron imps
  A demonspawn zombie (Crypt:2)
  5 hounds
  27 orc priests
  A gnoll shaman (D:9)
  3 jellies
  2 bullfrog skeletons
  40 orc wizards
  A basilisk skeleton (Crypt:2)
  6 hell rats (Hell)
  3 iguanas
  7 worker ants
  2 big kobold zombies (Ossuary)
  4 hound zombies
  3 ogre skeletons
  5 hound skeletons
  14 mummies
  Robin (D:2)
  A howler monkey zombie (D:10)
  2 worker ant zombies
  13 gnolls
  A swamp drake zombie (Crypt:1)
  13 adders
  10 shadow imps
  19 white imps
  2 ufetubi
  2 adder skeletons
  5 worms
  3 dart slugs
  2 leopard geckos
  115 orcs
  6 ball pythons
  6 giant cockroaches
  22 goblins
  11 hobgoblins
  8 jackals
  7 quokkas
  A ball python skeleton (Crypt:1)
  A ball python zombie (Crypt:3)
  4 bats
  4 frilled lizards
  3 goblin zombies (Ossuary)
  5 hobgoblin zombies (Ossuary)
  A jackal zombie (Ossuary)
  25 kobolds
  11 kobold zombies (Ossuary)
  2 leopard gecko skeletons
  9 orc zombies (Ossuary)
  2 quokka skeletons
  2 quokka zombies (D:5)
  29 rats
  A rat zombie (Ossuary)
  A crawling corpse (Vaults:5)
  2 fire vortices
  2 fungi (Lair:6)
  A lurking horror (Abyss:5)
  2 plants
  10 starspawn tentacles
  6 tentacles
3989 creatures vanquished.

Vanquished Creatures (collateral kills)
  Antaeus (Coc:7)
  Mennas (Crypt:3)
  2 shard shrikes (Coc:7)
  4 bone dragons
  2 doom hounds
  2 iron giants (Dis:7)
  A Hell Sentinel (Dis:7)
  2 Brimstone Fiends
  5 Tzitzimimeh
  2 liches
  An Ice Fiend (Coc:7)
  2 acid blobs
  2 quicksilver dragons (Dis:7)
  3 Executioners
  4 ancient champions
  An eldritch tentacle (Dis:1)
  A shadow dragon (Tar:3)
  2 revenants (Crypt:3)
  5 balrugs
  An iron dragon (Dis:7)
  3 fire giants (Geh:7)
  A curse skull (Crypt:3)
  A vault warden (Vaults:5)
  2 cacodemons (Crypt:3)
  21 reapers
  7 war gargoyles (Dis:7)
  An entropy weaver (Vaults:5)
  2 deep elf annihilators
  2 blizzard demons
  A quicksilver dragon zombie (Tar:2)
  2 eidola (Crypt:3)
  A death ooze (Slime:5)
  2 deep elf high priests
  A hell beast (Dis:5)
  A quicksilver dragon skeleton (Geh:7)
  3 dancing weapons
  4 hell hogs
  A storm dragon zombie (Geh:1)
  4 naga sharpshooters (Snake:4)
  7 soul eaters (Tar:7)
  A vampire mage (Tar:7)
  An iron golem (Dis:7)
  23 skeletal warriors
  2 titan skeletons
  A small abomination (Vaults:5)
  A shadow wraith (Crypt:3)
  2 anaconda zombies
  9 hell knights
  A ghost moth zombie (Geh:5)
  4 shadow demons
  An ironbrand convoker (Vaults:5)
  2 phantasmal warriors
  A shadow dragon zombie (Tar:4)
  A golden dragon skeleton (Dis:5)
  An iron dragon zombie (Dis:5)
  2 necromancers
  4 stone giant zombies
  A deep elf mage (D:13)
  A wolf spider zombie (Tar:7)
  2 frost giant zombies (Dis:7)
  A shining eye (Slime:5)
  2 iron dragon skeletons
  A fire giant skeleton (Geh:3)
  3 molten gargoyles
  A dire elephant zombie (Geh:2)
  13 rust devils
  5 hellions
  2 spectral swamp worms (Tar:7)
  4 efreet
  2 ice devils
  3 freezing wraiths
  8 tormentors
  4 hydra zombies
  3 red devils
  A yellow draconian skeleton (Crypt:3)
  A guardian mummy (Crypt:3)
  3 blink frogs (Lair:2)
  A hydra skeleton (Geh:1)
  An alligator zombie (Tar:6)
  A harpy skeleton (Tar:4)
  4 ice dragon zombies
  2 slime creatures (Slime:2)
  A fire dragon skeleton (Geh:1)
  A redback (Vaults:5)
  22 flying skulls
  A black mamba zombie (Dis:4)
  5 shadows
  8 fire elementals
  4 wraiths
  2 golden eyes (Slime:2)
  A spiny frog zombie (Coc:7)
  6 hell hounds
  A naga (Snake:4)
  A porcupine (Lair:2)
  A phantom (Geh:3)
  2 snapping turtle zombies (Dis:1)
  A swamp dragon skeleton (Geh:3)
  2 necrophages
  A swamp dragon zombie (Coc:7)
  A snapping turtle skeleton (Crypt:3)
  A torpor snail zombie (Crypt:3)
  11 wights
  A troll skeleton (Tar:7)
  A crimson imp (Hell)
  An orc priest (D:13)
  8 iron imps
  A naga zombie (Dis:1)
  An ogre zombie (Dis:5)
  2 shadow imps
  A white imp (Coc:7)
  An orc (D:13)
  A kobold skeleton (Tar:4)
  A fire vortex (Geh:7)
330 creatures vanquished.

Vanquished Creatures (others)
  2 eldritch tentacles
  A fire giant (Depths:3)
  4 elemental wellsprings
  A very ugly thing (Vaults:4)
  A vampire knight (Depths:3)
  A blizzard demon (Coc:7)
  A green death (Abyss:1)
  A ragged hierophant (Desolation)
  A deep elf death mage (Abyss:1)
  A naga warrior (Snake:4)
  A dancing weapon (Elf:1)
  2 hell hogs
  A deep elf knight (Elf:2)
  A skeletal warrior (Tar:6)
  2 deep trolls
  A catoblepas zombie (Geh:7)
  A smoke demon (Hell)
  3 ice devils
  A slime creature (Swamp:1)
  3 flying skulls
  A small abomination (Abyss:2)
  A water elemental (Coc:7)
  A human (Snake:4)
  2 wraiths (Geh:6)
  A fire elemental (Geh:5)
  A hungry ghost (Tar:7)
  An insubstantial wisp (Swamp:1)
  A naga (Snake:3)
  A hell hound (Hell)
  A swamp worm (Swamp:1)
  A hydra simulacrum (Coc:7)
  A necrophage (Geh:5)
  A wight (Tar:7)
  An iron imp (Dis:7)
  A hell rat (Hell)
  3 fungi
  2 lurking horrors (Abyss:5)
  11 plants
  26 starspawn tentacles
  25 tentacles
113 creatures vanquished.

Grand Total: 4432 creatures vanquished
